Workbook

Sheet Mapa
F3: Matriz de Riesgos | AO3: Fecha Vigencia | AP3: 45502
AO4: Versión | AP4: 2
AO5: Clasificación de la información | AP5: Publica
C7: Fecha de la ultima actualización de la Matriz de Riesgos | L7: 45789 | AO7: Vigencia | AP7: 2025
D9: Riesgo Inherente | O9: Determinar Controles | P9: Riesgo Residual | AD9: Plan de Acción | AN9: Materialización del riesgo
C10: ID | D10: Proceso/ Subproceso | E10: Riesgo | F10: Tipo de Riesgo | G10: Clasificación del Riesgo | H10: Activo de Información (seguridad de la Información) | I10: Amenaza (seguridad de la Información) | J10: Causas - Vulnerabilidades(seguridad Información) | K10: Consecuencias | L10: Probabilidad | M10: Impacto | N10: Nivel | O10: Control Existente | P10: Evaluación del Control | Q10: Solidez Individual del Control | R10: Calificación Individual de controles | S10: Calificación Solidez Conjunto de Controles | T10: Solidez Conjunto de Controles | U10: Controles disminuyen Probabilidad? | V10: Controles disminuyen Impacto? | W10: Disminución Probabilidad | X10: Disminución Probabilidad | Y10: Probabilidad Aprox | Z10: Impacto Aprox | AA10: Probabilidad | AB10: Impacto | AC10: Nivel | AD10: Opción de manejo | AE10: Estrategia Utilizada para manejo | AF10: Acciones Preventivas o de Tratamiento | AG10: Responsable de la acción | AH10: Fecha de Inicio | AI10: Fecha de terminación | AJ10: Periodo Seguimiento | AK10: Indicador o registro de control | AL10: Ubicación Indicador/Registro | AM10: Acción de contingencia ante posible materialización | AN10: Materialización del Riesgo? | AO10: Descripción? | AP10: No Acción Correctiva
C11: 1 | D11: Direccionamiento Estratégico | E11: Incumplimiento de los objetivos de la Planeación estratégica y las metas establecidas | F11: Gestión | G11: Estratégico | H11: No aplica | I11: No aplica | J11: No existe un diagnostico actualizado o asertivo de la situación de la empresa | K11: Reproceso en la formulación de planes, políticas y proyectos, incumplimiento de los objetivos estratégicos. Omisión de necesidades y problemáticas de algunas dependencias. Sanciones por incumplimiento legal. Demoras en la formulación de los lineamientos, políticas y/o estrategias Deterioro de la imagen institucional | L11: 1 | M11: 4 | N11: =INDEX(DATOS!$J$4:$N$8,Mapa!L11:L13,Mapa!M11:M13) -> Alta | O11: Se realiza el Análisis del contexto a través del DOFA, se tiene implementado el Cuadro de Mando integral a nivel corporativo, por cada proceso y cargo. | P11: Son efectivos y están documentados | Q11: =_xlfn.IFS(P11=DATOS!$R$2,DATOS!$S$2,P11=DATOS!$R$3,DATOS!$S$3,P11=DATOS!$R$4,DATOS!$S$4,P11=DATOS!$R$5,DATOS!$S$5,P11=DATOS!$R$6,DATOS!$S$6) -> Fuerte | R11: =_xlfn.IFS(Q11=DATOS!$S$2,DATOS!$T$2,Q11=DATOS!$S$4,DATOS!$T$4,Q11=DATOS!$S$5,DATOS!$T$5,Q11=DATOS!$S$6,DATOS!$T$6) -> 100 | S11: =AVERAGE(R11:R13) -> 100 | T11: =IF(S11>=100,"Fuerte",IF(OR(S11=99,S11>=50),"Moderado","Débil")) -> Fuerte | U11: Directa | V11: Directa | W11: =_xlfn.IFS(AND(T11=DATOS!$S$5,U11=DATOS!$X$2),2,AND(T11=DATOS!$S$5,U11=DATOS!$U$4),0,AND(T11=DATOS!$S$5,U11=DATOS!$U$3),0,AND(T11=DATOS!$S$4,U11=DATOS!$U$2,1),1,AND(T11=DATOS!$S$4,U11=DATOS!$U$4),0,AND(T11=DATOS!$S$4,U11=DATOS!$U$3),0,AND(T11=DATOS!$S$2,U11=DATOS!$U$4),0) -> 2 | X11: =_xlfn.IFS(AND(T11=DATOS!$S$5,V11=DATOS!$U$2),2,AND(T11=DATOS!$S$5,V11=DATOS!$U$4),0,AND(T11=DATOS!$S$5,V11=DATOS!$U$3),1,AND(T11=DATOS!$S$4,V11=DATOS!$U$2,1),1,AND(T11=DATOS!$S$4,V11=DATOS!$U$4),0,AND(T11=DATOS!$S$4,V11=DATOS!$U$3),0,AND(T11=DATOS!$S$2,V11=DATOS!$U$4),0) -> 2 | Y11: =L11-W11 -> -1 | Z11: =M11-X11 -> 2 | AA11: =_xlfn.IFS(AND(Y11=0),1,AND(Y11=1),1,AND(Y11=2),2,AND(Y11=3),3,AND(Y11=4),4,AND(Y11=5),5,AND(Y11=-1),1) -> 1 | AB11: =_xlfn.IFS(AND(Z11=0),1,AND(Z11=1),1,AND(Z11=2),2,AND(Z11=3),3,AND(Z11=4),4,AND(Z11=5),5,AND(Z11=-1),1) -> 2 | AC11: =INDEX(DATOS!$J$4:$N$8,Mapa!AA11:AA13,Mapa!AB11:AB13) -> Baja | AD11: =_xlfn.IFS(AC11=DATOS!$O$2,DATOS!$P$2,AC11=DATOS!$O$3,DATOS!$P$3,AC11=DATOS!$O$4,DATOS!$P$4,AC11=DATOS!$O$5,DATOS!$P$5) -> Asumir el riesgo | AE11: Reducir el riesgo | AF11: 1.Reunión mensual de Seguimiento (Comité Directivo) para verificar estado de avance para el cumplimiento de los objetivos y desplegar las acciones necesarias con respecto al análisis de tendencia de los indicadores. 2. Implementación metodología Balance scorecard a nivel de cada cargo Continuar aplicando los controles | AG11: Director Ejecutivo | AH11: 45665 | AI11: 46022 | AJ11: Mensual | AK11: Todos los indicadores establecidos en el Cuadro de Mando Corporativo ( Con los resultados Anuales) | AL11: Cuadro de Mando Corporativo | AM11: 1. Analizar las causas del incumplimiento 2. Se solicita al responsable la apertura de la acción de mejora 3. Seguimiento a las acciones definidas. 4. En caso de requerimientos de Entes de control, se prepara la respuesta correspondiente. | AN11: NO | AO11: No aplica | AP11: No aplica
D12: Direccionamiento Estratégico | F12: Gestión | G12: Estratégico | J12: Debilidad en los mecanismos para la alineación y control de las actividades y compromisos. Cambios en los Consejeros que no permitan continuidad en los objetivos, procesos, proyectos, programas. | O12: Se realiza comité directivo en el cual se verifica el cumplimiento de objetivos y estrategias. Se tiene implementada la metodología de Cuadro de Mando Integral para dar alineación, seguimiento y control a las actividades para el cumplimiento de los objetivos, así como el resultado de los indicadores. | P12: Son efectivos y están documentados | Q12: =_xlfn.IFS(P12=DATOS!$R$2,DATOS!$S$2,P12=DATOS!$R$3,DATOS!$S$3,P12=DATOS!$R$4,DATOS!$S$4,P12=DATOS!$R$5,DATOS!$S$5,P12=DATOS!$R$6,DATOS!$S$6) -> Fuerte | R12: =_xlfn.IFS(Q12=DATOS!$S$2,DATOS!$T$2,Q12=DATOS!$S$4,DATOS!$T$4,Q12=DATOS!$S$5,DATOS!$T$5,Q12=DATOS!$S$6,DATOS!$T$6) -> 100
D13: Direccionamiento Estratégico | F13: Gestión | G13: Estratégico | J13: Inexactitud en la formulación de planes, programas y/o proyectos asociados a la planeación estratégica | O13: Se tiene implementado el procedimiento, guía y formatos de proyectos, para llevar a cabo su formulación y seguimiento. Se cuenta con la herramienta de Cuadro de Mando - en el componente de estrategias en el cual se tiene el despliegue del plan de acción para el cumplimiento de los objetivos. | P13: Son efectivos y están documentados | Q13: =_xlfn.IFS(P13=DATOS!$R$2,DATOS!$S$2,P13=DATOS!$R$3,DATOS!$S$3,P13=DATOS!$R$4,DATOS!$S$4,P13=DATOS!$R$5,DATOS!$S$5,P13=DATOS!$R$6,DATOS!$S$6) -> Fuerte | R13: =_xlfn.IFS(Q13=DATOS!$S$2,DATOS!$T$2,Q13=DATOS!$S$4,DATOS!$T$4,Q13=DATOS!$S$5,DATOS!$T$5,Q13=DATOS!$S$6,DATOS!$T$6) -> 100
C14: 2 | D14: Direccionamiento Estratégico | E14: Inadecuada gestión de procesos y prestación de los servicios | F14: Gestión | G14: Estratégico | H14: No aplica | I14: No aplica | J14: Falta de claridad en el nivel de responsabilidad y autoridad | K14: Pérdida de la imagen institucional Reprocesos en la ejecución de la gestión Uso ineficiente de recursos Desgaste administrativo | L14: 1 | M14: 3 | N14: =INDEX(DATOS!$J$4:$N$8,Mapa!L14:L17,Mapa!M14:M17) -> Moderada | O14: Se tiene documentado el organigrama y el manual de funciones con las responsabilidades y autoridades. Se entrega a cada funcionario | P14: Son efectivos y están documentados | Q14: =_xlfn.IFS(P14=DATOS!$R$2,DATOS!$S$2,P14=DATOS!$R$3,DATOS!$S$3,P14=DATOS!$R$4,DATOS!$S$4,P14=DATOS!$R$5,DATOS!$S$5,P14=DATOS!$R$6,DATOS!$S$6) -> Fuerte | R14: =_xlfn.IFS(Q14=DATOS!$S$2,DATOS!$T$2,Q14=DATOS!$S$4,DATOS!$T$4,Q14=DATOS!$S$5,DATOS!$T$5,Q14=DATOS!$S$6,DATOS!$T$6) -> 100 | S14: =AVERAGE(R14:R17) -> 100 | T14: =IF(S14>=100,"Fuerte",IF(OR(S14=99,S14>=50),"Moderado","Débil")) -> Fuerte | U14: Directa | V14: Directa | W14: =_xlfn.IFS(AND(T14=DATOS!$S$5,U14=DATOS!$X$2),2,AND(T14=DATOS!$S$5,U14=DATOS!$U$4),0,AND(T14=DATOS!$S$5,U14=DATOS!$U$3),0,AND(T14=DATOS!$S$4,U14=DATOS!$U$2,1),1,AND(T14=DATOS!$S$4,U14=DATOS!$U$4),0,AND(T14=DATOS!$S$4,U14=DATOS!$U$3),0,AND(T14=DATOS!$S$2,U14=DATOS!$U$4),0) -> 2 | X14: =_xlfn.IFS(AND(T14=DATOS!$S$5,V14=DATOS!$U$2),2,AND(T14=DATOS!$S$5,V14=DATOS!$U$4),0,AND(T14=DATOS!$S$5,V14=DATOS!$U$3),1,AND(T14=DATOS!$S$4,V14=DATOS!$U$2,1),1,AND(T14=DATOS!$S$4,V14=DATOS!$U$4),0,AND(T14=DATOS!$S$4,V14=DATOS!$U$3),0,AND(T14=DATOS!$S$2,V14=DATOS!$U$4),0) -> 2 | Y14: =L14-W14 -> -1 | Z14: =M14-X14 -> 1 | AA14: =_xlfn.IFS(AND(Y14=0),1,AND(Y14=1),1,AND(Y14=2),2,AND(Y14=3),3,AND(Y14=4),4,AND(Y14=5),5,AND(Y14=-1),1) -> 1 | AB14: =_xlfn.IFS(AND(Z14=0),1,AND(Z14=1),1,AND(Z14=2),2,AND(Z14=3),3,AND(Z14=4),4,AND(Z14=5),5,AND(Z14=-1),1) -> 1 | AC14: =INDEX(DATOS!$J$4:$N$8,Mapa!AA14:AA17,Mapa!AB14:AB17) -> Baja | AD14: =_xlfn.IFS(AC14=DATOS!$O$2,DATOS!$P$2,AC14=DATOS!$O$3,DATOS!$P$3,AC14=DATOS!$O$4,DATOS!$P$4,AC14=DATOS!$O$5,DATOS!$P$5) -> Asumir el riesgo | AE14: Asumir el riesgo | AF14: 1.Estrategias para mejorar la atención a los clientes o usuarios. 2. Capacitación a técnicos de experiencia al cliente con relación a atención y servicio al cliente. 3. Formación especializada en Servicio al cliente y manejo de clientes difíciles. 4. Fortalecimiento al seguimiento y control de los procesos e implementación del programa de auditorias. 5. Acompañamiento por parte de planeación a las reuniones de procesos con el fin de identificar cambios, oportunidades y revisar indicadores. 6.Fortalecimiento de los procesos administrativos e interacciones con la seccional Santander. 7.Implementación metodología Balance scorecard a nivel de cada cargo Continuar aplicando los controles | AG14: Profesional Dirección Ejecutiva | AH14: 45665 | AI14: 46022 | AJ14: Mensual | AK14: Todos los indicadores establecidos en el Cuadro de Mando Corporativo ( Con los resultados Anuales) | AL14: Cuadro de Mando Corporativo | AM14: 1. Analizar las causas del incumplimiento 2. Se solicita al responsable la apertura de la acción de mejora 3. Seguimiento a las acciones definidas. | AN14: NO | AO14: No aplica | AP14: No aplica
D15: Direccionamiento Estratégico | F15: Gestión | G15: Estratégico | J15: Falta de lineamientos/requisitos claros | O15: Se definen los lineamientos a través de los procesos en los procedimientos, políticas, planes, manuales y demás documentos del SIG. En caso de cambios en los lineamientos se deben actualizar los documentos esto se evidencia en el control de cambios y nueva versión del documento. En el caso de no cumplir con los lineamientos, se documenta una salida no conforme o se genera una acción correctiva o de mejora. | P15: Son efectivos y están documentados | Q15: =_xlfn.IFS(P15=DATOS!$R$2,DATOS!$S$2,P15=DATOS!$R$3,DATOS!$S$3,P15=DATOS!$R$4,DATOS!$S$4,P15=DATOS!$R$5,DATOS!$S$5,P15=DATOS!$R$6,DATOS!$S$6) -> Fuerte | R15: =_xlfn.IFS(Q15=DATOS!$S$2,DATOS!$T$2,Q15=DATOS!$S$4,DATOS!$T$4,Q15=DATOS!$S$5,DATOS!$T$5,Q15=DATOS!$S$6,DATOS!$T$6) -> 100
D16: Direccionamiento Estratégico | F16: Gestión | G16: Estratégico | O16: Realización de auditorias internas a los procesos | P16: Son efectivos y están documentados | Q16: =_xlfn.IFS(P16=DATOS!$R$2,DATOS!$S$2,P16=DATOS!$R$3,DATOS!$S$3,P16=DATOS!$R$4,DATOS!$S$4,P16=DATOS!$R$5,DATOS!$S$5,P16=DATOS!$R$6,DATOS!$S$6) -> Fuerte | R16: =_xlfn.IFS(Q16=DATOS!$S$2,DATOS!$T$2,Q16=DATOS!$S$4,DATOS!$T$4,Q16=DATOS!$S$5,DATOS!$T$5,Q16=DATOS!$S$6,DATOS!$T$6) -> 100
D17: Direccionamiento Estratégico | F17: Gestión | G17: Estratégico | J17: Comunicación deficiente y desarticulada | O17: En los documentos del SIG, se encuentran las comunicaciones requeridas, (que comunica, como, cuando); se cuenta con un plan de comunicaciones. Se realiza una reunión mensual Comité Directivo para articular a todos los procesos y comunicar lineamientos. | P17: Son efectivos y están documentados | Q17: =_xlfn.IFS(P17=DATOS!$R$2,DATOS!$S$2,P17=DATOS!$R$3,DATOS!$S$3,P17=DATOS!$R$4,DATOS!$S$4,P17=DATOS!$R$5,DATOS!$S$5,P17=DATOS!$R$6,DATOS!$S$6) -> Fuerte | R17: =_xlfn.IFS(Q17=DATOS!$S$2,DATOS!$T$2,Q17=DATOS!$S$4,DATOS!$T$4,Q17=DATOS!$S$5,DATOS!$T$5,Q17=DATOS!$S$6,DATOS!$T$6) -> 100
C18: 3 | D18: Direccionamiento Estratégico | E18: Incumplimiento en las funciones públicas | F18: Gestión | G18: Cumplimiento | H18: No aplica | I18: No aplica | J18: Desarticulación entre los objetivos de los procesos y los objetivos estratégicos por el incumplimiento o falta de interiorización del contexto institucional. Falta de organización en los procesos y asignación de responsabilidades para el cumplimento de las funciones publicas. | K18: Sanciones, multas o investigaciones disciplinarias, penales o fiscales por parte de organismos de control y vigilancia. | L18: 2 | M18: 4 | N18: =INDEX(DATOS!$J$4:$N$8,Mapa!L18:L19,Mapa!M18:M19) -> Alta | O18: Se formularon objetivos estratégicos asociados a cada función publica atribuidas al CONTE Se definieron indicadores de seguimiento y medición para los objetivos asociados a las funciones publicas, así como las estrategias que permitan dar cumplimiento al objetivo y se establece la información documentada de los procesos misionales: Producción de matrículas, Procesos disciplinarios y fomento educativo. | P18: Son efectivos y están documentados | Q18: =_xlfn.IFS(P18=DATOS!$R$2,DATOS!$S$2,P18=DATOS!$R$3,DATOS!$S$3,P18=DATOS!$R$4,DATOS!$S$4,P18=DATOS!$R$5,DATOS!$S$5,P18=DATOS!$R$6,DATOS!$S$6) -> Fuerte | R18: =_xlfn.IFS(Q18=DATOS!$S$2,DATOS!$T$2,Q18=DATOS!$S$4,DATOS!$T$4,Q18=DATOS!$S$5,DATOS!$T$5,Q18=DATOS!$S$6,DATOS!$T$6) -> 100 | S18: =AVERAGE(R18:R19) -> 100 | T18: =IF(S18>=100,"Fuerte",IF(OR(S18=99,S18>=50),"Moderado","Débil")) -> Fuerte | U18: Directa | V18: Directa | W18: =_xlfn.IFS(AND(T18=DATOS!$S$5,U18=DATOS!$X$2),2,AND(T18=DATOS!$S$5,U18=DATOS!$U$4),0,AND(T18=DATOS!$S$5,U18=DATOS!$U$3),0,AND(T18=DATOS!$S$4,U18=DATOS!$U$2,1),1,AND(T18=DATOS!$S$4,U18=DATOS!$U$4),0,AND(T18=DATOS!$S$4,U18=DATOS!$U$3),0,AND(T18=DATOS!$S$2,U18=DATOS!$U$4),0) -> 2 | X18: =_xlfn.IFS(AND(T18=DATOS!$S$5,V18=DATOS!$U$2),2,AND(T18=DATOS!$S$5,V18=DATOS!$U$4),0,AND(T18=DATOS!$S$5,V18=DATOS!$U$3),1,AND(T18=DATOS!$S$4,V18=DATOS!$U$2,1),1,AND(T18=DATOS!$S$4,V18=DATOS!$U$4),0,AND(T18=DATOS!$S$4,V18=DATOS!$U$3),0,AND(T18=DATOS!$S$2,V18=DATOS!$U$4),0) -> 2 | Y18: =L18-W18 -> 0 | Z18: =M18-X18 -> 2 | AA18: =_xlfn.IFS(AND(Y18=0),1,AND(Y18=1),1,AND(Y18=2),2,AND(Y18=3),3,AND(Y18=4),4,AND(Y18=5),5,AND(Y18=-1),1) -> 1 | AB18: =_xlfn.IFS(AND(Z18=0),1,AND(Z18=1),1,AND(Z18=2),2,AND(Z18=3),3,AND(Z18=4),4,AND(Z18=5),5,AND(Z18=-1),1) -> 2 | AC18: =INDEX(DATOS!$J$4:$N$8,Mapa!AA18:AA19,Mapa!AB18:AB19) -> Baja | AD18: =_xlfn.IFS(AC18=DATOS!$O$2,DATOS!$P$2,AC18=DATOS!$O$3,DATOS!$P$3,AC18=DATOS!$O$4,DATOS!$P$4,AC18=DATOS!$O$5,DATOS!$P$5) -> Asumir el riesgo | AE18: Reducir el riesgo | AF18: Seguimiento y control a las estrategias incluidas en el cumplimiento de los objetivos del 1 al 4 los cuales están relacionados con el cumplimiento de las funciones publicas. | AG18: Dirección Ejecutiva | AH18: 45665 | AI18: 46022 | AJ18: Mensual | AK18: Indicadores de los Objetivos estratégicos 1,2,3 y 4 así como el seguimiento a sus estrategias (con los resultados anuales) | AL18: Cuadro de mando corporativo | AM18: 1. Analizar las causas del incumplimiento 2. Se solicita al responsable la apertura de la acción de mejora 3. Seguimiento a las acciones definidas. 4. En caso de requerimientos de Entes de control, se prepara la respuesta correspondiente. | AN18: NO | AO18: No aplica | AP18: No aplica
D19: Direccionamiento Estratégico | F19: Gestión | G19: Cumplimiento | J19: Falta de seguimiento a procesos de certificación, vigilancia o control. Presiones externas o conflictos de interés con gremios o actores del sector eléctrico. Débil cultura de cumplimiento y rendición de cuentas. | O19: Se cuenta con el programa de transparencia empresarial, el código de ética y buen gobierno corporativo, las auditorias internas e implementación del sistema integrado de gestión. | P19: Son efectivos y están documentados | Q19: =_xlfn.IFS(P19=DATOS!$R$2,DATOS!$S$2,P19=DATOS!$R$3,DATOS!$S$3,P19=DATOS!$R$4,DATOS!$S$4,P19=DATOS!$R$5,DATOS!$S$5,P19=DATOS!$R$6,DATOS!$S$6) -> Fuerte | R19: =_xlfn.IFS(Q19=DATOS!$S$2,DATOS!$T$2,Q19=DATOS!$S$4,DATOS!$T$4,Q19=DATOS!$S$5,DATOS!$T$5,Q19=DATOS!$S$6,DATOS!$T$6) -> 100
C20: 4 | D20: Direccionamiento Estratégico | E20: Información inoportuna, incorrecta, incompleta o inadecuada (comunicaciones) | F20: Gestión | G20: Información | H20: No aplica | I20: No aplica | J20: Falta de seguimiento de la producción comunicativa, desarticulación con las áreas que publican información, insuficiencia de insumos requeridos para la divulgación de la información, incumplimiento de la Política de Protección de Datos Personales por parte de los procesos solicitantes o del Creativo de Comunicaciones. | K20: Pérdida de la imagen institucional Reprocesos en la ejecución de la gestión Uso ineficiente de recursos Desgaste administrativo | L20: 1 | M20: 3 | N20: =INDEX(DATOS!$J$4:$N$8,Mapa!L20:L20,Mapa!M20:M20) -> Moderada | O20: Se cuenta con el Plan de Comunicaciones , Manual de marca., procedimiento generación de piezas graficas y/o publicaciones, política uso de marca contratos con terceros, así como con la política de tratamiento de datos y autorización de uso de datos personales. | P20: Son efectivos y están documentados | Q20: =_xlfn.IFS(P20=DATOS!$R$2,DATOS!$S$2,P20=DATOS!$R$3,DATOS!$S$3,P20=DATOS!$R$4,DATOS!$S$4,P20=DATOS!$R$5,DATOS!$S$5,P20=DATOS!$R$6,DATOS!$S$6) -> Fuerte | R20: =_xlfn.IFS(Q20=DATOS!$S$2,DATOS!$T$2,Q20=DATOS!$S$4,DATOS!$T$4,Q20=DATOS!$S$5,DATOS!$T$5,Q20=DATOS!$S$6,DATOS!$T$6) -> 100 | S20: =AVERAGE(R20:R20) -> 100 | T20: =IF(S20>=100,"Fuerte",IF(OR(S20=99,S20>=50),"Moderado","Débil")) -> Fuerte | U20: Directa | V20: Directa | W20: =_xlfn.IFS(AND(T20=DATOS!$S$5,U20=DATOS!$X$2),2,AND(T20=DATOS!$S$5,U20=DATOS!$U$4),0,AND(T20=DATOS!$S$5,U20=DATOS!$U$3),0,AND(T20=DATOS!$S$4,U20=DATOS!$U$2,1),1,AND(T20=DATOS!$S$4,U20=DATOS!$U$4),0,AND(T20=DATOS!$S$4,U20=DATOS!$U$3),0,AND(T20=DATOS!$S$2,U20=DATOS!$U$4),0) -> 2 | X20: =_xlfn.IFS(AND(T20=DATOS!$S$5,V20=DATOS!$U$2),2,AND(T20=DATOS!$S$5,V20=DATOS!$U$4),0,AND(T20=DATOS!$S$5,V20=DATOS!$U$3),1,AND(T20=DATOS!$S$4,V20=DATOS!$U$2,1),1,AND(T20=DATOS!$S$4,V20=DATOS!$U$4),0,AND(T20=DATOS!$S$4,V20=DATOS!$U$3),0,AND(T20=DATOS!$S$2,V20=DATOS!$U$4),0) -> 2 | Y20: =L20-W20 -> -1 | Z20: =M20-X20 -> 1 | AA20: =_xlfn.IFS(AND(Y20=0),1,AND(Y20=1),1,AND(Y20=2),2,AND(Y20=3),3,AND(Y20=4),4,AND(Y20=5),5,AND(Y20=-1),1) -> 1 | AB20: =_xlfn.IFS(AND(Z20=0),1,AND(Z20=1),1,AND(Z20=2),2,AND(Z20=3),3,AND(Z20=4),4,AND(Z20=5),5,AND(Z20=-1),1) -> 1 | AC20: =INDEX(DATOS!$J$4:$N$8,Mapa!AA20:AA20,Mapa!AB20:AB20) -> Baja | AD20: =_xlfn.IFS(AC20=DATOS!$O$2,DATOS!$P$2,AC20=DATOS!$O$3,DATOS!$P$3,AC20=DATOS!$O$4,DATOS!$P$4,AC20=DATOS!$O$5,DATOS!$P$5) -> Asumir el riesgo | AE20: Asumir el riesgo | AF20: Seguir aplicando los controles | AG20: Creativo de Comunicaciones | AH20: 45665 | AI20: 46022 | AJ20: Mensual | AK20: Indicadores del cargo - Creativo de comunicaciones. | AL20: Cuadro de mando | AM20: 1. Analizar las causas del incumplimiento 2. Se solicita al responsable la apertura de la acción de mejora 3. Seguimiento a las acciones definidas. | AN20: No | AO20: No aplica | AP20: No aplica
C21: 5 | D21: Direccionamiento Estratégico | E21: Incumplimiento en los objetivos de los proyectos | F21: Gestión | G21: Estratégico | H21: No aplica | I21: No aplica | J21: Causas relacionados con la parte Técnica: Problemas relacionados con la Tecnología, fallos en el diseño, falta de conocimientos Técnicos o la integración de sistemas. Causas relacionados con la parte de Recursos Humanos: Falta de personal capacitado, perdida de miembros clave del equipo, conflictos o falta de comunicación efectiva. | K21: Retrasos en el cronograma Aumento de costos Perdida de Calidad Pérdida de la imagen institucional Impacto negativo en la satisfacción de las partes interesadas Cancelación del proyecto o impacto en la viabilidad del proyecto. Impactos ambientales y sociales Sanciones regulatorias Perdidas Financieras Afectaciones en el ingreso y crecimiento de la empresa | L21: 2 | M21: 3 | N21: =INDEX(DATOS!$J$4:$N$8,Mapa!L21:L22,Mapa!M21:M22) -> Moderada | O21: Procedimiento y formatos de Gestión de proyectos. Guía metodológica para la presentación de proyectos | P21: Son efectivos y están documentados | Q21: =_xlfn.IFS(P21=DATOS!$R$2,DATOS!$S$2,P21=DATOS!$R$3,DATOS!$S$3,P21=DATOS!$R$4,DATOS!$S$4,P21=DATOS!$R$5,DATOS!$S$5,P21=DATOS!$R$6,DATOS!$S$6) -> Fuerte | R21: =_xlfn.IFS(Q21=DATOS!$S$2,DATOS!$T$2,Q21=DATOS!$S$4,DATOS!$T$4,Q21=DATOS!$S$5,DATOS!$T$5,Q21=DATOS!$S$6,DATOS!$T$6) -> 100 | S21: =AVERAGE(R21:R22) -> 100 | T21: =IF(S21>=100,"Fuerte",IF(OR(S21=99,S21>=50),"Moderado","Débil")) -> Fuerte | U21: Directa | V21: No disminuye | W21: =_xlfn.IFS(AND(T21=DATOS!$S$5,U21=DATOS!$X$2),2,AND(T21=DATOS!$S$5,U21=DATOS!$U$4),0,AND(T21=DATOS!$S$5,U21=DATOS!$U$3),0,AND(T21=DATOS!$S$4,U21=DATOS!$U$2,1),1,AND(T21=DATOS!$S$4,U21=DATOS!$U$4),0,AND(T21=DATOS!$S$4,U21=DATOS!$U$3),0,AND(T21=DATOS!$S$2,U21=DATOS!$U$4),0) -> 2 | X21: =_xlfn.IFS(AND(T21=DATOS!$S$5,V21=DATOS!$U$2),2,AND(T21=DATOS!$S$5,V21=DATOS!$U$4),0,AND(T21=DATOS!$S$5,V21=DATOS!$U$3),1,AND(T21=DATOS!$S$4,V21=DATOS!$U$2,1),1,AND(T21=DATOS!$S$4,V21=DATOS!$U$4),0,AND(T21=DATOS!$S$4,V21=DATOS!$U$3),0,AND(T21=DATOS!$S$2,V21=DATOS!$U$4),0) -> 0 | Y21: =L21-W21 -> 0 | Z21: =M21-X21 -> 3 | AA21: =_xlfn.IFS(AND(Y21=0),1,AND(Y21=1),1,AND(Y21=2),2,AND(Y21=3),3,AND(Y21=4),4,AND(Y21=5),5,AND(Y21=-1),1) -> 1 | AB21: =_xlfn.IFS(AND(Z21=0),1,AND(Z21=1),1,AND(Z21=2),2,AND(Z21=3),3,AND(Z21=4),4,AND(Z21=5),5,AND(Z21=-1),1) -> 3 | AC21: =INDEX(DATOS!$J$4:$N$8,Mapa!AA21:AA22,Mapa!AB21:AB22) -> Moderada | AD21: =_xlfn.IFS(AC21=DATOS!$O$2,DATOS!$P$2,AC21=DATOS!$O$3,DATOS!$P$3,AC21=DATOS!$O$4,DATOS!$P$4,AC21=DATOS!$O$5,DATOS!$P$5) -> Asumir o reducir el riesgo | AE21: Reducir el riesgo | AF21: 1. Control de los proyectos desde la planeación estratégica. 2. seguimiento al estado de los proyectos por parte de la Dirección Ejecutiva. 3. Acompañamiento a los proyectos por parte de un Especialista en proyectos. 4. Socialización y fortalecimiento de la aplicación del procedimiento de proyectos. | AG21: Profesional Gestión de proyectos. | AH21: 45665 | AI21: 46022 | AJ21: Mensual | AK21: Cumplimiento plan de trabajo de los proyectos | AL21: Cuadro de Mando Corporativo | AM21: 1. Analizar las causas del incumplimiento 2. Se solicita al responsable la apertura de la acción de mejora 3. Seguimiento a las acciones definidas. 4. En caso de requerimientos de Entes de control o partes interesadas, se prepara la respuesta correspondiente. | AN21: No | AO21: No aplica | AP21: No aplica
D22: Direccionamiento Estratégico | F22: Gestión | G22: Estratégico | J22: Problemas relacionados con la parte Financiera: Presupuesto insuficiente, cambios en el costo de los recursos, errores en la estimación de costos, fluctuaciones económicas. Causas relacionadas con el cronograma: Retrasos en la entrega, dependencia de tareas criticas, problemas para coordinar con proveedores. Causas relacionadas con el aspecto legal: Cumplimiento normativo, cambios en las leyes o regulaciones, problemas con contratos o propiedades. | O22: Asignación de un grupo interdisciplinario para el desarrollo de los proyectos. Estudio de factibilidad técnica y financiera previo. Realización de auditorias internas. Planeación y seguimiento integral a los proyectos | P22: Son efectivos y están documentados | Q22: =_xlfn.IFS(P22=DATOS!$R$2,DATOS!$S$2,P22=DATOS!$R$3,DATOS!$S$3,P22=DATOS!$R$4,DATOS!$S$4,P22=DATOS!$R$5,DATOS!$S$5,P22=DATOS!$R$6,DATOS!$S$6) -> Fuerte | R22: =_xlfn.IFS(Q22=DATOS!$S$2,DATOS!$T$2,Q22=DATOS!$S$4,DATOS!$T$4,Q22=DATOS!$S$5,DATOS!$T$5,Q22=DATOS!$S$6,DATOS!$T$6) -> 100
C23: 6 | D23: Direccionamiento Estratégico | E23: Aprobar y ejecutar un presupuesto que no cubra las necesidades de toda la vigencia fiscal. | F23: Gestión | G23: Estratégico | H23: No aplica | I23: No aplica | J23: Deficiencia en la programación y proyección de las necesidades e inversiones. Falta de generación de presupuesto a través de grupo interdisciplinario para cubrir todas las necesidades. | K23: Recorte de presupuesto para las vigencias siguientes en cada proceso Incumplimiento de los objetivos institucionales. Incumplimiento de metas e indicadores, proyectos o programas | L23: 1 | M23: 3 | N23: =INDEX(DATOS!$J$4:$N$8,Mapa!L23:L24,Mapa!M23:M24) -> Moderada | O23: Se realiza una planeación de los recursos por cada proceso para la siguiente vigencia, se realiza seguimiento y control del presupuesto aprobado por medio de herramienta tecnológica (modulo de presupuesto), así mismo se cuenta con procedimiento de presupuesto. | P23: Son efectivos y están documentados | Q23: =_xlfn.IFS(P23=DATOS!$R$2,DATOS!$S$2,P23=DATOS!$R$3,DATOS!$S$3,P23=DATOS!$R$4,DATOS!$S$4,P23=DATOS!$R$5,DATOS!$S$5,P23=DATOS!$R$6,DATOS!$S$6) -> Fuerte | R23: =_xlfn.IFS(Q23=DATOS!$S$2,DATOS!$T$2,Q23=DATOS!$S$4,DATOS!$T$4,Q23=DATOS!$S$5,DATOS!$T$5,Q23=DATOS!$S$6,DATOS!$T$6) -> 100 | S23: =AVERAGE(R23:R24) -> 100 | T23: =IF(S23>=100,"Fuerte",IF(OR(S23=99,S23>=50),"Moderado","Débil")) -> Fuerte | U23: Directa | V23: Directa | W23: =_xlfn.IFS(AND(T23=DATOS!$S$5,U23=DATOS!$X$2),2,AND(T23=DATOS!$S$5,U23=DATOS!$U$4),0,AND(T23=DATOS!$S$5,U23=DATOS!$U$3),0,AND(T23=DATOS!$S$4,U23=DATOS!$U$2,1),1,AND(T23=DATOS!$S$4,U23=DATOS!$U$4),0,AND(T23=DATOS!$S$4,U23=DATOS!$U$3),0,AND(T23=DATOS!$S$2,U23=DATOS!$U$4),0) -> 2 | X23: =_xlfn.IFS(AND(T23=DATOS!$S$5,V23=DATOS!$U$2),2,AND(T23=DATOS!$S$5,V23=DATOS!$U$4),0,AND(T23=DATOS!$S$5,V23=DATOS!$U$3),1,AND(T23=DATOS!$S$4,V23=DATOS!$U$2,1),1,AND(T23=DATOS!$S$4,V23=DATOS!$U$4),0,AND(T23=DATOS!$S$4,V23=DATOS!$U$3),0,AND(T23=DATOS!$S$2,V23=DATOS!$U$4),0) -> 2 | Y23: =L23-W23 -> -1 | Z23: =M23-X23 -> 1 | AA23: =_xlfn.IFS(AND(Y23=0),1,AND(Y23=1),1,AND(Y23=2),2,AND(Y23=3),3,AND(Y23=4),4,AND(Y23=5),5,AND(Y23=-1),1) -> 1 | AB23: =_xlfn.IFS(AND(Z23=0),1,AND(Z23=1),1,AND(Z23=2),2,AND(Z23=3),3,AND(Z23=4),4,AND(Z23=5),5,AND(Z23=-1),1) -> 1 | AC23: =INDEX(DATOS!$J$4:$N$8,Mapa!AA23:AA24,Mapa!AB23:AB24) -> Baja | AD23: =_xlfn.IFS(AC23=DATOS!$O$2,DATOS!$P$2,AC23=DATOS!$O$3,DATOS!$P$3,AC23=DATOS!$O$4,DATOS!$P$4,AC23=DATOS!$O$5,DATOS!$P$5) -> Asumir el riesgo | AE23: Reducir el riesgo | AF23: 1. Definición de Procedimiento y lineamientos para la proyección del presupuesto de la entidad. 2. Estructurar seguimiento y control a las Cuentas Contables y Presupuestales que afectan el Ingreso, Gasto y Costo, (control, ejecución y responsabilidad del rubro por cada responsable de proceso). | AG23: Profesional Financiero-Dirección Ejecutiva | AH23: 45665 | AI23: 46022 | AJ23: Bimestral | AK23: Indicador ejecución presupuestal | AL23: Cuadro de Mando Corporativo | AM23: 1. Analizar las causas del incumplimiento 2.Documentar la acción de mejora, definición de alternativas de endeudamiento u obtención de recursos. 3. Seguimiento a las acciones definidas. 4. En caso de requerimientos de Entes de control, se prepara la respuesta correspondiente. | AN23: NO | AO23: No aplica | AP23: No aplica
D24: Financiero | F24: Gestión | G24: Estratégico | O24: Se tiene la planeación estratégica en la cual se verifican los recursos necesarios para la ejecución de los objetivos/planes/programas y proyectos. Auditorias por parte de la revisoría fiscal. Se revisa las necesidades de cada proceso en el presupuesto de gastos y se realiza control bimestral a la ejecución de los mismos, informando el estado del presupuesto y alinear el presupuesto con el plan anual de compras - PAC | P24: Son efectivos y están documentados | Q24: =_xlfn.IFS(P24=DATOS!$R$2,DATOS!$S$2,P24=DATOS!$R$3,DATOS!$S$3,P24=DATOS!$R$4,DATOS!$S$4,P24=DATOS!$R$5,DATOS!$S$5,P24=DATOS!$R$6,DATOS!$S$6) -> Fuerte | R24: =_xlfn.IFS(Q24=DATOS!$S$2,DATOS!$T$2,Q24=DATOS!$S$4,DATOS!$T$4,Q24=DATOS!$S$5,DATOS!$T$5,Q24=DATOS!$S$6,DATOS!$T$6) -> 100
C25: 7 | D25: Direccionamiento Estratégico | E25: Inoportunidad en la publicación o presentación de informes de gestión, revisión por la dirección e informes de ley. | F25: Gestión | G25: Estratégico | H25: No aplica | I25: No aplica | J25: Inoportunidad en el reporte de la información para el seguimiento. Fallas en la implementación del sistema integrado de gestión Falta de cultura institucional orientada a la planificación, evaluación y mejora continua. | K25: Omisión de necesidades y problemáticas de algunas dependencias. Sanciones por incumplimiento legal. Deterioro de la imagen institucional | L25: 1 | M25: 3 | N25: =INDEX(DATOS!$J$4:$N$8,Mapa!L25:L26,Mapa!M25:M26) -> Moderada | O25: Recolectar y revisar el informa de gestión de cada uno de los procesos. Control a la presentación de informes por parte de planeación | P25: Son efectivos y están documentados | Q25: =_xlfn.IFS(P25=DATOS!$R$2,DATOS!$S$2,P25=DATOS!$R$3,DATOS!$S$3,P25=DATOS!$R$4,DATOS!$S$4,P25=DATOS!$R$5,DATOS!$S$5,P25=DATOS!$R$6,DATOS!$S$6) -> Fuerte | R25: =_xlfn.IFS(Q25=DATOS!$S$2,DATOS!$T$2,Q25=DATOS!$S$4,DATOS!$T$4,Q25=DATOS!$S$5,DATOS!$T$5,Q25=DATOS!$S$6,DATOS!$T$6) -> 100 | S25: =AVERAGE(R25:R26) -> 100 | T25: =IF(S25>=100,"Fuerte",IF(OR(S25=99,S25>=50),"Moderado","Débil")) -> Fuerte | U25: Directa | V25: Directa | W25: =_xlfn.IFS(AND(T25=DATOS!$S$5,U25=DATOS!$X$2),2,AND(T25=DATOS!$S$5,U25=DATOS!$U$4),0,AND(T25=DATOS!$S$5,U25=DATOS!$U$3),0,AND(T25=DATOS!$S$4,U25=DATOS!$U$2,1),1,AND(T25=DATOS!$S$4,U25=DATOS!$U$4),0,AND(T25=DATOS!$S$4,U25=DATOS!$U$3),0,AND(T25=DATOS!$S$2,U25=DATOS!$U$4),0) -> 2 | X25: =_xlfn.IFS(AND(T25=DATOS!$S$5,V25=DATOS!$U$2),2,AND(T25=DATOS!$S$5,V25=DATOS!$U$4),0,AND(T25=DATOS!$S$5,V25=DATOS!$U$3),1,AND(T25=DATOS!$S$4,V25=DATOS!$U$2,1),1,AND(T25=DATOS!$S$4,V25=DATOS!$U$4),0,AND(T25=DATOS!$S$4,V25=DATOS!$U$3),0,AND(T25=DATOS!$S$2,V25=DATOS!$U$4),0) -> 2 | Y25: =L25-W25 -> -1 | Z25: =M25-X25 -> 1 | AA25: =_xlfn.IFS(AND(Y25=0),1,AND(Y25=1),1,AND(Y25=2),2,AND(Y25=3),3,AND(Y25=4),4,AND(Y25=5),5,AND(Y25=-1),1) -> 1 | AB25: =_xlfn.IFS(AND(Z25=0),1,AND(Z25=1),1,AND(Z25=2),2,AND(Z25=3),3,AND(Z25=4),4,AND(Z25=5),5,AND(Z25=-1),1) -> 1 | AC25: =INDEX(DATOS!$J$4:$N$8,Mapa!AA25:AA26,Mapa!AB25:AB26) -> Baja | AD25: =_xlfn.IFS(AC25=DATOS!$O$2,DATOS!$P$2,AC25=DATOS!$O$3,DATOS!$P$3,AC25=DATOS!$O$4,DATOS!$P$4,AC25=DATOS!$O$5,DATOS!$P$5) -> Asumir el riesgo | AE25: Asumir el riesgo | AF25: 1. Preparar formato para presentación de informe de gestión por parte de cada proceso. 2. Establecer cronograma de presentación de informes a entes de control y partes interesadas y realizar seguimiento y control a la ejecución del mismo. Continuar con la aplicación de controles | AG25: Profesional Dirección Ejecutiva Analista de planeación | AH25: 45665 | AI25: 46022 | AJ25: Semestral | AK25: Cronograma de presentación de informes. | AL25: Carpeta compartida de control y mejora continua. | AM25: 1. Analizar las causas del incumplimiento 2. Se solicita a la Dirección Ejecutiva la apertura de la acción de mejora 3. Seguimiento a las acciones definidas. 4. En caso de requerimientos de Entes de control, se prepara la respuesta correspondiente. | AN25: NO | AO25: No aplica | AP25: No aplica
D26: Direccionamiento Estratégico | F26: Gestión | G26: Estratégico | J26: Falta de compromiso por parte de los lideres de los procesos. Falta de seguimiento y control a la ejecución de los informes. Ausencia de un cronograma oficial y compartido para la recolección, consolidación y publicación de la información del SIG. Desarticulación entre los procesos responsables de generar y consolidar los datos estratégicos. | O26: Planificar y solicitar los documentos pertinentes para la revisión por la dirección. | P26: Son efectivos y están documentados | Q26: =_xlfn.IFS(P26=DATOS!$R$2,DATOS!$S$2,P26=DATOS!$R$3,DATOS!$S$3,P26=DATOS!$R$4,DATOS!$S$4,P26=DATOS!$R$5,DATOS!$S$5,P26=DATOS!$R$6,DATOS!$S$6) -> Fuerte | R26: =_xlfn.IFS(Q26=DATOS!$S$2,DATOS!$T$2,Q26=DATOS!$S$4,DATOS!$T$4,Q26=DATOS!$S$5,DATOS!$T$5,Q26=DATOS!$S$6,DATOS!$T$6) -> 100
C27: 8 | D27: Control y Mejora Continua | E27: Incorrecta evaluación de cumplimiento de los procesos de acuerdo con los requisitos aplicables (auditorias internas) | F27: Gestión | G27: Estratégico | H27: No aplica | I27: No aplica | J27: Limitación en la información, Declarar hallazgos sin evidencias o por fallas en la interpretación de los requisitos debido a desconocimiento de los requisitos aplicables y el contexto institucional. | K27: Pérdida de eficiencia y cumplimiento en los procesos, materialización de riesgos e incumplimiento de los requisitos | L27: 2 | M27: 3 | N27: =INDEX(DATOS!$J$4:$N$8,Mapa!L27:L30,Mapa!M27:M30) -> Moderada | O27: Se tiene una reunión de cierre por cada auditoria interna en el cual el auditado revisa los hallazgos. Se cuenta con el procedimiento de Auditoria Interna y Guía para el ejercicio de la auditoria interna y normas de ética y profesionalidad. | P27: Son efectivos y están documentados | Q27: =_xlfn.IFS(P27=DATOS!$R$2,DATOS!$S$2,P27=DATOS!$R$3,DATOS!$S$3,P27=DATOS!$R$4,DATOS!$S$4,P27=DATOS!$R$5,DATOS!$S$5,P27=DATOS!$R$6,DATOS!$S$6) -> Fuerte | R27: =_xlfn.IFS(Q27=DATOS!$S$2,DATOS!$T$2,Q27=DATOS!$S$4,DATOS!$T$4,Q27=DATOS!$S$5,DATOS!$T$5,Q27=DATOS!$S$6,DATOS!$T$6) -> 100 | S27: =AVERAGE(R27:R30) -> 100 | T27: =IF(S27>=100,"Fuerte",IF(OR(S27=99,S27>=50),"Moderado","Débil")) -> Fuerte | U27: Directa | V27: No disminuye | W27: =_xlfn.IFS(AND(T27=DATOS!$S$5,U27=DATOS!$X$2),2,AND(T27=DATOS!$S$5,U27=DATOS!$U$4),0,AND(T27=DATOS!$S$5,U27=DATOS!$U$3),0,AND(T27=DATOS!$S$4,U27=DATOS!$U$2,1),1,AND(T27=DATOS!$S$4,U27=DATOS!$U$4),0,AND(T27=DATOS!$S$4,U27=DATOS!$U$3),0,AND(T27=DATOS!$S$2,U27=DATOS!$U$4),0) -> 2 | X27: =_xlfn.IFS(AND(T27=DATOS!$S$5,V27=DATOS!$U$2),2,AND(T27=DATOS!$S$5,V27=DATOS!$U$4),0,AND(T27=DATOS!$S$5,V27=DATOS!$U$3),1,AND(T27=DATOS!$S$4,V27=DATOS!$U$2,1),1,AND(T27=DATOS!$S$4,V27=DATOS!$U$4),0,AND(T27=DATOS!$S$4,V27=DATOS!$U$3),0,AND(T27=DATOS!$S$2,V27=DATOS!$U$4),0) -> 0 | Y27: =L27-W27 -> 0 | Z27: =M27-X27 -> 3 | AA27: =_xlfn.IFS(AND(Y27=0),1,AND(Y27=1),1,AND(Y27=2),2,AND(Y27=3),3,AND(Y27=4),4,AND(Y27=5),5,AND(Y27=-1),1) -> 1 | AB27: =_xlfn.IFS(AND(Z27=0),1,AND(Z27=1),1,AND(Z27=2),2,AND(Z27=3),3,AND(Z27=4),4,AND(Z27=5),5,AND(Z27=-1),1) -> 3 | AC27: =INDEX(DATOS!$J$4:$N$8,Mapa!AA27:AA30,Mapa!AB27:AB30) -> Moderada | AD27: =_xlfn.IFS(AC27=DATOS!$O$2,DATOS!$P$2,AC27=DATOS!$O$3,DATOS!$P$3,AC27=DATOS!$O$4,DATOS!$P$4,AC27=DATOS!$O$5,DATOS!$P$5) -> Asumir o reducir el riesgo | AE27: Reducir el riesgo | AF27: 1.El Asesor del SIG acompaña las auditorias internas y la redacción de informes de auditoria. 2. Para el proceso de Tecnología se realizará el acompañamiento por un experto técnico con formación en Ingeniería de Sistemas. 3. Para Procesos disciplinarios se cuenta con experto técnico con formación en derecho. Continuar aplicando los controles | AG27: Profesional de Auditoria Interna | AH27: 45665 | AI27: 46022 | AJ27: Trimestral | AK27: Indicador de ejecución de auditorias | AL27: Cuadro de Mando del proceso Control y Mejora Continua | AM27: 1. Analizar las causas del incumplimiento 2. Se solicita al responsable la apertura de la acción de mejora 3. Seguimiento a las acciones definidas. 4. En caso de requerimientos de Entes de control, se prepara la respuesta correspondiente y el proceso según aplique. | AN27: NO | AO27: No aplica | AP27: No aplica
D28: Control y Mejora Continua | F28: Gestión | G28: Estratégico | J28: Calidad de la evidencia, | K28: Pérdida de credibilidad de la Entidad, Multas o sanciones. | O28: El informe de las auditorias internas, se respalda con las listas de verificación de las auditorias. | P28: Son efectivos y están documentados | Q28: =_xlfn.IFS(P28=DATOS!$R$2,DATOS!$S$2,P28=DATOS!$R$3,DATOS!$S$3,P28=DATOS!$R$4,DATOS!$S$4,P28=DATOS!$R$5,DATOS!$S$5,P28=DATOS!$R$6,DATOS!$S$6) -> Fuerte | R28: =_xlfn.IFS(Q28=DATOS!$S$2,DATOS!$T$2,Q28=DATOS!$S$4,DATOS!$T$4,Q28=DATOS!$S$5,DATOS!$T$5,Q28=DATOS!$S$6,DATOS!$T$6) -> 100
D29: Control y Mejora Continua | F29: Gestión | G29: Estratégico | J29: Inadecuada redacción de los informes de evaluación. | K29: Hallazgos de Entes de control externos | O29: El Profesional de Auditoria interna participa en la elaboración de los informes de auditoria, verifica la claridad del informe frente a los criterios establecidos. | P29: Son efectivos y están documentados | Q29: =_xlfn.IFS(P29=DATOS!$R$2,DATOS!$S$2,P29=DATOS!$R$3,DATOS!$S$3,P29=DATOS!$R$4,DATOS!$S$4,P29=DATOS!$R$5,DATOS!$S$5,P29=DATOS!$R$6,DATOS!$S$6) -> Fuerte | R29: =_xlfn.IFS(Q29=DATOS!$S$2,DATOS!$T$2,Q29=DATOS!$S$4,DATOS!$T$4,Q29=DATOS!$S$5,DATOS!$T$5,Q29=DATOS!$S$6,DATOS!$T$6) -> 100
D30: Control y Mejora Continua | F30: Gestión | G30: Estratégico | J30: Inoportunidad en la entrega de los informes, fallas en la planeación de la auditoria. | K30: No se generan alertas tempranas para la toma de decisiones, incumplimiento de los objetivos institucionales. | O30: Se cuenta con el Programa Anual de Auditorias aprobado por el Consejo Directivo y se realiza seguimiento por parte del Profesional de Auditoria Interna para la entrega de informes | P30: Son efectivos y están documentados | Q30: =_xlfn.IFS(P30=DATOS!$R$2,DATOS!$S$2,P30=DATOS!$R$3,DATOS!$S$3,P30=DATOS!$R$4,DATOS!$S$4,P30=DATOS!$R$5,DATOS!$S$5,P30=DATOS!$R$6,DATOS!$S$6) -> Fuerte | R30: =_xlfn.IFS(Q30=DATOS!$S$2,DATOS!$T$2,Q30=DATOS!$S$4,DATOS!$T$4,Q30=DATOS!$S$5,DATOS!$T$5,Q30=DATOS!$S$6,DATOS!$T$6) -> 100
C31: 9 | D31: Todos los procesos | E31: Entrega de información inoportuna e imprecisa para la toma de decisiones | F31: Gestión | G31: Información | H31: No aplica | I31: No aplica | J31: Debilidad en la articulación de datos, errores en la toma y registro de los datos. Falta de habilidad y/o atención al detalle para la presentación de datos e información para indicadores. Falta de conciencia sobre la importancia de la calidad de los datos para la toma de decisiones estratégicas. Uso de herramientas informales (hojas de cálculo no integradas) que aumentan el riesgo de error. | K31: Mala toma de decisiones Pérdida de credibilidad interna y externa Reprocesos | L31: 3 | M31: 3 | N31: =INDEX(DATOS!$J$4:$N$8,Mapa!L31:L33,Mapa!M31:M33) -> Alta | O31: Mensualmente se consolida los datos entregados por los procesos en su Cuadro de Mando al Cuadro de Mando corporativo (indicadores relacionados) con los resultados de la gestión institucional. En caso de detectar inconsistencias se verifica y ajusta los datos. Capacitación periódica en gestión de información, análisis de datos y uso de sistemas institucionales (Cuadro de Mando, SIG, etc.). | P31: Son efectivos y están documentados | Q31: =_xlfn.IFS(P31=DATOS!$R$2,DATOS!$S$2,P31=DATOS!$R$3,DATOS!$S$3,P31=DATOS!$R$4,DATOS!$S$4,P31=DATOS!$R$5,DATOS!$S$5,P31=DATOS!$R$6,DATOS!$S$6) -> Fuerte | R31: =_xlfn.IFS(Q31=DATOS!$S$2,DATOS!$T$2,Q31=DATOS!$S$4,DATOS!$T$4,Q31=DATOS!$S$5,DATOS!$T$5,Q31=DATOS!$S$6,DATOS!$T$6) -> 100 | S31: =AVERAGE(R31:R33) -> 100 | T31: =IF(S31>=100,"Fuerte",IF(OR(S31=99,S31>=50),"Moderado","Débil")) -> Fuerte | U31: Directa | V31: No disminuye | W31: =_xlfn.IFS(AND(T31=DATOS!$S$5,U31=DATOS!$X$2),2,AND(T31=DATOS!$S$5,U31=DATOS!$U$4),0,AND(T31=DATOS!$S$5,U31=DATOS!$U$3),0,AND(T31=DATOS!$S$4,U31=DATOS!$U$2,1),1,AND(T31=DATOS!$S$4,U31=DATOS!$U$4),0,AND(T31=DATOS!$S$4,U31=DATOS!$U$3),0,AND(T31=DATOS!$S$2,U31=DATOS!$U$4),0) -> 2 | X31: =_xlfn.IFS(AND(T31=DATOS!$S$5,V31=DATOS!$U$2),2,AND(T31=DATOS!$S$5,V31=DATOS!$U$4),0,AND(T31=DATOS!$S$5,V31=DATOS!$U$3),1,AND(T31=DATOS!$S$4,V31=DATOS!$U$2,1),1,AND(T31=DATOS!$S$4,V31=DATOS!$U$4),0,AND(T31=DATOS!$S$4,V31=DATOS!$U$3),0,AND(T31=DATOS!$S$2,V31=DATOS!$U$4),0) -> 0 | Y31: =L31-W31 -> 1 | Z31: =M31-X31 -> 3 | AA31: =_xlfn.IFS(AND(Y31=0),1,AND(Y31=1),1,AND(Y31=2),2,AND(Y31=3),3,AND(Y31=4),4,AND(Y31=5),5,AND(Y31=-1),1) -> 1 | AB31: =_xlfn.IFS(AND(Z31=0),1,AND(Z31=1),1,AND(Z31=2),2,AND(Z31=3),3,AND(Z31=4),4,AND(Z31=5),5,AND(Z31=-1),1) -> 3 | AC31: =INDEX(DATOS!$J$4:$N$8,Mapa!AA31:AA33,Mapa!AB31:AB33) -> Moderada | AD31: =_xlfn.IFS(AC31=DATOS!$O$2,DATOS!$P$2,AC31=DATOS!$O$3,DATOS!$P$3,AC31=DATOS!$O$4,DATOS!$P$4,AC31=DATOS!$O$5,DATOS!$P$5) -> Asumir o reducir el riesgo | AE31: Reducir el riesgo | AF31: 1. El Analista de Planeación y Profesional de Auditoria Interna revisará todo el análisis de datos generado por el SIG (auditorias, indicadores, encuestas de satisfacción, evaluación de proveedores, etc.) para verificar oportunidad y precisión. 2. Implementación de Cuadros de Mando por proceso. 3. Seguimiento mensual a la actualización de los Cuadros de Mando de los procesos. Continuar aplicando los controles 3 Instructivo para el diligenciamiento y presentación de indicadores. | AG31: Analista de Planeación/Profesional de Auditoria Interna/Profesional Dirección Ejecutiva | AH31: 45665 | AI31: 46022 | AJ31: Mensual | AK31: •Seguimiento a la actividad 2 del plan inspección para el fortalecimiento a procesos. • Informes de auditorias internas. | AL31: Carpeta compartida de control y mejora continua. | AM31: 1. Analizar las causas del incumplimiento 2. Se solicita al responsable la apertura de la acción de mejora 3. Seguimiento a las acciones definidas. | AN31: SI | AO31: NC del proceso direccionamiento estratégico: No se evidencia en todos los casos la validación de los resultados de los métodos de seguimiento y medición de los indicadores de gestión: •Respecto al Indicador de Cumplimiento del PINAR, el resultado registrado para enero es del 100%. Sin embargo, al revisar el archivo soporte del plan de trabajo del PINAR, se observa que no se han programado actividades para este mes. •En cuanto al Indicador de Proyectos, se reporta un cumplimiento del 100% para el mes de enero. Sin embargo, al revisar el archivo soporte y conciliar el plan de trabajo del SGDEA con el archivo de Formulación de Proyectos, se observa que, aunque se contempla una actividad para enero relacionada con los flujos de trabajo de producción de matrículas, esta no fue ejecutada. Lo anterior incumplió con el numeral 9.1 Seguimiento, Medición, Análisis y Evaluación -Generalidades de la ISO 9001:2015. NC del proceso Fomento educativo: Se evidencia que el Cronograma de capacitación inicial no se actualiza conforme a los imprevistos o eventos realizados posteriormente, por lo tanto impacta en el cálculo de los indicadores de eficacia del fomento educativo e índice de asistencia, generando resultados no validos ni fiables. Incumpliendo lo establecido en el numeral 7.1.5.1 Recursos de seguimiento y medición- Generalidades de la norma ISO 9001:2015 NC Proceso Producción de matricula: Durante la auditoría se evidenciaron inconsistencias entre lo planificado, lo ejecutado y lo reportado, así como deficiencias en el análisis de indicadores del proceso, lo que compromete la confiabilidad de la información utilizada para la toma de decisiones y la mejora del desempeño. En particular: En el plan de trabajo del proceso, se estableció como meta la inactivación de 130 licencias especiales por caducidad. Sin embargo, en la actualización de la base de matriculados se registran solo 127 licencias inactivadas, sin justificación ni trazabilidad de la diferencia de tres casos frente al objetivo trazado. b) En el análisis del indicador del mes de enero, se reportó que no se presentaron productos no conformes identificados por el cliente. No obstante, al revisar la base de datos del sistema PQRSD, se identificaron cuatro productos no conformes no contemplados en dicho análisis, con los siguientes consecutivos: i. 2-2025120000114 – Corrección de plantilla – EDUTECNICA – Subsanado (sin radicado). ii. Sin radicado – Error en el cargue de plantilla – CEFFIC – Subsanado. iii. 2-2025120000123 – Corrección de plantilla – EDUTECNICA – Subsanado. iv. 2-2025120000119 – Corrección de plantilla – EDUTECNICA – Subsanado. Estas no conformidades fueron gestionadas, pero no se reflejan en el indicador, afectando la integridad del análisis mensual y el seguimiento a la satisfacción del cliente. Incumpliendo lo establecido en el numeral 9.1.1 Seguimiento, medición, análisis y evaluación literal b) y 9.1.3 Análisis y evaluación de la norma ISO 9001:2015 | AP31: 86-15-91
D32: Todos los procesos | F32: Gestión | G32: Información | J32: Debilidad en la articulación de procesos. Bajo nivel de formación en manejo de herramientas de análisis y reporte por parte del personal responsable. Falta de trazabilidad en los datos de información. Falta de confiabilidad en las herramientas tecnológicas o mecanismos automatizados. | O32: Los Cuadros de Mando de los diferentes procesos son validados en las auditorias internas. Aplicación del plan de inspección para el fortalecimiento de procesos - actividad 2 | P32: Son efectivos y están documentados | Q32: =_xlfn.IFS(P32=DATOS!$R$2,DATOS!$S$2,P32=DATOS!$R$3,DATOS!$S$3,P32=DATOS!$R$4,DATOS!$S$4,P32=DATOS!$R$5,DATOS!$S$5,P32=DATOS!$R$6,DATOS!$S$6) -> Fuerte | R32: =_xlfn.IFS(Q32=DATOS!$S$2,DATOS!$T$2,Q32=DATOS!$S$4,DATOS!$T$4,Q32=DATOS!$S$5,DATOS!$T$5,Q32=DATOS!$S$6,DATOS!$T$6) -> 100
D33: Todos los procesos | F33: Gestión | G33: Información | O33: El Profesional de la Dirección Ejecutiva o Analista de Planeación solicita la apertura de las acciones de mejora correspondientes cuando los indicadores están en rojo o insatisfactorio, los resultados de auditorias internas y demás análisis de datos derivados del SIG. | P33: Son efectivos y están documentados | Q33: =_xlfn.IFS(P33=DATOS!$R$2,DATOS!$S$2,P33=DATOS!$R$3,DATOS!$S$3,P33=DATOS!$R$4,DATOS!$S$4,P33=DATOS!$R$5,DATOS!$S$5,P33=DATOS!$R$6,DATOS!$S$6) -> Fuerte | R33: =_xlfn.IFS(Q33=DATOS!$S$2,DATOS!$T$2,Q33=DATOS!$S$4,DATOS!$T$4,Q33=DATOS!$S$5,DATOS!$T$5,Q33=DATOS!$S$6,DATOS!$T$6) -> 100
C34: 10 | D34: Control y Mejora Continua | E34: Inadecuada planificación y desarrollo de las actividades relacionadas con la implementación y mantenimiento del Sistema Integrado de Gestión | F34: Gestión | G34: Operativo | H34: No aplica | I34: No aplica | J34: Falta de articulación entre los objetivos estratégicos y los componentes del SIG. Ausencia de un cronograma institucional que incluya la implementación, mantenimiento y mejora del SIG. | K34: Implementación parcial o superficial del Sistema Integrado de Gestión. Dificultad para evidenciar cumplimiento normativo ante entes de control. Reprocesos en auditorías internas y externas. Incumplimiento de metas institucionales ligadas a calidad, ambiente, SST u otros ejes del SIG. Pérdida de credibilidad institucional frente a usuarios, técnicos registrados y otras partes interesadas. Posibles sanciones o llamados de atención por parte de entes reguladores. | L34: 1 | M34: 2 | N34: =INDEX(DATOS!$J$4:$N$8,Mapa!L34:L36,Mapa!M34:M36) -> Baja | O34: Aprobación y divulgación institucional de los Planes de implementación y/o mantenimiento del SIG, alineado con las estrategias, incluyendo responsables, metas, cronograma y recursos asignados. | P34: Son efectivos y están documentados | Q34: =_xlfn.IFS(P34=DATOS!$R$2,DATOS!$S$2,P34=DATOS!$R$3,DATOS!$S$3,P34=DATOS!$R$4,DATOS!$S$4,P34=DATOS!$R$5,DATOS!$S$5,P34=DATOS!$R$6,DATOS!$S$6) -> Fuerte | R34: =_xlfn.IFS(Q34=DATOS!$S$2,DATOS!$T$2,Q34=DATOS!$S$4,DATOS!$T$4,Q34=DATOS!$S$5,DATOS!$T$5,Q34=DATOS!$S$6,DATOS!$T$6) -> 100 | S34: =AVERAGE(R34:R36) -> 100 | T34: =IF(S34>=100,"Fuerte",IF(OR(S34=99,S34>=50),"Moderado","Débil")) -> Fuerte | U34: Directa | V34: Directa | W34: =_xlfn.IFS(AND(T34=DATOS!$S$5,U34=DATOS!$X$2),2,AND(T34=DATOS!$S$5,U34=DATOS!$U$4),0,AND(T34=DATOS!$S$5,U34=DATOS!$U$3),0,AND(T34=DATOS!$S$4,U34=DATOS!$U$2,1),1,AND(T34=DATOS!$S$4,U34=DATOS!$U$4),0,AND(T34=DATOS!$S$4,U34=DATOS!$U$3),0,AND(T34=DATOS!$S$2,U34=DATOS!$U$4),0) -> 2 | X34: =_xlfn.IFS(AND(T34=DATOS!$S$5,V34=DATOS!$U$2),2,AND(T34=DATOS!$S$5,V34=DATOS!$U$4),0,AND(T34=DATOS!$S$5,V34=DATOS!$U$3),1,AND(T34=DATOS!$S$4,V34=DATOS!$U$2,1),1,AND(T34=DATOS!$S$4,V34=DATOS!$U$4),0,AND(T34=DATOS!$S$4,V34=DATOS!$U$3),0,AND(T34=DATOS!$S$2,V34=DATOS!$U$4),0) -> 2 | Y34: =L34-W34 -> -1 | Z34: =M34-X34 -> 0 | AA34: =_xlfn.IFS(AND(Y34=0),1,AND(Y34=1),1,AND(Y34=2),2,AND(Y34=3),3,AND(Y34=4),4,AND(Y34=5),5,AND(Y34=-1),1) -> 1 | AB34: =_xlfn.IFS(AND(Z34=0),1,AND(Z34=1),1,AND(Z34=2),2,AND(Z34=3),3,AND(Z34=4),4,AND(Z34=5),5,AND(Z34=-1),1) -> 1 | AC34: =INDEX(DATOS!$J$4:$N$8,Mapa!AA34:AA36,Mapa!AB34:AB36) -> Baja | AD34: =_xlfn.IFS(AC34=DATOS!$O$2,DATOS!$P$2,AC34=DATOS!$O$3,DATOS!$P$3,AC34=DATOS!$O$4,DATOS!$P$4,AC34=DATOS!$O$5,DATOS!$P$5) -> Asumir el riesgo | AE34: Asumir el riesgo | AF34: 1. Implementar el plan de trabajo del Subsistema de SST 2. Implementación del programa de auditorias internas. Continuar aplicando los controles | AG34: Analista de Planeación / Líder Administrativo / Profesional de auditoria interna | AH34: 45665 | AI34: 46022 | AJ34: Trimestral | AK34: Implementación del Plan de trabajo SST y responsabilidad social. | AL34: Cuadro de Mando proceso administrativo | AM34: 1. Ajustar el cronograma 2.Realizar ajustes a las metodologías 3. Reiteración de comunicados y Ampliación de plazos | AN34: NO | AO34: No aplica | AP34: No aplica
D35: Control y Mejora Continua | F35: Gestión | G35: Ambiental | J35: Insuficiente divulgación y conocimiento del componentes y elementos del SIG por parte de los procesos . Falta de liderazgo y apropiación por parte de los líderes de proceso frente al SIG. Rotación de personal sin inducción en temas de calidad y gestión integral. | O35: Implementar las metodologías establecidas en la gestión de los procesos (encuestas de satisfacción, cuadro de mando, evaluación de proveedores, etc.). Implementación de los procedimientos de Inducción, entrenamiento y capacitación. | P35: Son efectivos y están documentados | Q35: =_xlfn.IFS(P35=DATOS!$R$2,DATOS!$S$2,P35=DATOS!$R$3,DATOS!$S$3,P35=DATOS!$R$4,DATOS!$S$4,P35=DATOS!$R$5,DATOS!$S$5,P35=DATOS!$R$6,DATOS!$S$6) -> Fuerte | R35: =_xlfn.IFS(Q35=DATOS!$S$2,DATOS!$T$2,Q35=DATOS!$S$4,DATOS!$T$4,Q35=DATOS!$S$5,DATOS!$T$5,Q35=DATOS!$S$6,DATOS!$T$6) -> 100
D36: Control y Mejora Continua | F36: Gestión | G36: SST | J36: Insuficientes mecanismos de monitoreo en el desarrollo e implementación del SIG | O36: Realizar el monitoreo a la implementación de los planes de trabajo del SIG. | P36: Son efectivos y están documentados | Q36: =_xlfn.IFS(P36=DATOS!$R$2,DATOS!$S$2,P36=DATOS!$R$3,DATOS!$S$3,P36=DATOS!$R$4,DATOS!$S$4,P36=DATOS!$R$5,DATOS!$S$5,P36=DATOS!$R$6,DATOS!$S$6) -> Fuerte | R36: =_xlfn.IFS(Q36=DATOS!$S$2,DATOS!$T$2,Q36=DATOS!$S$4,DATOS!$T$4,Q36=DATOS!$S$5,DATOS!$T$5,Q36=DATOS!$S$6,DATOS!$T$6) -> 100
C37: 11 | D37: Control y Mejora Continua | E37: Inadecuada implementación de los planes de mejoramiento por parte de los procesos del Sistema Integrado de Gestión y/o acciones de mejora ineficaces | F37: Gestión | G37: Operativo | H37: No aplica | I37: No aplica | J37: Falta de conocimiento de las metodologías relacionadas a mejoramiento. Débil análisis de viabilidad técnica y operativa de las acciones propuestas. | K37: Reprocesos en la formulación de los planes de mejoramiento. Mejoras no incorporadas en la gestión de los procesos Cierre no eficaz de los planes de mejoramiento Incumplimientos Mala imagen Pérdida de credibilidad | L37: 1 | M37: 2 | N37: =INDEX(DATOS!$J$4:$N$8,Mapa!L37:L39,Mapa!M37:M39) -> Baja | O37: Procedimiento Gestión del cambio y acciones de Mejora. | P37: Son efectivos y están documentados | Q37: =_xlfn.IFS(P37=DATOS!$R$2,DATOS!$S$2,P37=DATOS!$R$3,DATOS!$S$3,P37=DATOS!$R$4,DATOS!$S$4,P37=DATOS!$R$5,DATOS!$S$5,P37=DATOS!$R$6,DATOS!$S$6) -> Fuerte | R37: =_xlfn.IFS(Q37=DATOS!$S$2,DATOS!$T$2,Q37=DATOS!$S$4,DATOS!$T$4,Q37=DATOS!$S$5,DATOS!$T$5,Q37=DATOS!$S$6,DATOS!$T$6) -> 100 | S37: =AVERAGE(R37:R39) -> 100 | T37: =IF(S37>=100,"Fuerte",IF(OR(S37=99,S37>=50),"Moderado","Débil")) -> Fuerte | U37: Directa | V37: Directa | W37: =_xlfn.IFS(AND(T37=DATOS!$S$5,U37=DATOS!$X$2),2,AND(T37=DATOS!$S$5,U37=DATOS!$U$4),0,AND(T37=DATOS!$S$5,U37=DATOS!$U$3),0,AND(T37=DATOS!$S$4,U37=DATOS!$U$2,1),1,AND(T37=DATOS!$S$4,U37=DATOS!$U$4),0,AND(T37=DATOS!$S$4,U37=DATOS!$U$3),0,AND(T37=DATOS!$S$2,U37=DATOS!$U$4),0) -> 2 | X37: =_xlfn.IFS(AND(T37=DATOS!$S$5,V37=DATOS!$U$2),2,AND(T37=DATOS!$S$5,V37=DATOS!$U$4),0,AND(T37=DATOS!$S$5,V37=DATOS!$U$3),1,AND(T37=DATOS!$S$4,V37=DATOS!$U$2,1),1,AND(T37=DATOS!$S$4,V37=DATOS!$U$4),0,AND(T37=DATOS!$S$4,V37=DATOS!$U$3),0,AND(T37=DATOS!$S$2,V37=DATOS!$U$4),0) -> 2 | Y37: =L37-W37 -> -1 | Z37: =M37-X37 -> 0 | AA37: =_xlfn.IFS(AND(Y37=0),1,AND(Y37=1),1,AND(Y37=2),2,AND(Y37=3),3,AND(Y37=4),4,AND(Y37=5),5,AND(Y37=-1),1) -> 1 | AB37: =_xlfn.IFS(AND(Z37=0),1,AND(Z37=1),1,AND(Z37=2),2,AND(Z37=3),3,AND(Z37=4),4,AND(Z37=5),5,AND(Z37=-1),1) -> 1 | AC37: =INDEX(DATOS!$J$4:$N$8,Mapa!AA37:AA39,Mapa!AB37:AB39) -> Baja | AD37: =_xlfn.IFS(AC37=DATOS!$O$2,DATOS!$P$2,AC37=DATOS!$O$3,DATOS!$P$3,AC37=DATOS!$O$4,DATOS!$P$4,AC37=DATOS!$O$5,DATOS!$P$5) -> Asumir el riesgo | AE37: Asumir el riesgo | AF37: 1. Seguimiento del estado de implementación de las acciones de mejora por parte del Profesional de Auditorias Internas 2. Informe de acciones de mejora abiertas a cada líder de proceso. 3. Se revisan las acciones pendientes por ejecutar en el comité directivo. | AG37: Profesional de Auditoria Interna | AH37: 45665 | AI37: 46022 | AJ37: Trimestral | AK37: Indicador Implementar acciones de mejora eficaces | AL37: Cuadro de Mando Corporativo | AM37: 1. Corregir y ajustar los planes de mejora que no cumplen las especificaciones 2. Si, la acción de mejora no es eficaz se debe generar una nueva acción de mejora. | AN37: NO | AO37: No aplica | AP37: No aplica
D38: Control y Mejora Continua | F38: Gestión | G38: Ambiental | J38: Insuficientes mecanismos de divulgación sobre las metodologías de mejoramiento Falta de implementación del plan de acción definido por parte del proceso | O38: Reuniones en compañía de un equipo interdisciplinario para documentar las acciones de mejora con los involucrados. | P38: Son efectivos y están documentados | Q38: =_xlfn.IFS(P38=DATOS!$R$2,DATOS!$S$2,P38=DATOS!$R$3,DATOS!$S$3,P38=DATOS!$R$4,DATOS!$S$4,P38=DATOS!$R$5,DATOS!$S$5,P38=DATOS!$R$6,DATOS!$S$6) -> Fuerte | R38: =_xlfn.IFS(Q38=DATOS!$S$2,DATOS!$T$2,Q38=DATOS!$S$4,DATOS!$T$4,Q38=DATOS!$S$5,DATOS!$T$5,Q38=DATOS!$S$6,DATOS!$T$6) -> 100
D39: Control y Mejora Continua | F39: Gestión | G39: SST | J39: Débil evaluación de la viabilidad de desarrollo de los planes de mejoramiento | O39: Realización de seguimiento a la implementación de las acciones de mejora y evaluación de recursos en la implementación de las mismas a través de la matriz de acciones. | P39: Son efectivos y están documentados | Q39: =_xlfn.IFS(P39=DATOS!$R$2,DATOS!$S$2,P39=DATOS!$R$3,DATOS!$S$3,P39=DATOS!$R$4,DATOS!$S$4,P39=DATOS!$R$5,DATOS!$S$5,P39=DATOS!$R$6,DATOS!$S$6) -> Fuerte | R39: =_xlfn.IFS(Q39=DATOS!$S$2,DATOS!$T$2,Q39=DATOS!$S$4,DATOS!$T$4,Q39=DATOS!$S$5,DATOS!$T$5,Q39=DATOS!$S$6,DATOS!$T$6) -> 100
C40: 12 | D40: Control y Mejora Continua | E40: Incumplimiento de las disposiciones institucionales y normativas en materia de gestión documental | F40: Gestión | G40: Operativo | H40: No aplica | I40: No aplica | J40: Desactualización o desconocimiento de las Tablas de Retención Documental (TRD) y de la Gestión Documental. | K40: Incumplimiento al Sistema Integrado de gestión Incumplimiento normativo en materia de gestión documental y archivística | L40: 4 | M40: 3 | N40: =INDEX(DATOS!$J$4:$N$8,Mapa!L40:L42,Mapa!M40:M42) -> Alta | O40: Implementación del Manual de Gestión documental y el procedimiento de Control de información documentada. | P40: Son efectivos y están documentados | Q40: =_xlfn.IFS(P40=DATOS!$R$2,DATOS!$S$2,P40=DATOS!$R$3,DATOS!$S$3,P40=DATOS!$R$4,DATOS!$S$4,P40=DATOS!$R$5,DATOS!$S$5,P40=DATOS!$R$6,DATOS!$S$6) -> Fuerte | R40: =_xlfn.IFS(Q40=DATOS!$S$2,DATOS!$T$2,Q40=DATOS!$S$4,DATOS!$T$4,Q40=DATOS!$S$5,DATOS!$T$5,Q40=DATOS!$S$6,DATOS!$T$6) -> 100 | S40: =AVERAGE(R40:R42) -> 66.666667 | T40: =IF(S40>=100,"Fuerte",IF(OR(S40=99,S40>=50),"Moderado","Débil")) -> Moderado | U40: Directa | V40: Directa | W40: =_xlfn.IFS(AND(T40=DATOS!$S$5,U40=DATOS!$X$2),2,AND(T40=DATOS!$S$5,U40=DATOS!$U$4),0,AND(T40=DATOS!$S$5,U40=DATOS!$U$3),0,AND(T40=DATOS!$S$4,U40=DATOS!$U$2,1),1,AND(T40=DATOS!$S$4,U40=DATOS!$U$4),0,AND(T40=DATOS!$S$4,U40=DATOS!$U$3),0,AND(T40=DATOS!$S$2,U40=DATOS!$U$4),0) -> 1 | X40: =_xlfn.IFS(AND(T40=DATOS!$S$5,V40=DATOS!$U$2),2,AND(T40=DATOS!$S$5,V40=DATOS!$U$4),0,AND(T40=DATOS!$S$5,V40=DATOS!$U$3),1,AND(T40=DATOS!$S$4,V40=DATOS!$U$2,1),1,AND(T40=DATOS!$S$4,V40=DATOS!$U$4),0,AND(T40=DATOS!$S$4,V40=DATOS!$U$3),0,AND(T40=DATOS!$S$2,V40=DATOS!$U$4),0) -> 1 | Y40: =L40-W40 -> 3 | Z40: =M40-X40 -> 2 | AA40: =_xlfn.IFS(AND(Y40=0),1,AND(Y40=1),1,AND(Y40=2),2,AND(Y40=3),3,AND(Y40=4),4,AND(Y40=5),5,AND(Y40=-1),1) -> 3 | AB40: =_xlfn.IFS(AND(Z40=0),1,AND(Z40=1),1,AND(Z40=2),2,AND(Z40=3),3,AND(Z40=4),4,AND(Z40=5),5,AND(Z40=-1),1) -> 2 | AC40: =INDEX(DATOS!$J$4:$N$8,Mapa!AA40:AA42,Mapa!AB40:AB42) -> Moderada | AD40: =_xlfn.IFS(AC40=DATOS!$O$2,DATOS!$P$2,AC40=DATOS!$O$3,DATOS!$P$3,AC40=DATOS!$O$4,DATOS!$P$4,AC40=DATOS!$O$5,DATOS!$P$5) -> Asumir o reducir el riesgo | AE40: Reducir el riesgo | AF40: 1. Brindar capacitaciones en manejo de archivo al personal de planta 2. Revisión las TRD y aprobarlas 3. Actualización y socialización del PINAR 4. Implementación de la gestión documental del CONTE. 5. Proyecto: Adquisición del licenciamiento, parametrización, implementación y puesta en producción del sistema de gestión de documento electrónico de archivo – SGDEA. Continuar aplicando los controles. | AG40: Profesional Dirección Ejecutiva / Profesional Gestión Documental | AH40: 45665 | AI40: 46022 | AJ40: Semestral | AK40: Cuadro de mando integral - Profesional de gestión documental | AL40: Cuadro de Mando proceso Control y Mejora Continua Cuadro de Mando Corporativo | AM40: 1. Analizar las causas del incumplimiento 2. Se solicita al responsable la apertura de la acción de mejora - Realizar Nuevamente capacitaciones en manejo de archivos 3. Seguimiento a las acciones definidas. | AN40: NO | AO40: No aplica | AP40: No aplica
D41: Control y Mejora Continua | F41: Gestión | G41: Operativo | J41: Falta de formación continua del personal en normatividad y procedimientos de gestión documental. Alta rotación de personal sin inducción adecuada en gestión documental. Baja apropiación de las responsabilidades de gestión documental por parte de los procesos. | O41: Brindar capacitaciones en manejo de archivo, PINAR y TRD a todos los colaboradores | P41: Son efectivos y están documentados | Q41: =_xlfn.IFS(P41=DATOS!$R$2,DATOS!$S$2,P41=DATOS!$R$3,DATOS!$S$3,P41=DATOS!$R$4,DATOS!$S$4,P41=DATOS!$R$5,DATOS!$S$5,P41=DATOS!$R$6,DATOS!$S$6) -> Fuerte | R41: =_xlfn.IFS(Q41=DATOS!$S$2,DATOS!$T$2,Q41=DATOS!$S$4,DATOS!$T$4,Q41=DATOS!$S$5,DATOS!$T$5,Q41=DATOS!$S$6,DATOS!$T$6) -> 100
D42: Control y Mejora Continua | F42: Gestión | G42: Operativo | J42: Ausencia de seguimiento periódico al cumplimiento de las TRD y del procedimiento de control documental. Limitada implementación de herramientas tecnológicas (SGDEA) que permitan trazabilidad y automatización. | O42: Convalidación de las TRD ante la AGN Seguimiento a la implementación de las TRD | P42: Están documentados pero No son efectivos | Q42: =_xlfn.IFS(P42=DATOS!$R$2,DATOS!$S$2,P42=DATOS!$R$3,DATOS!$S$3,P42=DATOS!$R$4,DATOS!$S$4,P42=DATOS!$R$5,DATOS!$S$5,P42=DATOS!$R$6,DATOS!$S$6) -> Débil | R42: =_xlfn.IFS(Q42=DATOS!$S$2,DATOS!$T$2,Q42=DATOS!$S$4,DATOS!$T$4,Q42=DATOS!$S$5,DATOS!$T$5,Q42=DATOS!$S$6,DATOS!$T$6) -> 0
C43: 13 | D43: Control y Mejora Continua | E43: Deficiente conservación y preservación de la memoria institucional.(Archivo Central) | F43: Gestión | G43: Operativo | H43: No aplica | I43: No aplica | J43: Falta de seguimiento y control a los prestamos de documentos del archivo central y a la eliminación de documentos según TRD | K43: Pérdida o extracción de la documentación Deficiente conservación y preservación de la memoria institucional. Sanciones, incumplimientos, mala imagen, pérdida de credibilidad | L43: 3 | M43: 4 | N43: =INDEX(DATOS!$J$4:$N$8,Mapa!L43:L45,Mapa!M43:M45) -> Extrema | O43: Se lleva registro de control de préstamo de los documentos, se actualizan las TRD , se cuenta con el Manual de Gestión Documental. | P43: Son efectivos pero no están documentados | Q43: =_xlfn.IFS(P43=DATOS!$R$2,DATOS!$S$2,P43=DATOS!$R$3,DATOS!$S$3,P43=DATOS!$R$4,DATOS!$S$4,P43=DATOS!$R$5,DATOS!$S$5,P43=DATOS!$R$6,DATOS!$S$6) -> Moderado | R43: =_xlfn.IFS(Q43=DATOS!$S$2,DATOS!$T$2,Q43=DATOS!$S$4,DATOS!$T$4,Q43=DATOS!$S$5,DATOS!$T$5,Q43=DATOS!$S$6,DATOS!$T$6) -> 50 | S43: =AVERAGE(R43:R45) -> 33.333333 | T43: =IF(S43>=100,"Fuerte",IF(OR(S43=99,S43>=50),"Moderado","Débil")) -> Débil | U43: No disminuye | V43: No disminuye | W43: =_xlfn.IFS(AND(T43=DATOS!$S$5,U43=DATOS!$X$2),2,AND(T43=DATOS!$S$5,U43=DATOS!$U$4),0,AND(T43=DATOS!$S$5,U43=DATOS!$U$3),0,AND(T43=DATOS!$S$4,U43=DATOS!$U$2,1),1,AND(T43=DATOS!$S$4,U43=DATOS!$U$4),0,AND(T43=DATOS!$S$4,U43=DATOS!$U$3),0,AND(T43=DATOS!$S$2,U43=DATOS!$U$4),0) -> 0 | X43: =_xlfn.IFS(AND(T43=DATOS!$S$5,V43=DATOS!$U$2),2,AND(T43=DATOS!$S$5,V43=DATOS!$U$4),0,AND(T43=DATOS!$S$5,V43=DATOS!$U$3),1,AND(T43=DATOS!$S$4,V43=DATOS!$U$2,1),1,AND(T43=DATOS!$S$4,V43=DATOS!$U$4),0,AND(T43=DATOS!$S$4,V43=DATOS!$U$3),0,AND(T43=DATOS!$S$2,V43=DATOS!$U$4),0) -> 0 | Y43: =L43-W43 -> 3 | Z43: =M43-X43 -> 4 | AA43: =_xlfn.IFS(AND(Y43=0),1,AND(Y43=1),1,AND(Y43=2),2,AND(Y43=3),3,AND(Y43=4),4,AND(Y43=5),5,AND(Y43=-1),1) -> 3 | AB43: =_xlfn.IFS(AND(Z43=0),1,AND(Z43=1),1,AND(Z43=2),2,AND(Z43=3),3,AND(Z43=4),4,AND(Z43=5),5,AND(Z43=-1),1) -> 4 | AC43: =INDEX(DATOS!$J$4:$N$8,Mapa!AA43:AA45,Mapa!AB43:AB45) -> Extrema | AD43: =_xlfn.IFS(AC43=DATOS!$O$2,DATOS!$P$2,AC43=DATOS!$O$3,DATOS!$P$3,AC43=DATOS!$O$4,DATOS!$P$4,AC43=DATOS!$O$5,DATOS!$P$5) -> Evitar, reducir, Compartir o transferir el riesgo | AE43: Reducir el riesgo | AF43: 1. Implementación de la gestión documental del CONTE. 2. Actualización y socialización del PINAR 3.Implementacion del proyecto Entrega del archivo de gestión documental 4. Adquisición del licenciamiento, parametrización, implementación y puesta en producción del sistema de gestión de documento electrónico de archivo – SGDEA 5. Continuar aplicando los controles | AG43: Profesional Dirección Ejecutiva / Profesional Gestión Documental | AH43: 45665 | AI43: 46022 | AJ43: Trimestral | AK43: Implementar el PINAR del CONTE Indicador cumplimiento de proyectos | AL43: Cuadro de mando integral - Profesional de gestión documental | AM43: Se realiza investigación disciplinaria, reconstrucción de información de acuerdo a la normatividad legal vigente | AN43: NO | AO43: No aplica | AP43: No aplica
D44: Control y Mejora Continua | F44: Gestión | G44: Operativo | J44: Infraestructura deficiente para la conservación de archivo. No Se cuenta con la infraestructura necesaria para el almacenamiento y custodia del archivo, estantes, carpetas, cajas, etc. | P44: No existen | Q44: =_xlfn.IFS(P44=DATOS!$R$2,DATOS!$S$2,P44=DATOS!$R$3,DATOS!$S$3,P44=DATOS!$R$4,DATOS!$S$4,P44=DATOS!$R$5,DATOS!$S$5,P44=DATOS!$R$6,DATOS!$S$6) -> Débil | R44: =_xlfn.IFS(Q44=DATOS!$S$2,DATOS!$T$2,Q44=DATOS!$S$4,DATOS!$T$4,Q44=DATOS!$S$5,DATOS!$T$5,Q44=DATOS!$S$6,DATOS!$T$6) -> 0
D45: Control y Mejora Continua | F45: Gestión | G45: Operativo | J45: Ingreso de personal no autorizado al archivo central y/o a los archivos de gestión | O45: Esta prohibido el ingreso de personal no autorizado y se cuentan con las cámaras de seguridad como seguimiento y control. | P45: Son efectivos pero no están documentados | Q45: =_xlfn.IFS(P45=DATOS!$R$2,DATOS!$S$2,P45=DATOS!$R$3,DATOS!$S$3,P45=DATOS!$R$4,DATOS!$S$4,P45=DATOS!$R$5,DATOS!$S$5,P45=DATOS!$R$6,DATOS!$S$6) -> Moderado | R45: =_xlfn.IFS(Q45=DATOS!$S$2,DATOS!$T$2,Q45=DATOS!$S$4,DATOS!$T$4,Q45=DATOS!$S$5,DATOS!$T$5,Q45=DATOS!$S$6,DATOS!$T$6) -> 50
C46: 14 | D46: Control y Mejora Continua | E46: Incumplimiento en los términos de ley para la respuesta de PQRS | F46: Gestión | G46: Cumplimiento | H46: No aplica | I46: No aplica | J46: Quien recibe la PQRSD no registra la misma, no se direcciona al proceso encargado, falta de planificación, seguimiento y control a la resolución de las PQRSD Falta de compromiso con la atención oportuna de las PQRSD recibidas. Desconocimiento por parte de los colaboradores en las consecuencias legales en las que podría incurrir el CONTE por falta de respuestas a PQRSD | K46: Sanciones de las entidades de vigilancia y control, silencios administrativos, acciones legales en contra de la empresa, daño a la imagen de la empresa Demora en la generación de respuesta a las partes interesadas, toma de decisiones equivocadas | L46: 5 | M46: 4 | N46: =INDEX(DATOS!$J$4:$N$8,Mapa!L46:L48,Mapa!M46:M48) -> Extrema | O46: Se cuenta con el procedimiento para manejo de las PQRSD. | P46: Son efectivos y están documentados | Q46: =_xlfn.IFS(P46=DATOS!$R$2,DATOS!$S$2,P46=DATOS!$R$3,DATOS!$S$3,P46=DATOS!$R$4,DATOS!$S$4,P46=DATOS!$R$5,DATOS!$S$5,P46=DATOS!$R$6,DATOS!$S$6) -> Fuerte | R46: =_xlfn.IFS(Q46=DATOS!$S$2,DATOS!$T$2,Q46=DATOS!$S$4,DATOS!$T$4,Q46=DATOS!$S$5,DATOS!$T$5,Q46=DATOS!$S$6,DATOS!$T$6) -> 100 | S46: =AVERAGE(R46:R48) -> 66.666667 | T46: =IF(S46>=100,"Fuerte",IF(OR(S46=99,S46>=50),"Moderado","Débil")) -> Moderado | U46: Directa | V46: Directa | W46: =_xlfn.IFS(AND(T46=DATOS!$S$5,U46=DATOS!$X$2),2,AND(T46=DATOS!$S$5,U46=DATOS!$U$4),0,AND(T46=DATOS!$S$5,U46=DATOS!$U$3),0,AND(T46=DATOS!$S$4,U46=DATOS!$U$2,1),1,AND(T46=DATOS!$S$4,U46=DATOS!$U$4),0,AND(T46=DATOS!$S$4,U46=DATOS!$U$3),0,AND(T46=DATOS!$S$2,U46=DATOS!$U$4),0) -> 1 | X46: =_xlfn.IFS(AND(T46=DATOS!$S$5,V46=DATOS!$U$2),2,AND(T46=DATOS!$S$5,V46=DATOS!$U$4),0,AND(T46=DATOS!$S$5,V46=DATOS!$U$3),1,AND(T46=DATOS!$S$4,V46=DATOS!$U$2,1),1,AND(T46=DATOS!$S$4,V46=DATOS!$U$4),0,AND(T46=DATOS!$S$4,V46=DATOS!$U$3),0,AND(T46=DATOS!$S$2,V46=DATOS!$U$4),0) -> 1 | Y46: =L46-W46 -> 4 | Z46: =M46-X46 -> 3 | AA46: =_xlfn.IFS(AND(Y46=0),1,AND(Y46=1),1,AND(Y46=2),2,AND(Y46=3),3,AND(Y46=4),4,AND(Y46=5),5,AND(Y46=-1),1) -> 4 | AB46: =_xlfn.IFS(AND(Z46=0),1,AND(Z46=1),1,AND(Z46=2),2,AND(Z46=3),3,AND(Z46=4),4,AND(Z46=5),5,AND(Z46=-1),1) -> 3 | AC46: =INDEX(DATOS!$J$4:$N$8,Mapa!AA46:AA48,Mapa!AB46:AB48) -> Alta | AD46: =_xlfn.IFS(AC46=DATOS!$O$2,DATOS!$P$2,AC46=DATOS!$O$3,DATOS!$P$3,AC46=DATOS!$O$4,DATOS!$P$4,AC46=DATOS!$O$5,DATOS!$P$5) -> Reducir, evitar, Compartir o transferir el riesgo | AE46: Reducir el riesgo | AF46: 1. Presentación a los lideres de proceso del análisis de las PQRSD para generar acciones de mejora. 2. Capacitación por parte de un abogado sobre las consecuencias de no atención a PQRSD. Continuar con la aplicación de los controles. | AG46: Profesional Dirección Ejecutiva | AH46: 45665 | AI46: 46022 | AJ46: Mensual | AK46: Atención oportuna de PQRSD | AL46: Cuadro de Mando Corporativo | AM46: 1. Notificar a la Gerencia y Asesor Jurídico para revisar y atender el caso, generar respuesta inmediata. 2. Analizar las causas del incumplimiento 3. Se solicita al responsable la apertura de la acción de mejora 4. Seguimiento a las acciones definidas. | AN46: SI | AO46: •Indicador ( Atención oportuna de PQRSD) en rojo para los meses de diciembre de 2024, enero y febrero de 2025 por incumplimiento en los tiempos de respuestas •Inoportunidad en la contestación de una PQRSD de Fomento Educativo: Se identificó demora en la respuesta a la PQRSD radicada a través de contactenos@conte.org.co el 21 de enero de 2025, con consecutivo 2-2025130000153. La respuesta por parte del Proceso de Fomento Educativo fue emitida el 14 de febrero de 2025, lo que representa un tiempo de gestión de dieciocho (18) días hábiles. | AP46: 76
D47: Control y Mejora Continua | F47: Gestión | G47: Cumplimiento | J47: Error en las investigaciones para la resolución de PQRSD por Omisión de información o error humano. | O47: Apoyo Jurídico para la generación de respuestas en caso de requerirse. | P47: Son efectivos y están documentados | Q47: =_xlfn.IFS(P47=DATOS!$R$2,DATOS!$S$2,P47=DATOS!$R$3,DATOS!$S$3,P47=DATOS!$R$4,DATOS!$S$4,P47=DATOS!$R$5,DATOS!$S$5,P47=DATOS!$R$6,DATOS!$S$6) -> Fuerte | R47: =_xlfn.IFS(Q47=DATOS!$S$2,DATOS!$T$2,Q47=DATOS!$S$4,DATOS!$T$4,Q47=DATOS!$S$5,DATOS!$T$5,Q47=DATOS!$S$6,DATOS!$T$6) -> 100
D48: Control y Mejora Continua | F48: Gestión | G48: Cumplimiento | J48: Falta de seguimiento a los tiempos de respuesta de las PQRS | O48: Implementación del SGDA para el seguimiento y control de las PQRSD recibidas y/o atendidas. | P48: Están documentados pero No son efectivos | Q48: =_xlfn.IFS(P48=DATOS!$R$2,DATOS!$S$2,P48=DATOS!$R$3,DATOS!$S$3,P48=DATOS!$R$4,DATOS!$S$4,P48=DATOS!$R$5,DATOS!$S$5,P48=DATOS!$R$6,DATOS!$S$6) -> Débil | R48: =_xlfn.IFS(Q48=DATOS!$S$2,DATOS!$T$2,Q48=DATOS!$S$4,DATOS!$T$4,Q48=DATOS!$S$5,DATOS!$T$5,Q48=DATOS!$S$6,DATOS!$T$6) -> 0
C49: 15 | D49: Control y Mejora Continua | E49: Insatisfacción de los clientes y usuarios | F49: Gestión | G49: Imagen | H49: No aplica | I49: No aplica | J49: La encuesta no permita evaluar los aspectos relevantes en la prestación del servicio o que no se realice la encuesta | K49: Perdida de credibilidad Perdida de imagen No se tomen acciones pertinentes y oportunas. No hay mejora continua en los procesos. | L49: 1 | M49: 3 | N49: =INDEX(DATOS!$J$4:$N$8,Mapa!L49:L51,Mapa!M49:M51) -> Moderada | O49: Se revisa la encuesta con el personal de los procesos Misionales, para tener en cuenta sus comentarios y sugerencias | P49: Son efectivos y están documentados | Q49: =_xlfn.IFS(P49=DATOS!$R$2,DATOS!$S$2,P49=DATOS!$R$3,DATOS!$S$3,P49=DATOS!$R$4,DATOS!$S$4,P49=DATOS!$R$5,DATOS!$S$5,P49=DATOS!$R$6,DATOS!$S$6) -> Fuerte | R49: =_xlfn.IFS(Q49=DATOS!$S$2,DATOS!$T$2,Q49=DATOS!$S$4,DATOS!$T$4,Q49=DATOS!$S$5,DATOS!$T$5,Q49=DATOS!$S$6,DATOS!$T$6) -> 100 | S49: =AVERAGE(R49:R51) -> 100 | T49: =IF(S49>=100,"Fuerte",IF(OR(S49=99,S49>=50),"Moderado","Débil")) -> Fuerte | U49: Directa | V49: Directa | W49: =_xlfn.IFS(AND(T49=DATOS!$S$5,U49=DATOS!$X$2),2,AND(T49=DATOS!$S$5,U49=DATOS!$U$4),0,AND(T49=DATOS!$S$5,U49=DATOS!$U$3),0,AND(T49=DATOS!$S$4,U49=DATOS!$U$2,1),1,AND(T49=DATOS!$S$4,U49=DATOS!$U$4),0,AND(T49=DATOS!$S$4,U49=DATOS!$U$3),0,AND(T49=DATOS!$S$2,U49=DATOS!$U$4),0) -> 2 | X49: =_xlfn.IFS(AND(T49=DATOS!$S$5,V49=DATOS!$U$2),2,AND(T49=DATOS!$S$5,V49=DATOS!$U$4),0,AND(T49=DATOS!$S$5,V49=DATOS!$U$3),1,AND(T49=DATOS!$S$4,V49=DATOS!$U$2,1),1,AND(T49=DATOS!$S$4,V49=DATOS!$U$4),0,AND(T49=DATOS!$S$4,V49=DATOS!$U$3),0,AND(T49=DATOS!$S$2,V49=DATOS!$U$4),0) -> 2 | Y49: =L49-W49 -> -1 | Z49: =M49-X49 -> 1 | AA49: =_xlfn.IFS(AND(Y49=0),1,AND(Y49=1),1,AND(Y49=2),2,AND(Y49=3),3,AND(Y49=4),4,AND(Y49=5),5,AND(Y49=-1),1) -> 1 | AB49: =_xlfn.IFS(AND(Z49=0),1,AND(Z49=1),1,AND(Z49=2),2,AND(Z49=3),3,AND(Z49=4),4,AND(Z49=5),5,AND(Z49=-1),1) -> 1 | AC49: =INDEX(DATOS!$J$4:$N$8,Mapa!AA49:AA51,Mapa!AB49:AB51) -> Baja | AD49: =_xlfn.IFS(AC49=DATOS!$O$2,DATOS!$P$2,AC49=DATOS!$O$3,DATOS!$P$3,AC49=DATOS!$O$4,DATOS!$P$4,AC49=DATOS!$O$5,DATOS!$P$5) -> Asumir el riesgo | AE49: Reducir el riesgo | AF49: 1. Caracterización de los Técnicos electricistas. 2. Generar Boletín informativo del CONTE para interactuar con los usuarios y suplir las sugerencias para mejorar el trámite. 3. Apoyo en la legalización de las actividades de las asociaciones para mejorar el servicio que estas brindan para los diferentes tramites del proceso de producción de matriculas. 4. Generación de acciones con relaciones a los resultados de las encuestas de satisfacción de partes interesadas. 5. Mejorar la imagen del CONTE a través de la participación en diferentes eventos y congresos del sector. 6. Estrategias para mejorar la atención a los clientes o usuarios. 7. Aumentar la credibilidad del CONTE para mayor generación de demanda a través de acercamiento con empresas del sector. | AG49: • Profesional Auditoria Interna. • Líder Misional | AH49: 45665 | AI49: 46022 | AJ49: Trimestral | AK49: Satisfacción del cliente | AL49: Cuadro de Mando Corporativo | AM49: 1. Analizar las causas del incumplimiento 2. Se solicita al responsable la apertura de la acción de mejora 3. Seguimiento a las acciones definidas. | AN49: NO | AO49: No aplica | AP49: No aplica
D50: Control y Mejora Continua | F50: Gestión | G50: Imagen | J50: Que no se tomen acciones como resultado de la encuesta de satisfacción pertinentes y oportunas | O50: Se cuenta con el procedimiento Satisfacción de Clientes y Usuarios, se genera seguimiento a las acciones de mejora en la revisión por la dirección | P50: Son efectivos y están documentados | Q50: =_xlfn.IFS(P50=DATOS!$R$2,DATOS!$S$2,P50=DATOS!$R$3,DATOS!$S$3,P50=DATOS!$R$4,DATOS!$S$4,P50=DATOS!$R$5,DATOS!$S$5,P50=DATOS!$R$6,DATOS!$S$6) -> Fuerte | R50: =_xlfn.IFS(Q50=DATOS!$S$2,DATOS!$T$2,Q50=DATOS!$S$4,DATOS!$T$4,Q50=DATOS!$S$5,DATOS!$T$5,Q50=DATOS!$S$6,DATOS!$T$6) -> 100
D51: Control y Mejora Continua | F51: Gestión | G51: Imagen | J51: No se atiendan las sugerencia realizadas por los usuarios y clientes. | O51: Se cuenta con seguimiento a las encuestas de satisfacción de clientes y usuarios por parte de la profesional de auditoria interna. | P51: Son efectivos y están documentados | Q51: =_xlfn.IFS(P51=DATOS!$R$2,DATOS!$S$2,P51=DATOS!$R$3,DATOS!$S$3,P51=DATOS!$R$4,DATOS!$S$4,P51=DATOS!$R$5,DATOS!$S$5,P51=DATOS!$R$6,DATOS!$S$6) -> Fuerte | R51: =_xlfn.IFS(Q51=DATOS!$S$2,DATOS!$T$2,Q51=DATOS!$S$4,DATOS!$T$4,Q51=DATOS!$S$5,DATOS!$T$5,Q51=DATOS!$S$6,DATOS!$T$6) -> 100
C52: 16 | D52: Control y Mejora Continua | E52: Inoportunidad en el tramite de la correspondencia | F52: Gestión | G52: Operativo | H52: No aplica | I52: No aplica | J52: Imposibilidad de radicación de correspondencia de entrada o salida, a usuarios internos como externo | K52: Retrasos en la respuesta a usuarios y PQRSD Perdida de imagen Sanciones de las entidades de vigilancia y control, silencios administrativos, acciones legales en contra de la empresa | L52: 1 | M52: 3 | N52: =INDEX(DATOS!$J$4:$N$8,Mapa!L52:L54,Mapa!M52:M54) -> Moderada | O52: Se cuenta con el Manual de Gestión Documental. | P52: Son efectivos y están documentados | Q52: =_xlfn.IFS(P52=DATOS!$R$2,DATOS!$S$2,P52=DATOS!$R$3,DATOS!$S$3,P52=DATOS!$R$4,DATOS!$S$4,P52=DATOS!$R$5,DATOS!$S$5,P52=DATOS!$R$6,DATOS!$S$6) -> Fuerte | R52: =_xlfn.IFS(Q52=DATOS!$S$2,DATOS!$T$2,Q52=DATOS!$S$4,DATOS!$T$4,Q52=DATOS!$S$5,DATOS!$T$5,Q52=DATOS!$S$6,DATOS!$T$6) -> 100 | S52: =AVERAGE(R52:R54) -> 33.333333 | T52: =IF(S52>=100,"Fuerte",IF(OR(S52=99,S52>=50),"Moderado","Débil")) -> Débil | U52: No disminuye | V52: No disminuye | W52: =_xlfn.IFS(AND(T52=DATOS!$S$5,U52=DATOS!$X$2),2,AND(T52=DATOS!$S$5,U52=DATOS!$U$4),0,AND(T52=DATOS!$S$5,U52=DATOS!$U$3),0,AND(T52=DATOS!$S$4,U52=DATOS!$U$2,1),1,AND(T52=DATOS!$S$4,U52=DATOS!$U$4),0,AND(T52=DATOS!$S$4,U52=DATOS!$U$3),0,AND(T52=DATOS!$S$2,U52=DATOS!$U$4),0) -> 0 | X52: =_xlfn.IFS(AND(T52=DATOS!$S$5,V52=DATOS!$U$2),2,AND(T52=DATOS!$S$5,V52=DATOS!$U$4),0,AND(T52=DATOS!$S$5,V52=DATOS!$U$3),1,AND(T52=DATOS!$S$4,V52=DATOS!$U$2,1),1,AND(T52=DATOS!$S$4,V52=DATOS!$U$4),0,AND(T52=DATOS!$S$4,V52=DATOS!$U$3),0,AND(T52=DATOS!$S$2,V52=DATOS!$U$4),0) -> 0 | Y52: =L52-W52 -> 1 | Z52: =M52-X52 -> 3 | AA52: =_xlfn.IFS(AND(Y52=0),1,AND(Y52=1),1,AND(Y52=2),2,AND(Y52=3),3,AND(Y52=4),4,AND(Y52=5),5,AND(Y52=-1),1) -> 1 | AB52: =_xlfn.IFS(AND(Z52=0),1,AND(Z52=1),1,AND(Z52=2),2,AND(Z52=3),3,AND(Z52=4),4,AND(Z52=5),5,AND(Z52=-1),1) -> 3 | AC52: =INDEX(DATOS!$J$4:$N$8,Mapa!AA52:AA54,Mapa!AB52:AB54) -> Moderada | AD52: =_xlfn.IFS(AC52=DATOS!$O$2,DATOS!$P$2,AC52=DATOS!$O$3,DATOS!$P$3,AC52=DATOS!$O$4,DATOS!$P$4,AC52=DATOS!$O$5,DATOS!$P$5) -> Asumir o reducir el riesgo | AE52: Asumir el riesgo | AF52: 1. Adquisición del licenciamiento, parametrización, implementación y puesta en producción del sistema de gestión de documento electrónico de archivo – SGDEA Continuar con la aplicación de controles | AG52: Profesional Dirección Ejecutiva-Técnico Experiencia al cliente | AH52: 45665 | AI52: 46022 | AJ52: Mensual | AK52: Informes de Correspondencia | AL52: Recepción | AM52: 1. Analizar las causas del incumplimiento 2. Se solicita al responsable la apertura de la acción de mejora 3. Seguimiento a las acciones definidas. | AN52: NO | AO52: No aplica | AP52: No aplica
D53: Control y Mejora Continua | F53: Gestión | G53: Operativo | J53: Demora en la distribución de la correspondencia recibida por parte de las dependencias. | O53: Implementación del SGDA para el seguimiento y control de los comunicados de entrada y salida. | P53: Están documentados pero No son efectivos | Q53: =_xlfn.IFS(P53=DATOS!$R$2,DATOS!$S$2,P53=DATOS!$R$3,DATOS!$S$3,P53=DATOS!$R$4,DATOS!$S$4,P53=DATOS!$R$5,DATOS!$S$5,P53=DATOS!$R$6,DATOS!$S$6) -> Débil | R53: =_xlfn.IFS(Q53=DATOS!$S$2,DATOS!$T$2,Q53=DATOS!$S$4,DATOS!$T$4,Q53=DATOS!$S$5,DATOS!$T$5,Q53=DATOS!$S$6,DATOS!$T$6) -> 0
D54: Control y Mejora Continua | F54: Gestión | G54: Operativo | J54: Demora en dar respuesta a las comunicaciones recibidas. | O54: Revisión de los informes generados por el SGDA para comunicaciones internas y externas. | P54: Están documentados pero No son efectivos | Q54: =_xlfn.IFS(P54=DATOS!$R$2,DATOS!$S$2,P54=DATOS!$R$3,DATOS!$S$3,P54=DATOS!$R$4,DATOS!$S$4,P54=DATOS!$R$5,DATOS!$S$5,P54=DATOS!$R$6,DATOS!$S$6) -> Débil | R54: =_xlfn.IFS(Q54=DATOS!$S$2,DATOS!$T$2,Q54=DATOS!$S$4,DATOS!$T$4,Q54=DATOS!$S$5,DATOS!$T$5,Q54=DATOS!$S$6,DATOS!$T$6) -> 0
C55: 17 | D55: Administrativo | E55: No contar con personal idóneo y comprometido para el desarrollo de la gestión institucional | F55: Gestión | G55: Estratégico | H55: No aplica | I55: No aplica | J55: Falta de seguimiento a los lineamientos de talento humano Fallas en el proceso de inducción y/o entrenamiento. | K55: Quejas Aumento de rotación de personal Pérdida de interés Reprocesos Ausentismo Accidente o Incidente laboral Mal clima laboral | L55: 2 | M55: 3 | N55: =INDEX(DATOS!$J$4:$N$8,Mapa!L55:L58,Mapa!M55:M58) -> Moderada | O55: Cuando se vincula un nueva persona de planta se aplica el procedimiento Inducción, reinducción y entrenamiento. Para el mantenimiento de las competencias se cuenta con el procedimiento Capacitación y el plan anual de capacitación; Evaluación de desempeños, implementación de cuadro de mando integral por cargos. | P55: Son efectivos y están documentados | Q55: =_xlfn.IFS(P55=DATOS!$R$2,DATOS!$S$2,P55=DATOS!$R$3,DATOS!$S$3,P55=DATOS!$R$4,DATOS!$S$4,P55=DATOS!$R$5,DATOS!$S$5,P55=DATOS!$R$6,DATOS!$S$6) -> Fuerte | R55: =_xlfn.IFS(Q55=DATOS!$S$2,DATOS!$T$2,Q55=DATOS!$S$4,DATOS!$T$4,Q55=DATOS!$S$5,DATOS!$T$5,Q55=DATOS!$S$6,DATOS!$T$6) -> 100 | S55: =AVERAGE(R55:R58) -> 100 | T55: =IF(S55>=100,"Fuerte",IF(OR(S55=99,S55>=50),"Moderado","Débil")) -> Fuerte | U55: Directa | V55: Indirectamente | W55: =_xlfn.IFS(AND(T55=DATOS!$S$5,U55=DATOS!$X$2),2,AND(T55=DATOS!$S$5,U55=DATOS!$U$4),0,AND(T55=DATOS!$S$5,U55=DATOS!$U$3),0,AND(T55=DATOS!$S$4,U55=DATOS!$U$2,1),1,AND(T55=DATOS!$S$4,U55=DATOS!$U$4),0,AND(T55=DATOS!$S$4,U55=DATOS!$U$3),0,AND(T55=DATOS!$S$2,U55=DATOS!$U$4),0) -> 2 | X55: =_xlfn.IFS(AND(T55=DATOS!$S$5,V55=DATOS!$U$2),2,AND(T55=DATOS!$S$5,V55=DATOS!$U$4),0,AND(T55=DATOS!$S$5,V55=DATOS!$U$3),1,AND(T55=DATOS!$S$4,V55=DATOS!$U$2,1),1,AND(T55=DATOS!$S$4,V55=DATOS!$U$4),0,AND(T55=DATOS!$S$4,V55=DATOS!$U$3),0,AND(T55=DATOS!$S$2,V55=DATOS!$U$4),0) -> 1 | Y55: =L55-W55 -> 0 | Z55: =M55-X55 -> 2 | AA55: =_xlfn.IFS(AND(Y55=0),1,AND(Y55=1),1,AND(Y55=2),2,AND(Y55=3),3,AND(Y55=4),4,AND(Y55=5),5,AND(Y55=-1),1) -> 1 | AB55: =_xlfn.IFS(AND(Z55=0),1,AND(Z55=1),1,AND(Z55=2),2,AND(Z55=3),3,AND(Z55=4),4,AND(Z55=5),5,AND(Z55=-1),1) -> 2 | AC55: =INDEX(DATOS!$J$4:$N$8,Mapa!AA55:AA58,Mapa!AB55:AB58) -> Baja | AD55: =_xlfn.IFS(AC55=DATOS!$O$2,DATOS!$P$2,AC55=DATOS!$O$3,DATOS!$P$3,AC55=DATOS!$O$4,DATOS!$P$4,AC55=DATOS!$O$5,DATOS!$P$5) -> Asumir el riesgo | AE55: Reducir el riesgo | AF55: 1. Diseño de la inducción y entrenamiento de consejeros. 2. Capacitación a técnicos de experiencia al cliente con relación a atención y servicio al cliente. 3. Capacitación en procesos contractuales desde área jurídica. 4. Formación especializada en Servicio al cliente y manejo de clientes difíciles. 5. Capacitación del talento humano de procesos disciplinarios en ley 1952 de 2019 CGD, ley 1437 de 2011 CPACA y ley 906 de 2004 CPP. 6. Implementación del plan de Capacitaciones y evaluación de su eficacia. 7. Desarrollo del plan de bienestar alineado al resultado de la batería psicosocial. 8. implementación de pruebas psicotécnicas para la selección de personal 9. Medición de evaluación de desempeño a través de la evaluación 360º más los indicadores de gestión por cada persona. Continuar aplicando los controles | AG55: Líder Administrativo | AH55: 45665 | AI55: 46022 | AJ55: Anual | AK55: Indicador - Evaluación de desempeño 360° | AL55: Cuadro mando integral - Líder Administrativo. | AM55: Cuando no se cuenta con el personal se debe iniciar lo antes posible un nuevo proceso de vinculación. Si el empleado no cuenta con total ajuste se deben tomar acciones para lograr ajuste al cargo (formación/plan padrino/etc.) | AN55: NO | AO55: No aplica | AP55: No aplica
D56: Administrativo | F56: Gestión | G56: Estratégico | J56: Vinculación sin cumplimiento y ajuste a los requisitos establecidos en el Manual de Funciones Fallas en la etapa de selección y vinculación de personal. | O56: Cumplimiento del procedimiento Selección y vinculación de personal, en el cual se establecen los pasos para la selección de acuerdo a los requisitos del cargo establecidos en el Manual de Funciones y responsabilidades, incluidas las actividades de Reclutamiento, entrevista, pruebas psicotécnicas, informe de competencias para cumplimiento de educación, formación y experiencia, aplicación y verificación del periodo de prueba. | P56: Son efectivos y están documentados | Q56: =_xlfn.IFS(P56=DATOS!$R$2,DATOS!$S$2,P56=DATOS!$R$3,DATOS!$S$3,P56=DATOS!$R$4,DATOS!$S$4,P56=DATOS!$R$5,DATOS!$S$5,P56=DATOS!$R$6,DATOS!$S$6) -> Fuerte | R56: =_xlfn.IFS(Q56=DATOS!$S$2,DATOS!$T$2,Q56=DATOS!$S$4,DATOS!$T$4,Q56=DATOS!$S$5,DATOS!$T$5,Q56=DATOS!$S$6,DATOS!$T$6) -> 100
D57: Administrativo | F57: Gestión | G57: Estratégico | J57: Falta de liderazgo y acompañamiento por parte del responsable del proceso | O57: La participación del Jefe inmediato esta incluida en las actividades del procedimiento de selección de personal, evaluación de periodo de prueba y se cuenta con el procedimiento de evaluación de desempeño. | P57: Son efectivos y están documentados | Q57: =_xlfn.IFS(P57=DATOS!$R$2,DATOS!$S$2,P57=DATOS!$R$3,DATOS!$S$3,P57=DATOS!$R$4,DATOS!$S$4,P57=DATOS!$R$5,DATOS!$S$5,P57=DATOS!$R$6,DATOS!$S$6) -> Fuerte | R57: =_xlfn.IFS(Q57=DATOS!$S$2,DATOS!$T$2,Q57=DATOS!$S$4,DATOS!$T$4,Q57=DATOS!$S$5,DATOS!$T$5,Q57=DATOS!$S$6,DATOS!$T$6) -> 100
D58: Administrativo | F58: Gestión | G58: SST | J58: Desajuste entre las condiciones laborales y las expectativas del personal vinculado. | O58: Se aplica de forma anual la encuesta de clima organizacional con la finalidad de detectar oportunidades de mejora, se cuenta con el Plan Anual de capacitación y el Plan de Bienestar y gestión psicosocial. | P58: Son efectivos y están documentados | Q58: =_xlfn.IFS(P58=DATOS!$R$2,DATOS!$S$2,P58=DATOS!$R$3,DATOS!$S$3,P58=DATOS!$R$4,DATOS!$S$4,P58=DATOS!$R$5,DATOS!$S$5,P58=DATOS!$R$6,DATOS!$S$6) -> Fuerte | R58: =_xlfn.IFS(Q58=DATOS!$S$2,DATOS!$T$2,Q58=DATOS!$S$4,DATOS!$T$4,Q58=DATOS!$S$5,DATOS!$T$5,Q58=DATOS!$S$6,DATOS!$T$6) -> 100
C59: 18 | D59: Administrativo | E59: Decisiones administrativas relacionadas con recurso humano erradas que afectan el buen nombre de la organización. | F59: Gestión | G59: Cumplimiento | H59: No aplica | I59: No aplica | J59: Falta Asesoría jurídica en la toma de decisiones con respecto al recurso humano | K59: Demandas laborales Afectaciones económicas Sanciones de los entes de control Afectación de la imagen institucional Incumplimiento a la convención colectiva. | L59: 2 | M59: 4 | N59: =INDEX(DATOS!$J$4:$N$8,Mapa!L59:L61,Mapa!M59:M61) -> Alta | O59: Contratos con Asesores Jurídicos para revisión de decisiones. Se cuenta con el Reglamento Interno de Trabajo y en el, lo relacionado con procesos disciplinarios. | P59: Son efectivos y están documentados | Q59: =_xlfn.IFS(P59=DATOS!$R$2,DATOS!$S$2,P59=DATOS!$R$3,DATOS!$S$3,P59=DATOS!$R$4,DATOS!$S$4,P59=DATOS!$R$5,DATOS!$S$5,P59=DATOS!$R$6,DATOS!$S$6) -> Fuerte | R59: =_xlfn.IFS(Q59=DATOS!$S$2,DATOS!$T$2,Q59=DATOS!$S$4,DATOS!$T$4,Q59=DATOS!$S$5,DATOS!$T$5,Q59=DATOS!$S$6,DATOS!$T$6) -> 100 | S59: =AVERAGE(R59:R61) -> 100 | T59: =IF(S59>=100,"Fuerte",IF(OR(S59=99,S59>=50),"Moderado","Débil")) -> Fuerte | U59: Directa | V59: Directa | W59: =_xlfn.IFS(AND(T59=DATOS!$S$5,U59=DATOS!$X$2),2,AND(T59=DATOS!$S$5,U59=DATOS!$U$4),0,AND(T59=DATOS!$S$5,U59=DATOS!$U$3),0,AND(T59=DATOS!$S$4,U59=DATOS!$U$2,1),1,AND(T59=DATOS!$S$4,U59=DATOS!$U$4),0,AND(T59=DATOS!$S$4,U59=DATOS!$U$3),0,AND(T59=DATOS!$S$2,U59=DATOS!$U$4),0) -> 2 | X59: =_xlfn.IFS(AND(T59=DATOS!$S$5,V59=DATOS!$U$2),2,AND(T59=DATOS!$S$5,V59=DATOS!$U$4),0,AND(T59=DATOS!$S$5,V59=DATOS!$U$3),1,AND(T59=DATOS!$S$4,V59=DATOS!$U$2,1),1,AND(T59=DATOS!$S$4,V59=DATOS!$U$4),0,AND(T59=DATOS!$S$4,V59=DATOS!$U$3),0,AND(T59=DATOS!$S$2,V59=DATOS!$U$4),0) -> 2 | Y59: =L59-W59 -> 0 | Z59: =M59-X59 -> 2 | AA59: =_xlfn.IFS(AND(Y59=0),1,AND(Y59=1),1,AND(Y59=2),2,AND(Y59=3),3,AND(Y59=4),4,AND(Y59=5),5,AND(Y59=-1),1) -> 1 | AB59: =_xlfn.IFS(AND(Z59=0),1,AND(Z59=1),1,AND(Z59=2),2,AND(Z59=3),3,AND(Z59=4),4,AND(Z59=5),5,AND(Z59=-1),1) -> 2 | AC59: =INDEX(DATOS!$J$4:$N$8,Mapa!AA59:AA61,Mapa!AB59:AB61) -> Baja | AD59: =_xlfn.IFS(AC59=DATOS!$O$2,DATOS!$P$2,AC59=DATOS!$O$3,DATOS!$P$3,AC59=DATOS!$O$4,DATOS!$P$4,AC59=DATOS!$O$5,DATOS!$P$5) -> Asumir el riesgo | AE59: Asumir el riesgo | AF59: 1. Medición de evaluación de desempeño a través de la evaluación 360º más los indicadores de gestión por cada persona. 2. Continuar aplicando los controles | AG59: Líder Administrativo | AH59: 45665 | AI59: 46022 | AJ59: Mensual | AK59: Registro de demandas laborales interpuestas al CONTE | AL59: Archivo documental proceso administrativo | AM59: 1. Contactar a los asesores jurídicos para el acompañamiento. 2. Destinar presupuesto para atención. 3. Tomar acciones correctivas | AN59: NO | AO59: No aplica | AP59: No aplica
D60: Administrativo | F60: Gestión | G60: Cumplimiento | J60: Intereses personales, cambios en la alta dirección, Consejo Directivo. | O60: Implementación del PTEE y el código ética y buen gobierno corporativo. | P60: Son efectivos y están documentados | Q60: =_xlfn.IFS(P60=DATOS!$R$2,DATOS!$S$2,P60=DATOS!$R$3,DATOS!$S$3,P60=DATOS!$R$4,DATOS!$S$4,P60=DATOS!$R$5,DATOS!$S$5,P60=DATOS!$R$6,DATOS!$S$6) -> Fuerte | R60: =_xlfn.IFS(Q60=DATOS!$S$2,DATOS!$T$2,Q60=DATOS!$S$4,DATOS!$T$4,Q60=DATOS!$S$5,DATOS!$T$5,Q60=DATOS!$S$6,DATOS!$T$6) -> 100
D61: Administrativo | F61: Gestión | G61: Cumplimiento | J61: Falta de conocimientos en derecho laboral, normatividad laboral, disciplinaria y régimen contractual. | O61: Implementación del plan de capacitación | P61: Son efectivos y están documentados | Q61: =_xlfn.IFS(P61=DATOS!$R$2,DATOS!$S$2,P61=DATOS!$R$3,DATOS!$S$3,P61=DATOS!$R$4,DATOS!$S$4,P61=DATOS!$R$5,DATOS!$S$5,P61=DATOS!$R$6,DATOS!$S$6) -> Fuerte | R61: =_xlfn.IFS(Q61=DATOS!$S$2,DATOS!$T$2,Q61=DATOS!$S$4,DATOS!$T$4,Q61=DATOS!$S$5,DATOS!$T$5,Q61=DATOS!$S$6,DATOS!$T$6) -> 100
C62: 19 | D62: Administrativo | E62: Materialización de accidentes de trabajo o enfermedad laboral. | F62: Gestión | G62: SST | H62: No aplica | I62: No aplica | J62: No identificación del total de requisitos de SST para la operación de los procesos dentro del mantenimiento del SST-No medir el impacto de las estrategias de comunicación frente al cumplimiento de requisitos del SST. | K62: Perdidas Humanas, Lesiones, incapacidades, Daños a bienes de terceros Afectación a la prestación del servicio Perdidas económicas Incumplimiento de procesos, metas y objetivos Demandas y/o sanciones Afectación de la imagen | L62: 1 | M62: 3 | N62: =INDEX(DATOS!$J$4:$N$8,Mapa!L62:L64,Mapa!M62:M64) -> Moderada | O62: Diagnóstico del SST Implementado de conformidad a requisitos de ley - Plan de trabajo de seguridad y salud en el trabajo implementado e informes de seguimiento | P62: Son efectivos y están documentados | Q62: =_xlfn.IFS(P62=DATOS!$R$2,DATOS!$S$2,P62=DATOS!$R$3,DATOS!$S$3,P62=DATOS!$R$4,DATOS!$S$4,P62=DATOS!$R$5,DATOS!$S$5,P62=DATOS!$R$6,DATOS!$S$6) -> Fuerte | R62: =_xlfn.IFS(Q62=DATOS!$S$2,DATOS!$T$2,Q62=DATOS!$S$4,DATOS!$T$4,Q62=DATOS!$S$5,DATOS!$T$5,Q62=DATOS!$S$6,DATOS!$T$6) -> 100 | S62: =AVERAGE(R62:R64) -> 100 | T62: =IF(S62>=100,"Fuerte",IF(OR(S62=99,S62>=50),"Moderado","Débil")) -> Fuerte | U62: Directa | V62: No disminuye | W62: =_xlfn.IFS(AND(T62=DATOS!$S$5,U62=DATOS!$X$2),2,AND(T62=DATOS!$S$5,U62=DATOS!$U$4),0,AND(T62=DATOS!$S$5,U62=DATOS!$U$3),0,AND(T62=DATOS!$S$4,U62=DATOS!$U$2,1),1,AND(T62=DATOS!$S$4,U62=DATOS!$U$4),0,AND(T62=DATOS!$S$4,U62=DATOS!$U$3),0,AND(T62=DATOS!$S$2,U62=DATOS!$U$4),0) -> 2 | X62: =_xlfn.IFS(AND(T62=DATOS!$S$5,V62=DATOS!$U$2),2,AND(T62=DATOS!$S$5,V62=DATOS!$U$4),0,AND(T62=DATOS!$S$5,V62=DATOS!$U$3),1,AND(T62=DATOS!$S$4,V62=DATOS!$U$2,1),1,AND(T62=DATOS!$S$4,V62=DATOS!$U$4),0,AND(T62=DATOS!$S$4,V62=DATOS!$U$3),0,AND(T62=DATOS!$S$2,V62=DATOS!$U$4),0) -> 0 | Y62: =L62-W62 -> -1 | Z62: =M62-X62 -> 3 | AA62: =_xlfn.IFS(AND(Y62=0),1,AND(Y62=1),1,AND(Y62=2),2,AND(Y62=3),3,AND(Y62=4),4,AND(Y62=5),5,AND(Y62=-1),1) -> 1 | AB62: =_xlfn.IFS(AND(Z62=0),1,AND(Z62=1),1,AND(Z62=2),2,AND(Z62=3),3,AND(Z62=4),4,AND(Z62=5),5,AND(Z62=-1),1) -> 3 | AC62: =INDEX(DATOS!$J$4:$N$8,Mapa!AA62:AA64,Mapa!AB62:AB64) -> Moderada | AD62: =_xlfn.IFS(AC62=DATOS!$O$2,DATOS!$P$2,AC62=DATOS!$O$3,DATOS!$P$3,AC62=DATOS!$O$4,DATOS!$P$4,AC62=DATOS!$O$5,DATOS!$P$5) -> Asumir o reducir el riesgo | AE62: Reducir el riesgo | AF62: 1. Implementación plan de trabajo de SST. 2. Desarrollo del plan de bienestar alineado al resultado de la batería psicosocial. 3. Identificación y evaluación de cumplimiento de requisitos legales de SST. 4. Implementación Sistema Integrado de Gestión- Fase II Subsistema de SST en ISO 45001 y responsabilidad social | AG62: Líder Administrativo | AH62: 45665 | AI62: 46022 | AJ62: Mensual | AK62: Indicadores de SST | AL62: Cuadro de Mando de SST | AM62: 1. Seguir Procedimiento Investigación de Incidentes, Accidentes y Enfermedades Laborales. 2. Generar una acción correctiva. 3. Seguimiento a la eficacia de las acciones definidas. | AN62: NO | AO62: No aplica | AP62: No aplica
D63: Administrativo | F63: Gestión | G63: SST | J63: Falta de seguimiento a las condiciones inseguras de trabajo. | O63: Política y objetivos de seguridad y salud en el trabajo adoptados, con seguimiento, plan de capacitaciones implementado con informes de avance, conformación e implementación de comités del SST, auditorias e inspecciones. | P63: Son efectivos y están documentados | Q63: =_xlfn.IFS(P63=DATOS!$R$2,DATOS!$S$2,P63=DATOS!$R$3,DATOS!$S$3,P63=DATOS!$R$4,DATOS!$S$4,P63=DATOS!$R$5,DATOS!$S$5,P63=DATOS!$R$6,DATOS!$S$6) -> Fuerte | R63: =_xlfn.IFS(Q63=DATOS!$S$2,DATOS!$T$2,Q63=DATOS!$S$4,DATOS!$T$4,Q63=DATOS!$S$5,DATOS!$T$5,Q63=DATOS!$S$6,DATOS!$T$6) -> 100
D64: Administrativo | F64: Gestión | G64: SST | J64: Altos periodos de exposición a los peligros y riesgos identificados. | O64: Matriz IPER, Implementación del programa de vigilancia epidemiológica, Plan de bienestar e incentivos laborales, Programa de capacitación y formación, Inducción, entrenamiento, plan de trabajo hibrido. | P64: Son efectivos y están documentados | Q64: =_xlfn.IFS(P64=DATOS!$R$2,DATOS!$S$2,P64=DATOS!$R$3,DATOS!$S$3,P64=DATOS!$R$4,DATOS!$S$4,P64=DATOS!$R$5,DATOS!$S$5,P64=DATOS!$R$6,DATOS!$S$6) -> Fuerte | R64: =_xlfn.IFS(Q64=DATOS!$S$2,DATOS!$T$2,Q64=DATOS!$S$4,DATOS!$T$4,Q64=DATOS!$S$5,DATOS!$T$5,Q64=DATOS!$S$6,DATOS!$T$6) -> 100
C65: 20 | D65: Administrativo | E65: Incumplimiento de estándares mínimos del Sistema de Gestión en Seguridad y Salud en el Trabajo. | F65: Gestión | G65: SST | H65: No aplica | I65: No aplica | J65: Deficiente diagnóstico de las brechas existentes para el cumplimiento de los estándares mínimos del SG-SST | K65: Perdidas Humanas, Lesiones, incapacidades, Daños a bienes de terceros Afectación a la prestación del servicio Perdidas económicas Incumplimiento de procesos, metas y objetivos Demandas y/o sanciones Afectación de la imagen Hallazgos | L65: 1 | M65: 3 | N65: =INDEX(DATOS!$J$4:$N$8,Mapa!L65:L67,Mapa!M65:M67) -> Moderada | O65: Evaluación de estándares mínimos del SG-SST e implementación del plan anual de trabajo. Presentación de los estándares mínimos del SG-SST ante el ministerio del trabajo. | P65: Son efectivos y están documentados | Q65: =_xlfn.IFS(P65=DATOS!$R$2,DATOS!$S$2,P65=DATOS!$R$3,DATOS!$S$3,P65=DATOS!$R$4,DATOS!$S$4,P65=DATOS!$R$5,DATOS!$S$5,P65=DATOS!$R$6,DATOS!$S$6) -> Fuerte | R65: =_xlfn.IFS(Q65=DATOS!$S$2,DATOS!$T$2,Q65=DATOS!$S$4,DATOS!$T$4,Q65=DATOS!$S$5,DATOS!$T$5,Q65=DATOS!$S$6,DATOS!$T$6) -> 100 | S65: =AVERAGE(R65:R67) -> 100 | T65: =IF(S65>=100,"Fuerte",IF(OR(S65=99,S65>=50),"Moderado","Débil")) -> Fuerte | U65: Directa | V65: Directa | W65: =_xlfn.IFS(AND(T65=DATOS!$S$5,U65=DATOS!$X$2),2,AND(T65=DATOS!$S$5,U65=DATOS!$U$4),0,AND(T65=DATOS!$S$5,U65=DATOS!$U$3),0,AND(T65=DATOS!$S$4,U65=DATOS!$U$2,1),1,AND(T65=DATOS!$S$4,U65=DATOS!$U$4),0,AND(T65=DATOS!$S$4,U65=DATOS!$U$3),0,AND(T65=DATOS!$S$2,U65=DATOS!$U$4),0) -> 2 | X65: =_xlfn.IFS(AND(T65=DATOS!$S$5,V65=DATOS!$U$2),2,AND(T65=DATOS!$S$5,V65=DATOS!$U$4),0,AND(T65=DATOS!$S$5,V65=DATOS!$U$3),1,AND(T65=DATOS!$S$4,V65=DATOS!$U$2,1),1,AND(T65=DATOS!$S$4,V65=DATOS!$U$4),0,AND(T65=DATOS!$S$4,V65=DATOS!$U$3),0,AND(T65=DATOS!$S$2,V65=DATOS!$U$4),0) -> 2 | Y65: =L65-W65 -> -1 | Z65: =M65-X65 -> 1 | AA65: =_xlfn.IFS(AND(Y65=0),1,AND(Y65=1),1,AND(Y65=2),2,AND(Y65=3),3,AND(Y65=4),4,AND(Y65=5),5,AND(Y65=-1),1) -> 1 | AB65: =_xlfn.IFS(AND(Z65=0),1,AND(Z65=1),1,AND(Z65=2),2,AND(Z65=3),3,AND(Z65=4),4,AND(Z65=5),5,AND(Z65=-1),1) -> 1 | AC65: =INDEX(DATOS!$J$4:$N$8,Mapa!AA65:AA67,Mapa!AB65:AB67) -> Baja | AD65: =_xlfn.IFS(AC65=DATOS!$O$2,DATOS!$P$2,AC65=DATOS!$O$3,DATOS!$P$3,AC65=DATOS!$O$4,DATOS!$P$4,AC65=DATOS!$O$5,DATOS!$P$5) -> Asumir el riesgo | AE65: Reducir el riesgo | AF65: 1. Implementación plan de trabajo de SST. 2. Desarrollo del plan de bienestar alineado al resultado de la batería psicosocial. 3. Identificación y evaluación de cumplimiento de requisitos legales de SST. 4. Implementación Sistema Integrado de Gestión- Fase II Subsistema de SST en ISO 45001 y responsabilidad social | AG65: Líder Administrativo | AH65: 45665 | AI65: 46022 | AJ65: Mensual | AK65: Indicadores de SST | AL65: Cuadro de Mando de SST | AM65: 1. Analizar las causas del incumplimiento 2. Se solicita al responsable la apertura de la acción de mejora 3. Seguimiento a las acciones definidas. | AN65: NO | AO65: No aplica | AP65: No aplica
D66: Administrativo | F66: Gestión | G66: SST | J66: Desactualización en la normatividad aplicable . | O66: Actualización de la matriz de requisitos legales de SST | P66: Son efectivos y están documentados | Q66: =_xlfn.IFS(P66=DATOS!$R$2,DATOS!$S$2,P66=DATOS!$R$3,DATOS!$S$3,P66=DATOS!$R$4,DATOS!$S$4,P66=DATOS!$R$5,DATOS!$S$5,P66=DATOS!$R$6,DATOS!$S$6) -> Fuerte | R66: =_xlfn.IFS(Q66=DATOS!$S$2,DATOS!$T$2,Q66=DATOS!$S$4,DATOS!$T$4,Q66=DATOS!$S$5,DATOS!$T$5,Q66=DATOS!$S$6,DATOS!$T$6) -> 100
D67: Administrativo | F67: Gestión | G67: SST | J67: No lograr los objetivos de la política de Seguridad y Salud en el Trabajo - SST/falta de adecuada implementación de controles en SST y en general aplicabilidad del subsistema de SST en los diferentes procesos | O67: Seguimiento al Cuadro de mando de SST, así como al plan anual de trabajo, auditoria interna a SST. | P67: Son efectivos y están documentados | Q67: =_xlfn.IFS(P67=DATOS!$R$2,DATOS!$S$2,P67=DATOS!$R$3,DATOS!$S$3,P67=DATOS!$R$4,DATOS!$S$4,P67=DATOS!$R$5,DATOS!$S$5,P67=DATOS!$R$6,DATOS!$S$6) -> Fuerte | R67: =_xlfn.IFS(Q67=DATOS!$S$2,DATOS!$T$2,Q67=DATOS!$S$4,DATOS!$T$4,Q67=DATOS!$S$5,DATOS!$T$5,Q67=DATOS!$S$6,DATOS!$T$6) -> 100
C68: 21 | D68: Administrativo | E68: Incumplimiento en el suministro o la prestación del servicio por parte de los proveedores/Proveedores inadecuados | F68: Gestión | G68: Cumplimiento | H68: No aplica | I68: No aplica | J68: Celebración de contratos sin la aplicación adecuada de cada una de las modalidades de contratación definidas en el CONTE. | K68: Sanciones de orden legal, disciplinario, presupuestales y fiscales Reprocesos Incumplimiento del CONTE a las diferentes partes interesadas | L68: 2 | M68: 4 | N68: =INDEX(DATOS!$J$4:$N$8,Mapa!L68:L70,Mapa!M68:M70) -> Alta | O68: Se cuenta con la Guía de Contratación y gestión de proveedores así como el procedimiento de Compras. Verificación documental obligatoria de proveedores (RUP, certificados, experiencia, antecedentes) con el fin de realizar una adecuada selección de proveedores. | P68: Están documentados pero No son efectivos | Q68: =_xlfn.IFS(P68=DATOS!$R$2,DATOS!$S$2,P68=DATOS!$R$3,DATOS!$S$3,P68=DATOS!$R$4,DATOS!$S$4,P68=DATOS!$R$5,DATOS!$S$5,P68=DATOS!$R$6,DATOS!$S$6) -> Débil | R68: =_xlfn.IFS(Q68=DATOS!$S$2,DATOS!$T$2,Q68=DATOS!$S$4,DATOS!$T$4,Q68=DATOS!$S$5,DATOS!$T$5,Q68=DATOS!$S$6,DATOS!$T$6) -> 0 | S68: =AVERAGE(R68:R70) -> 0 | T68: =IF(S68>=100,"Fuerte",IF(OR(S68=99,S68>=50),"Moderado","Débil")) -> Débil | U68: No disminuye | V68: No disminuye | W68: =_xlfn.IFS(AND(T68=DATOS!$S$5,U68=DATOS!$X$2),2,AND(T68=DATOS!$S$5,U68=DATOS!$U$4),0,AND(T68=DATOS!$S$5,U68=DATOS!$U$3),0,AND(T68=DATOS!$S$4,U68=DATOS!$U$2,1),1,AND(T68=DATOS!$S$4,U68=DATOS!$U$4),0,AND(T68=DATOS!$S$4,U68=DATOS!$U$3),0,AND(T68=DATOS!$S$2,U68=DATOS!$U$4),0) -> 0 | X68: =_xlfn.IFS(AND(T68=DATOS!$S$5,V68=DATOS!$U$2),2,AND(T68=DATOS!$S$5,V68=DATOS!$U$4),0,AND(T68=DATOS!$S$5,V68=DATOS!$U$3),1,AND(T68=DATOS!$S$4,V68=DATOS!$U$2,1),1,AND(T68=DATOS!$S$4,V68=DATOS!$U$4),0,AND(T68=DATOS!$S$4,V68=DATOS!$U$3),0,AND(T68=DATOS!$S$2,V68=DATOS!$U$4),0) -> 0 | Y68: =L68-W68 -> 2 | Z68: =M68-X68 -> 4 | AA68: =_xlfn.IFS(AND(Y68=0),1,AND(Y68=1),1,AND(Y68=2),2,AND(Y68=3),3,AND(Y68=4),4,AND(Y68=5),5,AND(Y68=-1),1) -> 2 | AB68: =_xlfn.IFS(AND(Z68=0),1,AND(Z68=1),1,AND(Z68=2),2,AND(Z68=3),3,AND(Z68=4),4,AND(Z68=5),5,AND(Z68=-1),1) -> 4 | AC68: =INDEX(DATOS!$J$4:$N$8,Mapa!AA68:AA70,Mapa!AB68:AB70) -> Alta | AD68: =_xlfn.IFS(AC68=DATOS!$O$2,DATOS!$P$2,AC68=DATOS!$O$3,DATOS!$P$3,AC68=DATOS!$O$4,DATOS!$P$4,AC68=DATOS!$O$5,DATOS!$P$5) -> Reducir, evitar, Compartir o transferir el riesgo | AE68: Compartir o transferir el riesgo | AF68: 1. De acuerdo al monto del contrato se exigen pólizas de cumplimiento y garantía a los proveedores. 2. Socialización del procedimiento y la Guía a los supervisores de contrato, así como realización de entrenamiento en el tema para el personal nuevo. Continuar aplicando los controles | AG68: Líder Administrativo | AH68: 45444 | AI68: 45657 | AJ68: Trimestral | AK68: Indicador Evaluación y Reevaluación de proveedores | AL68: Cuadro de Mando Administrativo | AM68: 1. Hacer efectivas la pólizas de cumplimiento y garantía. 2. Analizar las causas del incumplimiento 3. Se solicita al responsable la apertura de la acción de mejora 4. Seguimiento a las acciones definidas. | AN68: NO | AO68: No aplica | AP68: No aplica
D69: Administrativo | F69: Gestión | G69: Cumplimiento | J69: Errores en el proceso de selección y verificación de la idoneidad de proveedores, suministro de documentos no verídicos por parte de los proveedores , Falta de seguimiento, control o supervisión efectiva durante la ejecución contractual, Falta de evaluación y reevaluación de proveedores. | O69: Evaluación técnica y financiera previa a la contratación. Se cuenta con la Guía de Contratación y gestión de proveedores así como el procedimiento de Compras. Se realiza capacitación a los supervisores de contrato en temas relacionados con contratación. | P69: Están documentados pero No son efectivos | Q69: =_xlfn.IFS(P69=DATOS!$R$2,DATOS!$S$2,P69=DATOS!$R$3,DATOS!$S$3,P69=DATOS!$R$4,DATOS!$S$4,P69=DATOS!$R$5,DATOS!$S$5,P69=DATOS!$R$6,DATOS!$S$6) -> Débil | R69: =_xlfn.IFS(Q69=DATOS!$S$2,DATOS!$T$2,Q69=DATOS!$S$4,DATOS!$T$4,Q69=DATOS!$S$5,DATOS!$T$5,Q69=DATOS!$S$6,DATOS!$T$6) -> 0
D70: Administrativo | F70: Gestión | G70: Cumplimiento | J70: Limitado número de proveedores calificados o dependencias de un solo proveedor. Incumplimientos por parte de los proveedores, reiterados no sancionados o documentados. | O70: Seguimiento sistemático a la ejecución del contrato mediante formatos de supervisión. Verificación con cada cuenta de cobro del cumplimiento de entregables previos al pago. Reevaluación y exclusión de proveedores con incumplimientos reiterados. Acciones disciplinarias o contractuales ante incumplimientos (llamados de atención, sanciones, terminación anticipada). Retroalimentación y ajustes al proceso de contratación con base en las lecciones aprendidas. | P70: Están documentados pero No son efectivos | Q70: =_xlfn.IFS(P70=DATOS!$R$2,DATOS!$S$2,P70=DATOS!$R$3,DATOS!$S$3,P70=DATOS!$R$4,DATOS!$S$4,P70=DATOS!$R$5,DATOS!$S$5,P70=DATOS!$R$6,DATOS!$S$6) -> Débil | R70: =_xlfn.IFS(Q70=DATOS!$S$2,DATOS!$T$2,Q70=DATOS!$S$4,DATOS!$T$4,Q70=DATOS!$S$5,DATOS!$T$5,Q70=DATOS!$S$6,DATOS!$T$6) -> 0
C71: 22 | D71: Administrativo | E71: Incorrecta liquidación de prestaciones sociales, novedades, seguridad social y cambios de modalidad de contratación | F71: Gestión | G71: Cumplimiento | H71: No aplica | I71: No aplica | J71: Errores u omisiones en el reporte de novedades contractuales (incapacidades, licencias, retiros, prorrogas, etc.). Desactualización en la normatividad laboral o desconocimiento por parte de los encargados. Ausencia de procedimientos estandarizados para cambios de modalidad contractual. No aplicación oportuna de decisiones administrativas revisadas por el área jurídica. | K71: Pago de mora o intereses. Incumplimiento a la normatividad legal | L71: 4 | M71: 3 | N71: =INDEX(DATOS!$J$4:$N$8,Mapa!L71:L71,Mapa!M71:M71) -> Alta | O71: Contratos con Asesores Jurídicos para revisión de decisiones Registro y verificación de novedades contractuales. Capacitación periódica al personal de talento humano en normas laborales, contratación pública y seguridad social. Auditorias por parte de la Revisoría fiscal a la liquidación de la nomina. | P71: Son efectivos y están documentados | Q71: =_xlfn.IFS(P71=DATOS!$R$2,DATOS!$S$2,P71=DATOS!$R$3,DATOS!$S$3,P71=DATOS!$R$4,DATOS!$S$4,P71=DATOS!$R$5,DATOS!$S$5,P71=DATOS!$R$6,DATOS!$S$6) -> Fuerte | R71: =_xlfn.IFS(Q71=DATOS!$S$2,DATOS!$T$2,Q71=DATOS!$S$4,DATOS!$T$4,Q71=DATOS!$S$5,DATOS!$T$5,Q71=DATOS!$S$6,DATOS!$T$6) -> 100 | S71: =AVERAGE(R71:R71) -> 100 | T71: =IF(S71>=100,"Fuerte",IF(OR(S71=99,S71>=50),"Moderado","Débil")) -> Fuerte | U71: No disminuye | V71: No disminuye | W71: =_xlfn.IFS(AND(T71=DATOS!$S$5,U71=DATOS!$X$2),2,AND(T71=DATOS!$S$5,U71=DATOS!$U$4),0,AND(T71=DATOS!$S$5,U71=DATOS!$U$3),0,AND(T71=DATOS!$S$4,U71=DATOS!$U$2,1),1,AND(T71=DATOS!$S$4,U71=DATOS!$U$4),0,AND(T71=DATOS!$S$4,U71=DATOS!$U$3),0,AND(T71=DATOS!$S$2,U71=DATOS!$U$4),0) -> 0 | X71: =_xlfn.IFS(AND(T71=DATOS!$S$5,V71=DATOS!$U$2),2,AND(T71=DATOS!$S$5,V71=DATOS!$U$4),0,AND(T71=DATOS!$S$5,V71=DATOS!$U$3),1,AND(T71=DATOS!$S$4,V71=DATOS!$U$2,1),1,AND(T71=DATOS!$S$4,V71=DATOS!$U$4),0,AND(T71=DATOS!$S$4,V71=DATOS!$U$3),0,AND(T71=DATOS!$S$2,V71=DATOS!$U$4),0) -> 0 | Y71: =L71-W71 -> 4 | Z71: =M71-X71 -> 3 | AA71: =_xlfn.IFS(AND(Y71=0),1,AND(Y71=1),1,AND(Y71=2),2,AND(Y71=3),3,AND(Y71=4),4,AND(Y71=5),5,AND(Y71=-1),1) -> 4 | AB71: =_xlfn.IFS(AND(Z71=0),1,AND(Z71=1),1,AND(Z71=2),2,AND(Z71=3),3,AND(Z71=4),4,AND(Z71=5),5,AND(Z71=-1),1) -> 3 | AC71: =INDEX(DATOS!$J$4:$N$8,Mapa!AA71:AA71,Mapa!AB71:AB71) -> Alta | AD71: =_xlfn.IFS(AC71=DATOS!$O$2,DATOS!$P$2,AC71=DATOS!$O$3,DATOS!$P$3,AC71=DATOS!$O$4,DATOS!$P$4,AC71=DATOS!$O$5,DATOS!$P$5) -> Reducir, evitar, Compartir o transferir el riesgo | AE71: Compartir o transferir el riesgo | AF71: 1. Solicitar los conceptos jurídicos en casos requeridos. 2. Implementar los controles | AG71: Líder Administrativo | AH71: 45665 | AI71: 46022 | AJ71: Semestral | AK71: Informes de revisoría fiscal y/o auditorias internas. | AL71: Archivo proceso Financiero | AM71: 1. Analizar las causas del incumplimiento 2. Se solicita al responsable la apertura de la acción de mejora 3. Seguimiento a las acciones definidas. | AN71: No | AO71: No aplica | AP71: No aplica
C72: 23 | D72: Administrativo | E72: Diferencias en el inventario e incorrecta disposición final de bienes | F72: Gestión | G72: Operativo | H72: No aplica | I72: No aplica | J72: Deficiencia en la seguridad física en los sitios de almacenamiento. | K72: No se tiene inventario actualizado y genera diferencias con los valores en Financiero. Reprocesos Perdidas económicas | L72: 3 | M72: 1 | N72: =INDEX(DATOS!$J$4:$N$8,Mapa!L72:L74,Mapa!M72:M74) -> Baja | O72: Cámaras de seguridad en las diferentes sedes | P72: Son efectivos y están documentados | Q72: =_xlfn.IFS(P72=DATOS!$R$2,DATOS!$S$2,P72=DATOS!$R$3,DATOS!$S$3,P72=DATOS!$R$4,DATOS!$S$4,P72=DATOS!$R$5,DATOS!$S$5,P72=DATOS!$R$6,DATOS!$S$6) -> Fuerte | R72: =_xlfn.IFS(Q72=DATOS!$S$2,DATOS!$T$2,Q72=DATOS!$S$4,DATOS!$T$4,Q72=DATOS!$S$5,DATOS!$T$5,Q72=DATOS!$S$6,DATOS!$T$6) -> 100 | S72: =AVERAGE(R72:R74) -> 66.666667 | T72: =IF(S72>=100,"Fuerte",IF(OR(S72=99,S72>=50),"Moderado","Débil")) -> Moderado | U72: Directa | V72: No disminuye | W72: =_xlfn.IFS(AND(T72=DATOS!$S$5,U72=DATOS!$X$2),2,AND(T72=DATOS!$S$5,U72=DATOS!$U$4),0,AND(T72=DATOS!$S$5,U72=DATOS!$U$3),0,AND(T72=DATOS!$S$4,U72=DATOS!$U$2,1),1,AND(T72=DATOS!$S$4,U72=DATOS!$U$4),0,AND(T72=DATOS!$S$4,U72=DATOS!$U$3),0,AND(T72=DATOS!$S$2,U72=DATOS!$U$4),0) -> 1 | X72: =_xlfn.IFS(AND(T72=DATOS!$S$5,V72=DATOS!$U$2),2,AND(T72=DATOS!$S$5,V72=DATOS!$U$4),0,AND(T72=DATOS!$S$5,V72=DATOS!$U$3),1,AND(T72=DATOS!$S$4,V72=DATOS!$U$2,1),1,AND(T72=DATOS!$S$4,V72=DATOS!$U$4),0,AND(T72=DATOS!$S$4,V72=DATOS!$U$3),0,AND(T72=DATOS!$S$2,V72=DATOS!$U$4),0) -> 0 | Y72: =L72-W72 -> 2 | Z72: =M72-X72 -> 1 | AA72: =_xlfn.IFS(AND(Y72=0),1,AND(Y72=1),1,AND(Y72=2),2,AND(Y72=3),3,AND(Y72=4),4,AND(Y72=5),5,AND(Y72=-1),1) -> 2 | AB72: =_xlfn.IFS(AND(Z72=0),1,AND(Z72=1),1,AND(Z72=2),2,AND(Z72=3),3,AND(Z72=4),4,AND(Z72=5),5,AND(Z72=-1),1) -> 1 | AC72: =INDEX(DATOS!$J$4:$N$8,Mapa!AA72:AA74,Mapa!AB72:AB74) -> Baja | AD72: =_xlfn.IFS(AC72=DATOS!$O$2,DATOS!$P$2,AC72=DATOS!$O$3,DATOS!$P$3,AC72=DATOS!$O$4,DATOS!$P$4,AC72=DATOS!$O$5,DATOS!$P$5) -> Asumir el riesgo | AE72: Reducir el riesgo | AF72: 1. Implementar el manejo del inventario a través del world office o software contable. 2. Continuar con la aplicación de controles | AG72: Profesional de Tecnología- Líder Administrativo | AH72: 45665 | AI72: 46022 | AJ72: Semestral | AK72: Hallazgos emitidos por revisoría fiscal por diferencias del inventario o en auditoria interna | AL72: Informes de revisoría fiscal y/o auditorias internas. | AM72: 1. Realizar ajuste de inventario autorizado por Dirección Ejecutiva. 2. Analizar las causas del incumplimiento 3. Se solicita al responsable la apertura de la acción de mejora 4. Seguimiento a las acciones definidas. | AN72: NO | AO72: No aplica | AP72: No aplica
D73: Administrativo | F73: Gestión | G73: Operativo | J73: Falta de registro oportuno y exacto de los movimientos del inventario. | O73: Procedimiento documentado de registro, baja y disposición final del inventario. | P73: Están documentados pero No son efectivos | Q73: =_xlfn.IFS(P73=DATOS!$R$2,DATOS!$S$2,P73=DATOS!$R$3,DATOS!$S$3,P73=DATOS!$R$4,DATOS!$S$4,P73=DATOS!$R$5,DATOS!$S$5,P73=DATOS!$R$6,DATOS!$S$6) -> Débil | R73: =_xlfn.IFS(Q73=DATOS!$S$2,DATOS!$T$2,Q73=DATOS!$S$4,DATOS!$T$4,Q73=DATOS!$S$5,DATOS!$T$5,Q73=DATOS!$S$6,DATOS!$T$6) -> 0
D74: Administrativo | F74: Gestión | G74: Operativo | J74: Insuficiencia en el seguimiento sistemático y conciliación entre lo físico y lo reportado. | O74: Se realiza auditoria por parte de la revisoría fiscal y en auditorias internas. | P74: Son efectivos y están documentados | Q74: =_xlfn.IFS(P74=DATOS!$R$2,DATOS!$S$2,P74=DATOS!$R$3,DATOS!$S$3,P74=DATOS!$R$4,DATOS!$S$4,P74=DATOS!$R$5,DATOS!$S$5,P74=DATOS!$R$6,DATOS!$S$6) -> Fuerte | R74: =_xlfn.IFS(Q74=DATOS!$S$2,DATOS!$T$2,Q74=DATOS!$S$4,DATOS!$T$4,Q74=DATOS!$S$5,DATOS!$T$5,Q74=DATOS!$S$6,DATOS!$T$6) -> 100
C75: 24 | D75: Financiero | E75: Pago indebido con afectación de recursos de destinaciones específicas (así como pagos duplicados o no autorizados)/Desviación en la ejecución presupuestal | F75: Gestión | G75: Financiero | H75: No aplica | I75: No aplica | J75: Transferencia errónea al beneficiario incorrecto o por valor equivocado. Omisión en la revisión de la fuente de financiación del gasto. Procesamiento de pagos sin verificación. Desconocimiento de las restricciones legales de ciertos recursos (tasas, convenios, etc.). Pago de obligaciones sin disponibilidad presupuestal o sin CDP/RP | K75: Hallazgos ante entes de control procesos disciplinarios, Sanciones Apertura de procesos disciplinarios o fiscales. Desviación de recursos públicos. Reprocesos administrativos y contables. Pérdida de confiabilidad en el control financiero. Afectación en el cumplimiento de metas institucionales financiadas con esos recursos. | L75: 1 | M75: 2 | N75: =INDEX(DATOS!$J$4:$N$8,Mapa!L75:L76,Mapa!M75:M76) -> Baja | O75: Procedimiento institucional de pagos. Validación del origen y uso de recursos (cruce presupuestal y financiero). Revisión técnica del CDP y RP asociado antes del giro. | P75: Son efectivos y están documentados | Q75: =_xlfn.IFS(P75=DATOS!$R$2,DATOS!$S$2,P75=DATOS!$R$3,DATOS!$S$3,P75=DATOS!$R$4,DATOS!$S$4,P75=DATOS!$R$5,DATOS!$S$5,P75=DATOS!$R$6,DATOS!$S$6) -> Fuerte | R75: =_xlfn.IFS(Q75=DATOS!$S$2,DATOS!$T$2,Q75=DATOS!$S$4,DATOS!$T$4,Q75=DATOS!$S$5,DATOS!$T$5,Q75=DATOS!$S$6,DATOS!$T$6) -> 100 | S75: =AVERAGE(R75:R76) -> 100 | T75: =IF(S75>=100,"Fuerte",IF(OR(S75=99,S75>=50),"Moderado","Débil")) -> Fuerte | U75: Directa | V75: Indirectamente | W75: =_xlfn.IFS(AND(T75=DATOS!$S$5,U75=DATOS!$X$2),2,AND(T75=DATOS!$S$5,U75=DATOS!$U$4),0,AND(T75=DATOS!$S$5,U75=DATOS!$U$3),0,AND(T75=DATOS!$S$4,U75=DATOS!$U$2,1),1,AND(T75=DATOS!$S$4,U75=DATOS!$U$4),0,AND(T75=DATOS!$S$4,U75=DATOS!$U$3),0,AND(T75=DATOS!$S$2,U75=DATOS!$U$4),0) -> 2 | X75: =_xlfn.IFS(AND(T75=DATOS!$S$5,V75=DATOS!$U$2),2,AND(T75=DATOS!$S$5,V75=DATOS!$U$4),0,AND(T75=DATOS!$S$5,V75=DATOS!$U$3),1,AND(T75=DATOS!$S$4,V75=DATOS!$U$2,1),1,AND(T75=DATOS!$S$4,V75=DATOS!$U$4),0,AND(T75=DATOS!$S$4,V75=DATOS!$U$3),0,AND(T75=DATOS!$S$2,V75=DATOS!$U$4),0) -> 1 | Y75: =L75-W75 -> -1 | Z75: =M75-X75 -> 1 | AA75: =_xlfn.IFS(AND(Y75=0),1,AND(Y75=1),1,AND(Y75=2),2,AND(Y75=3),3,AND(Y75=4),4,AND(Y75=5),5,AND(Y75=-1),1) -> 1 | AB75: =_xlfn.IFS(AND(Z75=0),1,AND(Z75=1),1,AND(Z75=2),2,AND(Z75=3),3,AND(Z75=4),4,AND(Z75=5),5,AND(Z75=-1),1) -> 1 | AC75: =INDEX(DATOS!$J$4:$N$8,Mapa!AA75:AA76,Mapa!AB75:AB76) -> Baja | AD75: =_xlfn.IFS(AC75=DATOS!$O$2,DATOS!$P$2,AC75=DATOS!$O$3,DATOS!$P$3,AC75=DATOS!$O$4,DATOS!$P$4,AC75=DATOS!$O$5,DATOS!$P$5) -> Asumir el riesgo | AE75: Asumir el riesgo | AF75: Implementación del modulo de presupuesto, para gestión y control. | AG75: Profesional Financiera | AH75: 45665 | AI75: 46022 | AJ75: Mensual | AK75: Conciliaciones Bancarias | AL75: Registros Profesional Financiera | AM75: 1. Realizar reporte inmediato a la Dirección Ejecutiva 2. Detener pagos adicionales relacionados mientras se corrige el error. 3. Gestionar la devolución o recobro del valor transferido si aplica. 4. Generar informe con lecciones aprendidas y plan de mejora inmediato. 5. Ajustar la programación presupuestal para mitigar el impacto financiero (si es necesario). 6. Analizar las causas del incumplimiento 7. Se solicita al responsable la apertura de la acción de mejora 8. Seguimiento a las acciones definidas. | AN75: NO | AO75: No aplica | AP75: No aplica
D76: Financiero | F76: Gestión | G76: Financiero | J76: Falta de verificación antes de la realización de pago, error en la configuración de cuentas. Configuración incorrecta de la partida presupuestal o contable. Volatilidad en las monedas de negociación para adquisición de bienes y servicios. | O76: Realización de conciliaciones bancarias. Revisión cruzada entre ejecución presupuestal y contabilidad. Reporte de movimientos fuera de lo planeado en el PAC.. Auditoria por parte de Revisoría Fiscal. | P76: Son efectivos y están documentados | Q76: =_xlfn.IFS(P76=DATOS!$R$2,DATOS!$S$2,P76=DATOS!$R$3,DATOS!$S$3,P76=DATOS!$R$4,DATOS!$S$4,P76=DATOS!$R$5,DATOS!$S$5,P76=DATOS!$R$6,DATOS!$S$6) -> Fuerte | R76: =_xlfn.IFS(Q76=DATOS!$S$2,DATOS!$T$2,Q76=DATOS!$S$4,DATOS!$T$4,Q76=DATOS!$S$5,DATOS!$T$5,Q76=DATOS!$S$6,DATOS!$T$6) -> 100
C77: 25 | D77: Financiero | E77: Inoportunidad en la presentación de informes (financieros) a los entes de control | F77: Gestión | G77: Cumplimiento | H77: No aplica | I77: No aplica | J77: Fallas técnicas en las plataformas externas para la presentación de informes | K77: Sanciones de orden legal, disciplinario, presupuestales y fiscales Hallazgos por entes de control Multas por incumplimiento de plazos. Reputación institucional comprometida ante organismos de control. Desconfianza de los grupos de interés externos. Reprocesos administrativos y presión sobre las áreas financieras y de planeación. | L77: 1 | M77: 4 | N77: =INDEX(DATOS!$J$4:$N$8,Mapa!L77:L79,Mapa!M77:M79) -> Alta | O77: Calendario tributario institucional | P77: Son efectivos y están documentados | Q77: =_xlfn.IFS(P77=DATOS!$R$2,DATOS!$S$2,P77=DATOS!$R$3,DATOS!$S$3,P77=DATOS!$R$4,DATOS!$S$4,P77=DATOS!$R$5,DATOS!$S$5,P77=DATOS!$R$6,DATOS!$S$6) -> Fuerte | R77: =_xlfn.IFS(Q77=DATOS!$S$2,DATOS!$T$2,Q77=DATOS!$S$4,DATOS!$T$4,Q77=DATOS!$S$5,DATOS!$T$5,Q77=DATOS!$S$6,DATOS!$T$6) -> 100 | S77: =AVERAGE(R77:R79) -> 100 | T77: =IF(S77>=100,"Fuerte",IF(OR(S77=99,S77>=50),"Moderado","Débil")) -> Fuerte | U77: Directa | V77: Directa | W77: =_xlfn.IFS(AND(T77=DATOS!$S$5,U77=DATOS!$X$2),2,AND(T77=DATOS!$S$5,U77=DATOS!$U$4),0,AND(T77=DATOS!$S$5,U77=DATOS!$U$3),0,AND(T77=DATOS!$S$4,U77=DATOS!$U$2,1),1,AND(T77=DATOS!$S$4,U77=DATOS!$U$4),0,AND(T77=DATOS!$S$4,U77=DATOS!$U$3),0,AND(T77=DATOS!$S$2,U77=DATOS!$U$4),0) -> 2 | X77: =_xlfn.IFS(AND(T77=DATOS!$S$5,V77=DATOS!$U$2),2,AND(T77=DATOS!$S$5,V77=DATOS!$U$4),0,AND(T77=DATOS!$S$5,V77=DATOS!$U$3),1,AND(T77=DATOS!$S$4,V77=DATOS!$U$2,1),1,AND(T77=DATOS!$S$4,V77=DATOS!$U$4),0,AND(T77=DATOS!$S$4,V77=DATOS!$U$3),0,AND(T77=DATOS!$S$2,V77=DATOS!$U$4),0) -> 2 | Y77: =L77-W77 -> -1 | Z77: =M77-X77 -> 2 | AA77: =_xlfn.IFS(AND(Y77=0),1,AND(Y77=1),1,AND(Y77=2),2,AND(Y77=3),3,AND(Y77=4),4,AND(Y77=5),5,AND(Y77=-1),1) -> 1 | AB77: =_xlfn.IFS(AND(Z77=0),1,AND(Z77=1),1,AND(Z77=2),2,AND(Z77=3),3,AND(Z77=4),4,AND(Z77=5),5,AND(Z77=-1),1) -> 2 | AC77: =INDEX(DATOS!$J$4:$N$8,Mapa!AA77:AA79,Mapa!AB77:AB79) -> Baja | AD77: =_xlfn.IFS(AC77=DATOS!$O$2,DATOS!$P$2,AC77=DATOS!$O$3,DATOS!$P$3,AC77=DATOS!$O$4,DATOS!$P$4,AC77=DATOS!$O$5,DATOS!$P$5) -> Asumir el riesgo | AE77: Asumir el riesgo | AF77: 1. Seguimiento por parte de la Revisoría Fiscal a la presentación oportuna y correcta de los informes a los entes de control. 2. Seguimiento por parte de la analista de planeación a la presentación oportuna y correcta de los informes a los entes de control. Continuar con la aplicación de controles | AG77: Revisoría Fiscal | AH77: 45665 | AI77: 46022 | AJ77: Mensual | AK77: Indicador Cronograma Financiero | AL77: Cuadro de Mando Financiero | AM77: 1. Notificar inmediatamente a la Dirección Ejecutiva del incumplimiento. 2. Elaborar y radicar una justificación formal ante el ente de control, si el retraso es justificable. 3.Analizar las causas del incumplimiento 4. Se solicita al responsable la apertura de la acción de mejora 5. Seguimiento a las acciones definidas. | AN77: NO | AO77: No aplica | AP77: No aplica
D78: Financiero | F78: Gestión | G78: Cumplimiento | J78: Falta de programación interna y validación de fechas clave. Desconocimiento o desactualización de los cronogramas oficiales. | O78: Seguimiento al cumplimiento de los tiempos por el Profesional Financiero | P78: Son efectivos y están documentados | Q78: =_xlfn.IFS(P78=DATOS!$R$2,DATOS!$S$2,P78=DATOS!$R$3,DATOS!$S$3,P78=DATOS!$R$4,DATOS!$S$4,P78=DATOS!$R$5,DATOS!$S$5,P78=DATOS!$R$6,DATOS!$S$6) -> Fuerte | R78: =_xlfn.IFS(Q78=DATOS!$S$2,DATOS!$T$2,Q78=DATOS!$S$4,DATOS!$T$4,Q78=DATOS!$S$5,DATOS!$T$5,Q78=DATOS!$S$6,DATOS!$T$6) -> 100
D79: Financiero | F79: Gestión | G79: Cumplimiento | J79: Demora en la consolidación de datos por parte de las áreas responsables. Falta de preparación oportuna de los informes. No asignación de responsables o respaldo frente a imprevistos (ausencias, licencias, etc.). | O79: Seguimiento por Analista de planeación | P79: Son efectivos y están documentados | Q79: =_xlfn.IFS(P79=DATOS!$R$2,DATOS!$S$2,P79=DATOS!$R$3,DATOS!$S$3,P79=DATOS!$R$4,DATOS!$S$4,P79=DATOS!$R$5,DATOS!$S$5,P79=DATOS!$R$6,DATOS!$S$6) -> Fuerte | R79: =_xlfn.IFS(Q79=DATOS!$S$2,DATOS!$T$2,Q79=DATOS!$S$4,DATOS!$T$4,Q79=DATOS!$S$5,DATOS!$T$5,Q79=DATOS!$S$6,DATOS!$T$6) -> 100
C80: 26 | D80: Financiero | E80: Extemporaneidad en el pago de las obligaciones laborales, de proveedores, financieras y tributarias | F80: Gestión | G80: Financiero | H80: No aplica | I80: No aplica | J80: Fallas en las plataformas para la presentación de declaraciones de impuestos o demás pagos. Falta de flujo de caja o no disponibilidad presupuestal oportuna | K80: Sanciones de orden legal, disciplinario, presupuestales y fiscales Hallazgos por entes de control, sanciones fiscales, disciplinarias o contractuales. Hallazgos por entes de control (DIAN, Contraloría, UGPP, Ministerio de Trabajo, etc.). Afectación en la satisfacción de las partes interesadas. Pérdida de descuentos por pronto pago o aplicación de intereses. Daño a la relación con proveedores y empleados (clima laboral). Pérdida de confianza por parte de aliados financieros o cooperantes. | L80: 1 | M80: 4 | N80: =INDEX(DATOS!$J$4:$N$8,Mapa!L80:L82,Mapa!M80:M82) -> Alta | O80: Calendario tributario - Procedimiento y política de pagos. | P80: Son efectivos y están documentados | Q80: =_xlfn.IFS(P80=DATOS!$R$2,DATOS!$S$2,P80=DATOS!$R$3,DATOS!$S$3,P80=DATOS!$R$4,DATOS!$S$4,P80=DATOS!$R$5,DATOS!$S$5,P80=DATOS!$R$6,DATOS!$S$6) -> Fuerte | R80: =_xlfn.IFS(Q80=DATOS!$S$2,DATOS!$T$2,Q80=DATOS!$S$4,DATOS!$T$4,Q80=DATOS!$S$5,DATOS!$T$5,Q80=DATOS!$S$6,DATOS!$T$6) -> 100 | S80: =AVERAGE(R80:R82) -> 100 | T80: =IF(S80>=100,"Fuerte",IF(OR(S80=99,S80>=50),"Moderado","Débil")) -> Fuerte | U80: Directa | V80: Directa | W80: =_xlfn.IFS(AND(T80=DATOS!$S$5,U80=DATOS!$X$2),2,AND(T80=DATOS!$S$5,U80=DATOS!$U$4),0,AND(T80=DATOS!$S$5,U80=DATOS!$U$3),0,AND(T80=DATOS!$S$4,U80=DATOS!$U$2,1),1,AND(T80=DATOS!$S$4,U80=DATOS!$U$4),0,AND(T80=DATOS!$S$4,U80=DATOS!$U$3),0,AND(T80=DATOS!$S$2,U80=DATOS!$U$4),0) -> 2 | X80: =_xlfn.IFS(AND(T80=DATOS!$S$5,V80=DATOS!$U$2),2,AND(T80=DATOS!$S$5,V80=DATOS!$U$4),0,AND(T80=DATOS!$S$5,V80=DATOS!$U$3),1,AND(T80=DATOS!$S$4,V80=DATOS!$U$2,1),1,AND(T80=DATOS!$S$4,V80=DATOS!$U$4),0,AND(T80=DATOS!$S$4,V80=DATOS!$U$3),0,AND(T80=DATOS!$S$2,V80=DATOS!$U$4),0) -> 2 | Y80: =L80-W80 -> -1 | Z80: =M80-X80 -> 2 | AA80: =_xlfn.IFS(AND(Y80=0),1,AND(Y80=1),1,AND(Y80=2),2,AND(Y80=3),3,AND(Y80=4),4,AND(Y80=5),5,AND(Y80=-1),1) -> 1 | AB80: =_xlfn.IFS(AND(Z80=0),1,AND(Z80=1),1,AND(Z80=2),2,AND(Z80=3),3,AND(Z80=4),4,AND(Z80=5),5,AND(Z80=-1),1) -> 2 | AC80: =INDEX(DATOS!$J$4:$N$8,Mapa!AA80:AA82,Mapa!AB80:AB82) -> Baja | AD80: =_xlfn.IFS(AC80=DATOS!$O$2,DATOS!$P$2,AC80=DATOS!$O$3,DATOS!$P$3,AC80=DATOS!$O$4,DATOS!$P$4,AC80=DATOS!$O$5,DATOS!$P$5) -> Asumir el riesgo | AE80: Asumir el riesgo | AF80: 1. Articular mejor el flujo entre áreas que autorizan, soportan y ejecutan el pago (Administrativo- compras, financiero, dirección). | AG80: Profesional Financiera | AH80: 45665 | AI80: 46022 | AJ80: Mensual | AK80: Indicadores: Cronograma Financiero - Cumplimiento de pagos | AL80: Cuadro de Mando Financiero | AM80: 1. Informar inmediatamente a la Dirección Ejecutiva, Revisoría Fiscal y Control Interno. 2. Gestionar de forma prioritaria el pago vencido con justificación técnica o legal. 3. Radicar respuesta ante el ente de control (si aplica) y solicitar plazo o reconsideración. 4. Documentar el caso y ajustar el cronograma/flujo interno para evitar recurrencia. 5. Analizar las causas del incumplimiento 6. Se solicita al responsable la apertura de la acción de mejora 7. Seguimiento a las acciones definidas. | AN80: NO | AO80: No aplica | AP80: No aplica
D81: Financiero | F81: Gestión | G81: Financiero | J81: No programación clara de fechas límite en el cronograma financiero. Ausencia de verificación antes del vencimiento de las obligaciones. | O81: Seguimiento al cumplimiento de los tiempos, Seguimiento por Revisoría Fiscal | P81: Son efectivos y están documentados | Q81: =_xlfn.IFS(P81=DATOS!$R$2,DATOS!$S$2,P81=DATOS!$R$3,DATOS!$S$3,P81=DATOS!$R$4,DATOS!$S$4,P81=DATOS!$R$5,DATOS!$S$5,P81=DATOS!$R$6,DATOS!$S$6) -> Fuerte | R81: =_xlfn.IFS(Q81=DATOS!$S$2,DATOS!$T$2,Q81=DATOS!$S$4,DATOS!$T$4,Q81=DATOS!$S$5,DATOS!$T$5,Q81=DATOS!$S$6,DATOS!$T$6) -> 100
D82: Financiero | F82: Gestión | G82: Financiero | J82: Desconocimiento por parte del personal o o rotación del personal responsable. Retrasos administrativos en la validación de requisitos previos al pago (cuentas, legalizaciones, certificaciones). | O82: Actualización permanente del personal en las normas y directrices tributarias. Definir roles de respaldo para el personal en caso de ausencias o incapacidades. | P82: Son efectivos y están documentados | Q82: =_xlfn.IFS(P82=DATOS!$R$2,DATOS!$S$2,P82=DATOS!$R$3,DATOS!$S$3,P82=DATOS!$R$4,DATOS!$S$4,P82=DATOS!$R$5,DATOS!$S$5,P82=DATOS!$R$6,DATOS!$S$6) -> Fuerte | R82: =_xlfn.IFS(Q82=DATOS!$S$2,DATOS!$T$2,Q82=DATOS!$S$4,DATOS!$T$4,Q82=DATOS!$S$5,DATOS!$T$5,Q82=DATOS!$S$6,DATOS!$T$6) -> 100
C83: 27 | D83: Financiero | E83: Perdidas Financieras | F83: Gestión | G83: Financiero | H83: No aplica | I83: No aplica | J83: Disminución en el nivel de ingresos (por baja recaudación, reducción de matrículas, aportes o convenios). Subestimación de necesidades operativas o sobreestimación de ingresos. | K83: Iliquidez o desbalance Financiero incumplimiento en las obligaciones Financieras Incumplimiento a las partes interesadas No contar con los recursos suficientes para el cumplimiento delos planes y metas de la empresa. Incumplimiento de obligaciones contractuales, laborales o tributarias. Aplazamiento o cancelación de proyectos estratégicos. Pérdida de capacidad operativa y credibilidad ante partes interesadas. Deterioro del patrimonio institucional. Hallazgos financieros o fiscales en auditorías. | L83: 1 | M83: 4 | N83: =INDEX(DATOS!$J$4:$N$8,Mapa!L83:L85,Mapa!M83:M85) -> Alta | O83: Elaboración participativa del presupuesto institucional, con consolidación de necesidades reales. Seguimiento a los estados financieros por parte de la Dirección Ejecutiva y Revisoría Fiscal. Indicadores Financieros. Control del Presupuestos de costos y gastos | P83: Son efectivos y están documentados | Q83: =_xlfn.IFS(P83=DATOS!$R$2,DATOS!$S$2,P83=DATOS!$R$3,DATOS!$S$3,P83=DATOS!$R$4,DATOS!$S$4,P83=DATOS!$R$5,DATOS!$S$5,P83=DATOS!$R$6,DATOS!$S$6) -> Fuerte | R83: =_xlfn.IFS(Q83=DATOS!$S$2,DATOS!$T$2,Q83=DATOS!$S$4,DATOS!$T$4,Q83=DATOS!$S$5,DATOS!$T$5,Q83=DATOS!$S$6,DATOS!$T$6) -> 100 | S83: =AVERAGE(R83:R85) -> 100 | T83: =IF(S83>=100,"Fuerte",IF(OR(S83=99,S83>=50),"Moderado","Débil")) -> Fuerte | U83: Directa | V83: Directa | W83: =_xlfn.IFS(AND(T83=DATOS!$S$5,U83=DATOS!$X$2),2,AND(T83=DATOS!$S$5,U83=DATOS!$U$4),0,AND(T83=DATOS!$S$5,U83=DATOS!$U$3),0,AND(T83=DATOS!$S$4,U83=DATOS!$U$2,1),1,AND(T83=DATOS!$S$4,U83=DATOS!$U$4),0,AND(T83=DATOS!$S$4,U83=DATOS!$U$3),0,AND(T83=DATOS!$S$2,U83=DATOS!$U$4),0) -> 2 | X83: =_xlfn.IFS(AND(T83=DATOS!$S$5,V83=DATOS!$U$2),2,AND(T83=DATOS!$S$5,V83=DATOS!$U$4),0,AND(T83=DATOS!$S$5,V83=DATOS!$U$3),1,AND(T83=DATOS!$S$4,V83=DATOS!$U$2,1),1,AND(T83=DATOS!$S$4,V83=DATOS!$U$4),0,AND(T83=DATOS!$S$4,V83=DATOS!$U$3),0,AND(T83=DATOS!$S$2,V83=DATOS!$U$4),0) -> 2 | Y83: =L83-W83 -> -1 | Z83: =M83-X83 -> 2 | AA83: =_xlfn.IFS(AND(Y83=0),1,AND(Y83=1),1,AND(Y83=2),2,AND(Y83=3),3,AND(Y83=4),4,AND(Y83=5),5,AND(Y83=-1),1) -> 1 | AB83: =_xlfn.IFS(AND(Z83=0),1,AND(Z83=1),1,AND(Z83=2),2,AND(Z83=3),3,AND(Z83=4),4,AND(Z83=5),5,AND(Z83=-1),1) -> 2 | AC83: =INDEX(DATOS!$J$4:$N$8,Mapa!AA83:AA85,Mapa!AB83:AB85) -> Baja | AD83: =_xlfn.IFS(AC83=DATOS!$O$2,DATOS!$P$2,AC83=DATOS!$O$3,DATOS!$P$3,AC83=DATOS!$O$4,DATOS!$P$4,AC83=DATOS!$O$5,DATOS!$P$5) -> Asumir el riesgo | AE83: Asumir el riesgo | AF83: 1. Fortalecer el modelo de planeación presupuestal, implementación del modulo de control presupuestal. 2. Análisis de Costos y gastos del CONTE para evaluar el impacto que traería el proyecto de ley del costo de expedición de matriculas en UVT. 3. Diseñar estrategias con las instituciones educativas de educación media para fomentar en la población estudiantil la orientación vocacional como Técnicos Electricistas. 4. Proyecto semilleros Seccional Santander 5. Continuar con la aplicación de controles | AG83: Profesional Financiera | AH83: 45665 | AI83: 46022 | AJ83: Trimestral | AK83: Indicador Utilidad | AL83: Cuadro de Mando Financiero | AM83: 1. Activar plan de contingencia financiera, priorizando pagos legales y estratégicos. 2. Realizar reprogramación presupuestal urgente (recortes, traslados, aplazamientos). 3. Informar al Consejo Directivo y presentar un plan de recuperación. 4. Evaluar alternativas de generación de ingresos o gestión de recursos externos. 5. Analizar las causas del incumplimiento 6. Se solicita al responsable la apertura de la acción de mejora 7.. Seguimiento a las acciones definidas. | AN83: NO | AO83: No aplica | AP83: No Aplica
D84: Financiero | F84: Gestión | G84: Financiero | J84: Elevados costos de operación no justificados o sin priorización. No ejecución de mecanismos de optimización del gasto. | O84: Presentación de estados financieros al Consejo Directivo. Aprobación del Presupuesto de costos y gastos así como el de ingresos por parte del Consejo Directivo. Análisis de variaciones presupuestales con su respectiva justificación. Reporte de riesgos financieros al Comité de Dirección. | P84: Son efectivos y están documentados | Q84: =_xlfn.IFS(P84=DATOS!$R$2,DATOS!$S$2,P84=DATOS!$R$3,DATOS!$S$3,P84=DATOS!$R$4,DATOS!$S$4,P84=DATOS!$R$5,DATOS!$S$5,P84=DATOS!$R$6,DATOS!$S$6) -> Fuerte | R84: =_xlfn.IFS(Q84=DATOS!$S$2,DATOS!$T$2,Q84=DATOS!$S$4,DATOS!$T$4,Q84=DATOS!$S$5,DATOS!$T$5,Q84=DATOS!$S$6,DATOS!$T$6) -> 100
D85: Financiero | F85: Gestión | G85: Financiero | J85: Falta de articulación entre presupuestos, planes operativos y proyectos institucionales. Aprobación de compromisos financieros sin respaldo presupuestal. | O85: Reconocimiento de las obligaciones desde el mismo momento en que se originan. Indicadores Financieros | P85: Son efectivos y están documentados | Q85: =_xlfn.IFS(P85=DATOS!$R$2,DATOS!$S$2,P85=DATOS!$R$3,DATOS!$S$3,P85=DATOS!$R$4,DATOS!$S$4,P85=DATOS!$R$5,DATOS!$S$5,P85=DATOS!$R$6,DATOS!$S$6) -> Fuerte | R85: =_xlfn.IFS(Q85=DATOS!$S$2,DATOS!$T$2,Q85=DATOS!$S$4,DATOS!$T$4,Q85=DATOS!$S$5,DATOS!$T$5,Q85=DATOS!$S$6,DATOS!$T$6) -> 100
C86: 28 | D86: Financiero | E86: Falta de veracidad o confiabilidad de la información contable y financiera | F86: Gestión | G86: Financiero | H86: No aplica | I86: No aplica | J86: Diferencias entre la información contable y y los datos operativos de los procesos. Omisión en la conciliación de cuentas bancarias. | K86: Reprocesos contables y administrativos. Incumplimiento ante entes de control (Contraloría, DIAN, UGPP, etc.). Hallazgos en auditorías externas e internas. Informes financieros imprecisos para el Consejo Directivo o entes de vigilancia. Toma de decisiones basada en información errada. Afectación a la credibilidad institucional ante partes interesadas. | L86: 1 | M86: 3 | N86: =INDEX(DATOS!$J$4:$N$8,Mapa!L86:L88,Mapa!M86:M88) -> Moderada | O86: Se realizan comparación con la información de los otros procesos. Se cuenta con el procedimiento Inversión en Títulos valores. | P86: Son efectivos y están documentados | Q86: =_xlfn.IFS(P86=DATOS!$R$2,DATOS!$S$2,P86=DATOS!$R$3,DATOS!$S$3,P86=DATOS!$R$4,DATOS!$S$4,P86=DATOS!$R$5,DATOS!$S$5,P86=DATOS!$R$6,DATOS!$S$6) -> Fuerte | R86: =_xlfn.IFS(Q86=DATOS!$S$2,DATOS!$T$2,Q86=DATOS!$S$4,DATOS!$T$4,Q86=DATOS!$S$5,DATOS!$T$5,Q86=DATOS!$S$6,DATOS!$T$6) -> 100 | S86: =AVERAGE(R86:R88) -> 100 | T86: =IF(S86>=100,"Fuerte",IF(OR(S86=99,S86>=50),"Moderado","Débil")) -> Fuerte | U86: Directa | V86: Directa | W86: =_xlfn.IFS(AND(T86=DATOS!$S$5,U86=DATOS!$X$2),2,AND(T86=DATOS!$S$5,U86=DATOS!$U$4),0,AND(T86=DATOS!$S$5,U86=DATOS!$U$3),0,AND(T86=DATOS!$S$4,U86=DATOS!$U$2,1),1,AND(T86=DATOS!$S$4,U86=DATOS!$U$4),0,AND(T86=DATOS!$S$4,U86=DATOS!$U$3),0,AND(T86=DATOS!$S$2,U86=DATOS!$U$4),0) -> 2 | X86: =_xlfn.IFS(AND(T86=DATOS!$S$5,V86=DATOS!$U$2),2,AND(T86=DATOS!$S$5,V86=DATOS!$U$4),0,AND(T86=DATOS!$S$5,V86=DATOS!$U$3),1,AND(T86=DATOS!$S$4,V86=DATOS!$U$2,1),1,AND(T86=DATOS!$S$4,V86=DATOS!$U$4),0,AND(T86=DATOS!$S$4,V86=DATOS!$U$3),0,AND(T86=DATOS!$S$2,V86=DATOS!$U$4),0) -> 2 | Y86: =L86-W86 -> -1 | Z86: =M86-X86 -> 1 | AA86: =_xlfn.IFS(AND(Y86=0),1,AND(Y86=1),1,AND(Y86=2),2,AND(Y86=3),3,AND(Y86=4),4,AND(Y86=5),5,AND(Y86=-1),1) -> 1 | AB86: =_xlfn.IFS(AND(Z86=0),1,AND(Z86=1),1,AND(Z86=2),2,AND(Z86=3),3,AND(Z86=4),4,AND(Z86=5),5,AND(Z86=-1),1) -> 1 | AC86: =INDEX(DATOS!$J$4:$N$8,Mapa!AA86:AA88,Mapa!AB86:AB88) -> Baja | AD86: =_xlfn.IFS(AC86=DATOS!$O$2,DATOS!$P$2,AC86=DATOS!$O$3,DATOS!$P$3,AC86=DATOS!$O$4,DATOS!$P$4,AC86=DATOS!$O$5,DATOS!$P$5) -> Asumir el riesgo | AE86: Asumir el riesgo | AF86: Continuar con la aplicación de controles | AG86: Profesional Financiera | AH86: 45665 | AI86: 46022 | AJ86: Mensual | AK86: Informe de Revisoría Fiscal | AL86: Archivo Financiero | AM86: Notificar error al proveedor en caso de fallo en el sistema y realizar seguimiento al caso. Error en la interface revisar y encontrar diferencias con el proceso involucrado. En caso de error en el registro de la información contable, seguir manual de políticas contables. Suspender reportes financieros externos hasta revisar inconsistencias. Realizar revisión integral del estado contable con soporte documentado. Elaborar informe técnico para el Consejo Directivo sobre los ajustes realizados. Actualizar el manual de políticas contables si el error fue de interpretación o deficiencia normativa. | AN86: NO | AO86: No aplica | AP86: No aplica
D87: Financiero | F87: Gestión | G87: Financiero | J87: Errores de digitación, clasificación o parametrización en el software contable. Procesamiento incorrecto o incompleto por parte del software financiero. | O87: Seguimiento y reporte de casos al proveedor del software en caso de falla o error, contrato de mantenimiento con el proveedor. | P87: Son efectivos y están documentados | Q87: =_xlfn.IFS(P87=DATOS!$R$2,DATOS!$S$2,P87=DATOS!$R$3,DATOS!$S$3,P87=DATOS!$R$4,DATOS!$S$4,P87=DATOS!$R$5,DATOS!$S$5,P87=DATOS!$R$6,DATOS!$S$6) -> Fuerte | R87: =_xlfn.IFS(Q87=DATOS!$S$2,DATOS!$T$2,Q87=DATOS!$S$4,DATOS!$T$4,Q87=DATOS!$S$5,DATOS!$T$5,Q87=DATOS!$S$6,DATOS!$T$6) -> 100
D88: Financiero | F88: Gestión | G88: Financiero | J88: Error en el registro de los datos contables o extemporáneo. Falta de conciliación de información entre áreas (Financiero, Administrativo- compras, nómina, proyectos). Inadecuada formación o rotación frecuente del personal contable. Ausencia de validación cruzada y revisión interna antes del cierre contable. | O88: Se cuenta con el documento Manual de políticas contables y el procedimiento contable. Seguimiento y control por parte de la revisoría fiscal. Definir roles de respaldo para el personal en caso de ausencias o incapacidades. | P88: Son efectivos y están documentados | Q88: =_xlfn.IFS(P88=DATOS!$R$2,DATOS!$S$2,P88=DATOS!$R$3,DATOS!$S$3,P88=DATOS!$R$4,DATOS!$S$4,P88=DATOS!$R$5,DATOS!$S$5,P88=DATOS!$R$6,DATOS!$S$6) -> Fuerte | R88: =_xlfn.IFS(Q88=DATOS!$S$2,DATOS!$T$2,Q88=DATOS!$S$4,DATOS!$T$4,Q88=DATOS!$S$5,DATOS!$T$5,Q88=DATOS!$S$6,DATOS!$T$6) -> 100
C89: 29 | D89: Todos los procesos | E89: MALVERSACIÓN O PECULADO (Apropiación, uso, culposo, intencional, propio, impropio) | F89: Corrupción | G89: Cumplimiento | H89: No aplica | I89: No aplica | J89: Utilización impropia de los recursos, infraestructura, insumos, dispositivos y equipos del CONTE buscando provecho particular, usufructo y/o apropiamiento de los mismos en detrimento del patrimonio de la Empresa. Uso excesivo del poder Desconocimiento de los procedimientos y normativas | K89: Incumplimiento de objetivos y metas institucionales Sanciones disciplinarias, fiscales y/o penales. | L89: 1 | M89: 3 | N89: =INDEX(DATOS!$J$4:$N$8,Mapa!L89:L91,Mapa!M89:M91) -> Moderada | O89: Se cuenta con el programa de transparencia empresarial, el código de ética y buen gobierno corporativo y las auditorias internas. | P89: Son efectivos y están documentados | Q89: =_xlfn.IFS(P89=DATOS!$R$2,DATOS!$S$2,P89=DATOS!$R$3,DATOS!$S$3,P89=DATOS!$R$4,DATOS!$S$4,P89=DATOS!$R$5,DATOS!$S$5,P89=DATOS!$R$6,DATOS!$S$6) -> Fuerte | R89: =_xlfn.IFS(Q89=DATOS!$S$2,DATOS!$T$2,Q89=DATOS!$S$4,DATOS!$T$4,Q89=DATOS!$S$5,DATOS!$T$5,Q89=DATOS!$S$6,DATOS!$T$6) -> 100 | S89: =AVERAGE(R89:R91) -> 100 | T89: =IF(S89>=100,"Fuerte",IF(OR(S89=99,S89>=50),"Moderado","Débil")) -> Fuerte | U89: Directa | V89: No disminuye | W89: =_xlfn.IFS(AND(T89=DATOS!$S$5,U89=DATOS!$X$2),2,AND(T89=DATOS!$S$5,U89=DATOS!$U$4),0,AND(T89=DATOS!$S$5,U89=DATOS!$U$3),0,AND(T89=DATOS!$S$4,U89=DATOS!$U$2,1),1,AND(T89=DATOS!$S$4,U89=DATOS!$U$4),0,AND(T89=DATOS!$S$4,U89=DATOS!$U$3),0,AND(T89=DATOS!$S$2,U89=DATOS!$U$4),0) -> 2 | X89: =_xlfn.IFS(AND(T89=DATOS!$S$5,V89=DATOS!$U$2),2,AND(T89=DATOS!$S$5,V89=DATOS!$U$4),0,AND(T89=DATOS!$S$5,V89=DATOS!$U$3),1,AND(T89=DATOS!$S$4,V89=DATOS!$U$2,1),1,AND(T89=DATOS!$S$4,V89=DATOS!$U$4),0,AND(T89=DATOS!$S$4,V89=DATOS!$U$3),0,AND(T89=DATOS!$S$2,V89=DATOS!$U$4),0) -> 0 | Y89: =L89-W89 -> -1 | Z89: =M89-X89 -> 3 | AA89: =_xlfn.IFS(AND(Y89=0),1,AND(Y89=1),1,AND(Y89=2),2,AND(Y89=3),3,AND(Y89=4),4,AND(Y89=5),5,AND(Y89=-1),1) -> 1 | AB89: =_xlfn.IFS(AND(Z89=0),1,AND(Z89=1),1,AND(Z89=2),2,AND(Z89=3),3,AND(Z89=4),4,AND(Z89=5),5,AND(Z89=-1),1) -> 3 | AC89: =INDEX(DATOS!$J$4:$N$8,Mapa!AA89:AA91,Mapa!AB89:AB91) -> Moderada | AD89: =_xlfn.IFS(AC89=DATOS!$O$2,DATOS!$P$2,AC89=DATOS!$O$3,DATOS!$P$3,AC89=DATOS!$O$4,DATOS!$P$4,AC89=DATOS!$O$5,DATOS!$P$5) -> Asumir o reducir el riesgo | AE89: Asumir el riesgo | AF89: Implementación del plan de bienestar e incentivos. Continuar con la aplicación de controles | AG89: Dirección Ejecutiva- Líder Administrativo | AH89: 45665 | AI89: 46022 | AJ89: Semestral | AK89: # Casos presentados | AL89: Procesos disciplinarios adelantados contra empleados | AM89: 1. Activar protocolo interno de atención de denuncias, garantizando confidencialidad, trazabilidad y protección del denunciante. 2. Convocar inmediatamente al Comité de Ética. 3. Realizar investigación interna documentada, con cronograma, responsables y entrevistas. 4. Aplicar medidas disciplinarias o administrativas si corresponde, conforme al régimen interno y normativo. 5. Elaborar informe de cierre del caso con lecciones aprendidas y acciones preventivas a futuro. 6. Refrescar la comunicación sobre el canal ético y el compromiso de la entidad con la transparencia. | AN89: NO | AO89: No aplica | AP89: No aplica
D90: Todos los procesos | F90: Corrupción | G90: Cumplimiento | O90: En todo proceso contractual que desarrolle el CONTE se debe tener en cuenta la Guía contratación y gestión de proveedores así como el procedimiento de compras adoptado por la Empresa. Con el fin de identificar las posibles situaciones o desviaciones en el objeto contractual se cuenta con supervisores para cada contrato quienes deben presentar informe de supervisión. | P90: Son efectivos y están documentados | Q90: =_xlfn.IFS(P90=DATOS!$R$2,DATOS!$S$2,P90=DATOS!$R$3,DATOS!$S$3,P90=DATOS!$R$4,DATOS!$S$4,P90=DATOS!$R$5,DATOS!$S$5,P90=DATOS!$R$6,DATOS!$S$6) -> Fuerte | R90: =_xlfn.IFS(Q90=DATOS!$S$2,DATOS!$T$2,Q90=DATOS!$S$4,DATOS!$T$4,Q90=DATOS!$S$5,DATOS!$T$5,Q90=DATOS!$S$6,DATOS!$T$6) -> 100
D91: Todos los procesos | F91: Corrupción | G91: Cumplimiento | O91: Se cuenta con proceso disciplinario interno en el proceso Administrativo para adelantar las investigaciones correspondientes de oficio por denuncias efectuadas, al igual que con Se cuenta con un Reglamento Interno de Trabajo, el cual debe cumplirse. Se cuenta con el proceso Administrativo para adelantar las investigaciones correspondientes por denuncias efectuadas. | P91: Son efectivos y están documentados | Q91: =_xlfn.IFS(P91=DATOS!$R$2,DATOS!$S$2,P91=DATOS!$R$3,DATOS!$S$3,P91=DATOS!$R$4,DATOS!$S$4,P91=DATOS!$R$5,DATOS!$S$5,P91=DATOS!$R$6,DATOS!$S$6) -> Fuerte | R91: =_xlfn.IFS(Q91=DATOS!$S$2,DATOS!$T$2,Q91=DATOS!$S$4,DATOS!$T$4,Q91=DATOS!$S$5,DATOS!$T$5,Q91=DATOS!$S$6,DATOS!$T$6) -> 100
C92: 30 | D92: Todos los procesos | E92: COHECHO (Propio, impropio, por dar u ofrecer, manipulación indebida de información, favorecimiento a terceros en gestión de recursos, indebido manejo de pagos y cobros indebidos). | F92: Corrupción | G92: Cumplimiento | H92: No aplica | I92: No aplica | J92: Omitir, negar, retardar, falsear documentos o entrabar la orientación o suministro de información a los usuarios que requieren los servicios del CONTE Uso excesivo del poder Desconocimiento de los procedimientos y normativas | K92: Incumplimiento de objetivos y metas institucionales Sanciones disciplinarias, fiscales y/o penales. | L92: 1 | M92: 3 | N92: =INDEX(DATOS!$J$4:$N$8,Mapa!L92:L94,Mapa!M92:M94) -> Moderada | O92: Se cuenta con el programa de transparencia empresarial, el código de ética y buen gobierno corporativo y las auditorias internas. | P92: Son efectivos y están documentados | Q92: =_xlfn.IFS(P92=DATOS!$R$2,DATOS!$S$2,P92=DATOS!$R$3,DATOS!$S$3,P92=DATOS!$R$4,DATOS!$S$4,P92=DATOS!$R$5,DATOS!$S$5,P92=DATOS!$R$6,DATOS!$S$6) -> Fuerte | R92: =_xlfn.IFS(Q92=DATOS!$S$2,DATOS!$T$2,Q92=DATOS!$S$4,DATOS!$T$4,Q92=DATOS!$S$5,DATOS!$T$5,Q92=DATOS!$S$6,DATOS!$T$6) -> 100 | S92: =AVERAGE(R92:R94) -> 100 | T92: =IF(S92>=100,"Fuerte",IF(OR(S92=99,S92>=50),"Moderado","Débil")) -> Fuerte | U92: Directa | V92: No disminuye | W92: =_xlfn.IFS(AND(T92=DATOS!$S$5,U92=DATOS!$X$2),2,AND(T92=DATOS!$S$5,U92=DATOS!$U$4),0,AND(T92=DATOS!$S$5,U92=DATOS!$U$3),0,AND(T92=DATOS!$S$4,U92=DATOS!$U$2,1),1,AND(T92=DATOS!$S$4,U92=DATOS!$U$4),0,AND(T92=DATOS!$S$4,U92=DATOS!$U$3),0,AND(T92=DATOS!$S$2,U92=DATOS!$U$4),0) -> 2 | X92: =_xlfn.IFS(AND(T92=DATOS!$S$5,V92=DATOS!$U$2),2,AND(T92=DATOS!$S$5,V92=DATOS!$U$4),0,AND(T92=DATOS!$S$5,V92=DATOS!$U$3),1,AND(T92=DATOS!$S$4,V92=DATOS!$U$2,1),1,AND(T92=DATOS!$S$4,V92=DATOS!$U$4),0,AND(T92=DATOS!$S$4,V92=DATOS!$U$3),0,AND(T92=DATOS!$S$2,V92=DATOS!$U$4),0) -> 0 | Y92: =L92-W92 -> -1 | Z92: =M92-X92 -> 3 | AA92: =_xlfn.IFS(AND(Y92=0),1,AND(Y92=1),1,AND(Y92=2),2,AND(Y92=3),3,AND(Y92=4),4,AND(Y92=5),5,AND(Y92=-1),1) -> 1 | AB92: =_xlfn.IFS(AND(Z92=0),1,AND(Z92=1),1,AND(Z92=2),2,AND(Z92=3),3,AND(Z92=4),4,AND(Z92=5),5,AND(Z92=-1),1) -> 3 | AC92: =INDEX(DATOS!$J$4:$N$8,Mapa!AA92:AA94,Mapa!AB92:AB94) -> Moderada | AD92: =_xlfn.IFS(AC92=DATOS!$O$2,DATOS!$P$2,AC92=DATOS!$O$3,DATOS!$P$3,AC92=DATOS!$O$4,DATOS!$P$4,AC92=DATOS!$O$5,DATOS!$P$5) -> Asumir o reducir el riesgo | AE92: Reducir el riesgo | AF92: Implementación del plan de bienestar e incentivos. Implementación del procedimiento de selección de personal Continuar con la aplicación de controles | AG92: Dirección Ejecutiva- Líder Administrativo | AH92: 45292 | AI92: 45657 | AJ92: Semestral | AK92: # Casos presentados | AL92: Procesos disciplinarios adelantados contra empleados | AM92: 1. Activar protocolo interno de atención de denuncias, garantizando confidencialidad, trazabilidad y protección del denunciante. 2. Convocar inmediatamente al Comité de Ética. 3. Realizar investigación interna documentada, con cronograma, responsables y entrevistas. 4. Aplicar medidas disciplinarias o administrativas si corresponde, conforme al régimen interno y normativo. 5. Elaborar informe de cierre del caso con lecciones aprendidas y acciones preventivas a futuro. 6. Refrescar la comunicación sobre el canal ético y el compromiso de la entidad con la transparencia. | AN92: NO | AO92: No aplica | AP92: No aplica
D93: Todos los procesos | F93: Corrupción | G93: Cumplimiento | O93: Se cuenta con el plan de capacitación, manual Específico de Funciones. La Empresa cuenta con procedimiento y Guía de contratación adoptado y divulgado. Se cuenta con los formatos necesarios para llevar a cabo contratos. Se cuenta con un formato para la supervisión de los contratos. | P93: Son efectivos y están documentados | Q93: =_xlfn.IFS(P93=DATOS!$R$2,DATOS!$S$2,P93=DATOS!$R$3,DATOS!$S$3,P93=DATOS!$R$4,DATOS!$S$4,P93=DATOS!$R$5,DATOS!$S$5,P93=DATOS!$R$6,DATOS!$S$6) -> Fuerte | R93: =_xlfn.IFS(Q93=DATOS!$S$2,DATOS!$T$2,Q93=DATOS!$S$4,DATOS!$T$4,Q93=DATOS!$S$5,DATOS!$T$5,Q93=DATOS!$S$6,DATOS!$T$6) -> 100
D94: Todos los procesos | F94: Corrupción | G94: Cumplimiento | O94: Se cuenta con el proceso Administrativo para adelantar las investigaciones correspondientes por denuncias efectuadas, así como con un Reglamento Interno de Trabajo, el cual debe cumplirse. | P94: Son efectivos y están documentados | Q94: =_xlfn.IFS(P94=DATOS!$R$2,DATOS!$S$2,P94=DATOS!$R$3,DATOS!$S$3,P94=DATOS!$R$4,DATOS!$S$4,P94=DATOS!$R$5,DATOS!$S$5,P94=DATOS!$R$6,DATOS!$S$6) -> Fuerte | R94: =_xlfn.IFS(Q94=DATOS!$S$2,DATOS!$T$2,Q94=DATOS!$S$4,DATOS!$T$4,Q94=DATOS!$S$5,DATOS!$T$5,Q94=DATOS!$S$6,DATOS!$T$6) -> 100
C95: 31 | D95: Procesos Disciplinarios | E95: PREVARICATO (Acción u Omisión) | F95: Corrupción | G95: Cumplimiento | H95: No aplica | I95: No aplica | J95: Es el acto de funcionarios que toman decisiones por medio de una resolución, dictamen o un concepto contrarios a la ley. Para omitir retardar o no realizar las acciones para la prestación optima de los servicios y que no sean cumplidos dentro del marco de legalidad exigido con ocasión de su cargo Uso excesivo del poder Desconocimiento de los procedimientos y normativas | K95: Incumplimiento de objetivos y metas institucionales Sanciones disciplinarias, fiscales y/o penales. | L95: 1 | M95: 3 | N95: =INDEX(DATOS!$J$4:$N$8,Mapa!L95:L97,Mapa!M95:M97) -> Moderada | O95: Se cuenta con el programa de transparencia empresarial, el código de ética y buen gobierno corporativo y las auditorias internas. | P95: Son efectivos y están documentados | Q95: =_xlfn.IFS(P95=DATOS!$R$2,DATOS!$S$2,P95=DATOS!$R$3,DATOS!$S$3,P95=DATOS!$R$4,DATOS!$S$4,P95=DATOS!$R$5,DATOS!$S$5,P95=DATOS!$R$6,DATOS!$S$6) -> Fuerte | R95: =_xlfn.IFS(Q95=DATOS!$S$2,DATOS!$T$2,Q95=DATOS!$S$4,DATOS!$T$4,Q95=DATOS!$S$5,DATOS!$T$5,Q95=DATOS!$S$6,DATOS!$T$6) -> 100 | S95: =AVERAGE(R95:R97) -> 100 | T95: =IF(S95>=100,"Fuerte",IF(OR(S95=99,S95>=50),"Moderado","Débil")) -> Fuerte | U95: Directa | V95: No disminuye | W95: =_xlfn.IFS(AND(T95=DATOS!$S$5,U95=DATOS!$X$2),2,AND(T95=DATOS!$S$5,U95=DATOS!$U$4),0,AND(T95=DATOS!$S$5,U95=DATOS!$U$3),0,AND(T95=DATOS!$S$4,U95=DATOS!$U$2,1),1,AND(T95=DATOS!$S$4,U95=DATOS!$U$4),0,AND(T95=DATOS!$S$4,U95=DATOS!$U$3),0,AND(T95=DATOS!$S$2,U95=DATOS!$U$4),0) -> 2 | X95: =_xlfn.IFS(AND(T95=DATOS!$S$5,V95=DATOS!$U$2),2,AND(T95=DATOS!$S$5,V95=DATOS!$U$4),0,AND(T95=DATOS!$S$5,V95=DATOS!$U$3),1,AND(T95=DATOS!$S$4,V95=DATOS!$U$2,1),1,AND(T95=DATOS!$S$4,V95=DATOS!$U$4),0,AND(T95=DATOS!$S$4,V95=DATOS!$U$3),0,AND(T95=DATOS!$S$2,V95=DATOS!$U$4),0) -> 0 | Y95: =L95-W95 -> -1 | Z95: =M95-X95 -> 3 | AA95: =_xlfn.IFS(AND(Y95=0),1,AND(Y95=1),1,AND(Y95=2),2,AND(Y95=3),3,AND(Y95=4),4,AND(Y95=5),5,AND(Y95=-1),1) -> 1 | AB95: =_xlfn.IFS(AND(Z95=0),1,AND(Z95=1),1,AND(Z95=2),2,AND(Z95=3),3,AND(Z95=4),4,AND(Z95=5),5,AND(Z95=-1),1) -> 3 | AC95: =INDEX(DATOS!$J$4:$N$8,Mapa!AA95:AA97,Mapa!AB95:AB97) -> Moderada | AD95: =_xlfn.IFS(AC95=DATOS!$O$2,DATOS!$P$2,AC95=DATOS!$O$3,DATOS!$P$3,AC95=DATOS!$O$4,DATOS!$P$4,AC95=DATOS!$O$5,DATOS!$P$5) -> Asumir o reducir el riesgo | AE95: Reducir el riesgo | AF95: Implementación del plan de bienestar e incentivos. Implementación del procedimiento de selección de personal Continuar con la aplicación de controles. | AG95: Dirección Ejecutiva- Líder Administrativo- Líder Misional | AH95: 45665 | AI95: 46022 | AJ95: Semestral | AK95: # Casos presentados | AL95: Procesos disciplinarios adelantados contra empleados | AM95: 1. Activar protocolo interno de atención de denuncias, garantizando confidencialidad, trazabilidad y protección del denunciante. 2. Convocar inmediatamente al Comité de Ética. 3. Realizar investigación interna documentada, con cronograma, responsables y entrevistas. 4. Aplicar medidas disciplinarias o administrativas si corresponde, conforme al régimen interno y normativo. 5. Elaborar informe de cierre del caso con lecciones aprendidas y acciones preventivas a futuro. 6. Refrescar la comunicación sobre el canal ético y el compromiso de la entidad con la transparencia. | AN95: NO | AO95: No aplica | AP95: No aplica
D96: Producción de matriculas | F96: Corrupción | G96: Cumplimiento | O96: Se cuenta con el plan de capacitación, manual Específico de Funciones. La Empresa cuenta con procedimiento y Guía de contratación adoptado y divulgado. Se cuenta con los formatos necesarios para llevar a cabo contratos. Se cuenta con un formato para la supervisión de los contratos. | P96: Son efectivos y están documentados | Q96: =_xlfn.IFS(P96=DATOS!$R$2,DATOS!$S$2,P96=DATOS!$R$3,DATOS!$S$3,P96=DATOS!$R$4,DATOS!$S$4,P96=DATOS!$R$5,DATOS!$S$5,P96=DATOS!$R$6,DATOS!$S$6) -> Fuerte | R96: =_xlfn.IFS(Q96=DATOS!$S$2,DATOS!$T$2,Q96=DATOS!$S$4,DATOS!$T$4,Q96=DATOS!$S$5,DATOS!$T$5,Q96=DATOS!$S$6,DATOS!$T$6) -> 100
D97: Direccionamiento Estratégico | F97: Corrupción | G97: Cumplimiento | O97: Se cuenta con el proceso Administrativo para adelantar las investigaciones correspondientes por denuncias efectuadas, así como con Reglamento Interno de Trabajo, con procesos y procedimientos establecidos. | P97: Son efectivos y están documentados | Q97: =_xlfn.IFS(P97=DATOS!$R$2,DATOS!$S$2,P97=DATOS!$R$3,DATOS!$S$3,P97=DATOS!$R$4,DATOS!$S$4,P97=DATOS!$R$5,DATOS!$S$5,P97=DATOS!$R$6,DATOS!$S$6) -> Fuerte | R97: =_xlfn.IFS(Q97=DATOS!$S$2,DATOS!$T$2,Q97=DATOS!$S$4,DATOS!$T$4,Q97=DATOS!$S$5,DATOS!$T$5,Q97=DATOS!$S$6,DATOS!$T$6) -> 100
C98: 32 | D98: Todos los procesos | E98: CONCUSIÓN –FRAUDE | F98: Corrupción | G98: Cumplimiento | H98: No aplica | I98: No aplica | J98: Insumos y/o equipos, amañando los costos, necesidades reales u obviando requisitos técnicos y estudios para obtener un beneficio personal, generalmente económico afectando los recursos la Empresa. Uso excesivo del poder Desconocimiento de los procedimientos y normativas | K98: Incumplimiento de objetivos y metas institucionales Sanciones disciplinarias, fiscales y/o penales. | L98: 1 | M98: 4 | N98: =INDEX(DATOS!$J$4:$N$8,Mapa!L98:L100,Mapa!M98:M100) -> Alta | O98: Se cuenta con el programa de transparencia empresarial, el código de ética y buen gobierno corporativo y las auditorias internas. | P98: Son efectivos y están documentados | Q98: =_xlfn.IFS(P98=DATOS!$R$2,DATOS!$S$2,P98=DATOS!$R$3,DATOS!$S$3,P98=DATOS!$R$4,DATOS!$S$4,P98=DATOS!$R$5,DATOS!$S$5,P98=DATOS!$R$6,DATOS!$S$6) -> Fuerte | R98: =_xlfn.IFS(Q98=DATOS!$S$2,DATOS!$T$2,Q98=DATOS!$S$4,DATOS!$T$4,Q98=DATOS!$S$5,DATOS!$T$5,Q98=DATOS!$S$6,DATOS!$T$6) -> 100 | S98: =AVERAGE(R98:R100) -> 100 | T98: =IF(S98>=100,"Fuerte",IF(OR(S98=99,S98>=50),"Moderado","Débil")) -> Fuerte | U98: Directa | V98: No disminuye | W98: =_xlfn.IFS(AND(T98=DATOS!$S$5,U98=DATOS!$X$2),2,AND(T98=DATOS!$S$5,U98=DATOS!$U$4),0,AND(T98=DATOS!$S$5,U98=DATOS!$U$3),0,AND(T98=DATOS!$S$4,U98=DATOS!$U$2,1),1,AND(T98=DATOS!$S$4,U98=DATOS!$U$4),0,AND(T98=DATOS!$S$4,U98=DATOS!$U$3),0,AND(T98=DATOS!$S$2,U98=DATOS!$U$4),0) -> 2 | X98: =_xlfn.IFS(AND(T98=DATOS!$S$5,V98=DATOS!$U$2),2,AND(T98=DATOS!$S$5,V98=DATOS!$U$4),0,AND(T98=DATOS!$S$5,V98=DATOS!$U$3),1,AND(T98=DATOS!$S$4,V98=DATOS!$U$2,1),1,AND(T98=DATOS!$S$4,V98=DATOS!$U$4),0,AND(T98=DATOS!$S$4,V98=DATOS!$U$3),0,AND(T98=DATOS!$S$2,V98=DATOS!$U$4),0) -> 0 | Y98: =L98-W98 -> -1 | Z98: =M98-X98 -> 4 | AA98: =_xlfn.IFS(AND(Y98=0),1,AND(Y98=1),1,AND(Y98=2),2,AND(Y98=3),3,AND(Y98=4),4,AND(Y98=5),5,AND(Y98=-1),1) -> 1 | AB98: =_xlfn.IFS(AND(Z98=0),1,AND(Z98=1),1,AND(Z98=2),2,AND(Z98=3),3,AND(Z98=4),4,AND(Z98=5),5,AND(Z98=-1),1) -> 4 | AC98: =INDEX(DATOS!$J$4:$N$8,Mapa!AA98:AA100,Mapa!AB98:AB100) -> Alta | AD98: =_xlfn.IFS(AC98=DATOS!$O$2,DATOS!$P$2,AC98=DATOS!$O$3,DATOS!$P$3,AC98=DATOS!$O$4,DATOS!$P$4,AC98=DATOS!$O$5,DATOS!$P$5) -> Reducir, evitar, Compartir o transferir el riesgo | AE98: Reducir el riesgo | AF98: Implementación del plan de bienestar e incentivos. Implementación del procedimiento de selección de personal Continuar con la aplicación de controles | AG98: Dirección Ejecutiva- Líder Administrativo | AH98: 45665 | AI98: 46022 | AJ98: Semestral | AK98: # Casos presentados | AL98: Procesos disciplinarios adelantados contra empleados | AM98: 1. Activar protocolo interno de atención de denuncias, garantizando confidencialidad, trazabilidad y protección del denunciante. 2. Convocar inmediatamente al Comité de Ética. 3. Realizar investigación interna documentada, con cronograma, responsables y entrevistas. 4. Aplicar medidas disciplinarias o administrativas si corresponde, conforme al régimen interno y normativo. 5. Elaborar informe de cierre del caso con lecciones aprendidas y acciones preventivas a futuro. 6. Refrescar la comunicación sobre el canal ético y el compromiso de la entidad con la transparencia. | AN98: NO | AO98: No aplica | AP98: No aplica
D99: Todos los procesos | F99: Corrupción | G99: Cumplimiento | O99: Se cuenta con el plan de capacitación, manual Específico de Funciones. La Empresa cuenta con procedimiento y Guía de contratación adoptado y divulgado. Se cuenta con los formatos necesarios para llevar a cabo contratos. Se cuenta con un formato para la supervisión de los contratos. | P99: Son efectivos y están documentados | Q99: =_xlfn.IFS(P99=DATOS!$R$2,DATOS!$S$2,P99=DATOS!$R$3,DATOS!$S$3,P99=DATOS!$R$4,DATOS!$S$4,P99=DATOS!$R$5,DATOS!$S$5,P99=DATOS!$R$6,DATOS!$S$6) -> Fuerte | R99: =_xlfn.IFS(Q99=DATOS!$S$2,DATOS!$T$2,Q99=DATOS!$S$4,DATOS!$T$4,Q99=DATOS!$S$5,DATOS!$T$5,Q99=DATOS!$S$6,DATOS!$T$6) -> 100
D100: Todos los procesos | F100: Corrupción | G100: Cumplimiento | O100: Se cuenta con el proceso Administrativo para adelantar las investigaciones correspondientes por denuncias efectuadas, así como con Reglamento Interno de Trabajo, con procesos y procedimientos establecidos. | P100: Son efectivos y están documentados | Q100: =_xlfn.IFS(P100=DATOS!$R$2,DATOS!$S$2,P100=DATOS!$R$3,DATOS!$S$3,P100=DATOS!$R$4,DATOS!$S$4,P100=DATOS!$R$5,DATOS!$S$5,P100=DATOS!$R$6,DATOS!$S$6) -> Fuerte | R100: =_xlfn.IFS(Q100=DATOS!$S$2,DATOS!$T$2,Q100=DATOS!$S$4,DATOS!$T$4,Q100=DATOS!$S$5,DATOS!$T$5,Q100=DATOS!$S$6,DATOS!$T$6) -> 100
C101: 33 | D101: Direccionamiento Estratégico | E101: TRÁFICO DE INFLUENCIAS (favorecimiento a terceros) | F101: Corrupción | G101: Cumplimiento | H101: No aplica | I101: No aplica | J101: Ejercer cualquier clase de coacción sobre servidores públicos o sobre particulares que ejerzan funciones públicas invocando influencias reales o simuladas, para obtener provecho personal o para terceros, o para que procedan en determinado sentido (nombramientos irregulares, nepotismo). Uso excesivo del poder Desconocimiento de los procedimientos y normativas | K101: Incumplimiento de objetivos y metas institucionales Sanciones disciplinarias, fiscales y/o penales. | L101: 1 | M101: 4 | N101: =INDEX(DATOS!$J$4:$N$8,Mapa!L101:L103,Mapa!M101:M103) -> Alta | O101: Se cuenta con el programa de transparencia empresarial, el código de ética y buen gobierno corporativo y las auditorias internas. | P101: Son efectivos y están documentados | Q101: =_xlfn.IFS(P101=DATOS!$R$2,DATOS!$S$2,P101=DATOS!$R$3,DATOS!$S$3,P101=DATOS!$R$4,DATOS!$S$4,P101=DATOS!$R$5,DATOS!$S$5,P101=DATOS!$R$6,DATOS!$S$6) -> Fuerte | R101: =_xlfn.IFS(Q101=DATOS!$S$2,DATOS!$T$2,Q101=DATOS!$S$4,DATOS!$T$4,Q101=DATOS!$S$5,DATOS!$T$5,Q101=DATOS!$S$6,DATOS!$T$6) -> 100 | S101: =AVERAGE(R101:R103) -> 100 | T101: =IF(S101>=100,"Fuerte",IF(OR(S101=99,S101>=50),"Moderado","Débil")) -> Fuerte | U101: Directa | V101: No disminuye | W101: =_xlfn.IFS(AND(T101=DATOS!$S$5,U101=DATOS!$X$2),2,AND(T101=DATOS!$S$5,U101=DATOS!$U$4),0,AND(T101=DATOS!$S$5,U101=DATOS!$U$3),0,AND(T101=DATOS!$S$4,U101=DATOS!$U$2,1),1,AND(T101=DATOS!$S$4,U101=DATOS!$U$4),0,AND(T101=DATOS!$S$4,U101=DATOS!$U$3),0,AND(T101=DATOS!$S$2,U101=DATOS!$U$4),0) -> 2 | X101: =_xlfn.IFS(AND(T101=DATOS!$S$5,V101=DATOS!$U$2),2,AND(T101=DATOS!$S$5,V101=DATOS!$U$4),0,AND(T101=DATOS!$S$5,V101=DATOS!$U$3),1,AND(T101=DATOS!$S$4,V101=DATOS!$U$2,1),1,AND(T101=DATOS!$S$4,V101=DATOS!$U$4),0,AND(T101=DATOS!$S$4,V101=DATOS!$U$3),0,AND(T101=DATOS!$S$2,V101=DATOS!$U$4),0) -> 0 | Y101: =L101-W101 -> -1 | Z101: =M101-X101 -> 4 | AA101: =_xlfn.IFS(AND(Y101=0),1,AND(Y101=1),1,AND(Y101=2),2,AND(Y101=3),3,AND(Y101=4),4,AND(Y101=5),5,AND(Y101=-1),1) -> 1 | AB101: =_xlfn.IFS(AND(Z101=0),1,AND(Z101=1),1,AND(Z101=2),2,AND(Z101=3),3,AND(Z101=4),4,AND(Z101=5),5,AND(Z101=-1),1) -> 4 | AC101: =INDEX(DATOS!$J$4:$N$8,Mapa!AA101:AA103,Mapa!AB101:AB103) -> Alta | AD101: =_xlfn.IFS(AC101=DATOS!$O$2,DATOS!$P$2,AC101=DATOS!$O$3,DATOS!$P$3,AC101=DATOS!$O$4,DATOS!$P$4,AC101=DATOS!$O$5,DATOS!$P$5) -> Reducir, evitar, Compartir o transferir el riesgo | AE101: Reducir el riesgo | AF101: 1. Implementación del plan de bienestar e incentivos. 2. Implementación del procedimiento de selección de personal. 3. Implementación del código de ética y buen gobierno del CONTE Continuar con la aplicación de controles | AG101: Dirección Ejecutiva- Líder Administrativo | AH101: 45665 | AI101: 46022 | AJ101: Semestral | AK101: # Casos presentados | AL101: Procesos disciplinarios adelantados contra empleados | AM101: 1. Activar protocolo interno de atención de denuncias, garantizando confidencialidad, trazabilidad y protección del denunciante. 2. Convocar inmediatamente al Comité de Ética. 3. Realizar investigación interna documentada, con cronograma, responsables y entrevistas. 4. Aplicar medidas disciplinarias o administrativas si corresponde, conforme al régimen interno y normativo. 5. Elaborar informe de cierre del caso con lecciones aprendidas y acciones preventivas a futuro. 6. Refrescar la comunicación sobre el canal ético y el compromiso de la entidad con la transparencia. | AN101: NO | AO101: No aplica | AP101: No aplica
D102: Administrativo | F102: Corrupción | G102: Cumplimiento | O102: Se cuenta con un formato para realizar la comparación de las propuestas recibidas para el proceso contractual (selección de proveedores). Se cuenta con el formato para realizar el informe de supervisión de los contratos. Se cuenta con los formatos necesarios para dar seguimiento a los procesos contractuales de los cuales es asignado como supervisor. | P102: Son efectivos y están documentados | Q102: =_xlfn.IFS(P102=DATOS!$R$2,DATOS!$S$2,P102=DATOS!$R$3,DATOS!$S$3,P102=DATOS!$R$4,DATOS!$S$4,P102=DATOS!$R$5,DATOS!$S$5,P102=DATOS!$R$6,DATOS!$S$6) -> Fuerte | R102: =_xlfn.IFS(Q102=DATOS!$S$2,DATOS!$T$2,Q102=DATOS!$S$4,DATOS!$T$4,Q102=DATOS!$S$5,DATOS!$T$5,Q102=DATOS!$S$6,DATOS!$T$6) -> 100
D103: Administrativo | F103: Corrupción | G103: Cumplimiento | O103: Se cuenta con un Reglamento Interno de Trabajo, el cual debe cumplirse. Se cuenta con el proceso Administrativo para adelantar las investigaciones correspondientes por denuncias efectuadas. | P103: Son efectivos y están documentados | Q103: =_xlfn.IFS(P103=DATOS!$R$2,DATOS!$S$2,P103=DATOS!$R$3,DATOS!$S$3,P103=DATOS!$R$4,DATOS!$S$4,P103=DATOS!$R$5,DATOS!$S$5,P103=DATOS!$R$6,DATOS!$S$6) -> Fuerte | R103: =_xlfn.IFS(Q103=DATOS!$S$2,DATOS!$T$2,Q103=DATOS!$S$4,DATOS!$T$4,Q103=DATOS!$S$5,DATOS!$T$5,Q103=DATOS!$S$6,DATOS!$T$6) -> 100
C104: 34 | D104: Todos los procesos | E104: UTILIZACIÓN DE INFORMACIÓN PRIVILEGIADA | F104: Corrupción | G104: Cumplimiento | H104: No aplica | I104: No aplica | J104: Realizar uso indebido como funcionario, colaborador, contratista, directivo o miembro del Consejo Directivo del CONTE de información que haya conocido por razón o con ocasión de sus funciones, con el fin de obtener provecho para sí o para un tercero, sea esta persona natural o jurídica Uso excesivo del poder Desconocimiento de los procedimientos y normativas | K104: Incumplimiento de objetivos y metas institucionales Sanciones disciplinarias, fiscales y/o penales. | L104: 1 | M104: 3 | N104: =INDEX(DATOS!$J$4:$N$8,Mapa!L104:L106,Mapa!M104:M106) -> Moderada | O104: Se cuenta con el programa de transparencia empresarial, el código de ética y buen gobierno corporativo y las auditorias internas. | P104: Son efectivos y están documentados | Q104: =_xlfn.IFS(P104=DATOS!$R$2,DATOS!$S$2,P104=DATOS!$R$3,DATOS!$S$3,P104=DATOS!$R$4,DATOS!$S$4,P104=DATOS!$R$5,DATOS!$S$5,P104=DATOS!$R$6,DATOS!$S$6) -> Fuerte | R104: =_xlfn.IFS(Q104=DATOS!$S$2,DATOS!$T$2,Q104=DATOS!$S$4,DATOS!$T$4,Q104=DATOS!$S$5,DATOS!$T$5,Q104=DATOS!$S$6,DATOS!$T$6) -> 100 | S104: =AVERAGE(R104:R106) -> 100 | T104: =IF(S104>=100,"Fuerte",IF(OR(S104=99,S104>=50),"Moderado","Débil")) -> Fuerte | U104: Directa | V104: No disminuye | W104: =_xlfn.IFS(AND(T104=DATOS!$S$5,U104=DATOS!$X$2),2,AND(T104=DATOS!$S$5,U104=DATOS!$U$4),0,AND(T104=DATOS!$S$5,U104=DATOS!$U$3),0,AND(T104=DATOS!$S$4,U104=DATOS!$U$2,1),1,AND(T104=DATOS!$S$4,U104=DATOS!$U$4),0,AND(T104=DATOS!$S$4,U104=DATOS!$U$3),0,AND(T104=DATOS!$S$2,U104=DATOS!$U$4),0) -> 2 | X104: =_xlfn.IFS(AND(T104=DATOS!$S$5,V104=DATOS!$U$2),2,AND(T104=DATOS!$S$5,V104=DATOS!$U$4),0,AND(T104=DATOS!$S$5,V104=DATOS!$U$3),1,AND(T104=DATOS!$S$4,V104=DATOS!$U$2,1),1,AND(T104=DATOS!$S$4,V104=DATOS!$U$4),0,AND(T104=DATOS!$S$4,V104=DATOS!$U$3),0,AND(T104=DATOS!$S$2,V104=DATOS!$U$4),0) -> 0 | Y104: =L104-W104 -> -1 | Z104: =M104-X104 -> 3 | AA104: =_xlfn.IFS(AND(Y104=0),1,AND(Y104=1),1,AND(Y104=2),2,AND(Y104=3),3,AND(Y104=4),4,AND(Y104=5),5,AND(Y104=-1),1) -> 1 | AB104: =_xlfn.IFS(AND(Z104=0),1,AND(Z104=1),1,AND(Z104=2),2,AND(Z104=3),3,AND(Z104=4),4,AND(Z104=5),5,AND(Z104=-1),1) -> 3 | AC104: =INDEX(DATOS!$J$4:$N$8,Mapa!AA104:AA106,Mapa!AB104:AB106) -> Moderada | AD104: =_xlfn.IFS(AC104=DATOS!$O$2,DATOS!$P$2,AC104=DATOS!$O$3,DATOS!$P$3,AC104=DATOS!$O$4,DATOS!$P$4,AC104=DATOS!$O$5,DATOS!$P$5) -> Asumir o reducir el riesgo | AE104: Reducir el riesgo | AF104: 1. Implementación del plan de bienestar e incentivos. 2. Implementación del procedimiento de selección de personal. 3. Implementación del código de ética y buen gobierno del CONTE. Continuar con la aplicación de controles | AG104: Dirección Ejecutiva- Líder Administrativo | AH104: 45665 | AI104: 46022 | AJ104: Semestral | AK104: # Casos presentados | AL104: Procesos disciplinarios adelantados contra empleados | AM104: 1. Activar protocolo interno de atención de denuncias, garantizando confidencialidad, trazabilidad y protección del denunciante. 2. Convocar inmediatamente al Comité de Ética. 3. Realizar investigación interna documentada, con cronograma, responsables y entrevistas. 4. Aplicar medidas disciplinarias o administrativas si corresponde, conforme al régimen interno y normativo. 5. Elaborar informe de cierre del caso con lecciones aprendidas y acciones preventivas a futuro. 6. Refrescar la comunicación sobre el canal ético y el compromiso de la entidad con la transparencia. | AN104: NO | AO104: No aplica | AP104: No aplica
...

Sheet Analisis Riesgos
A2: RIESGOS POR PROCESO | K2: VOLVER A INICIO
A4: Proceso | B4: No de Riesgos Identificados | C4: %
A5: Todos los procesos | B5: 11 | C5: 0.26002506
A6: Direccionamiento Estratégico | B6: 10 | C6: 0.10463659
A7: Administrativo | B7: 9 | C7: 0.15538847
A8: Control y Mejora Continua | B8: 8 | C8: 0.062030075
A9: Financiero | B9: 5 | C9: 0.081453634
A10: Procesos Disciplinarios | B10: 4 | C10: 0.10776942
A11: Tecnología | B11: 4 | C11: 0.093984962
A12: Producción de matriculas | B12: 3 | C12: 0.078947368
A13: Fomento Educativo | B13: 2 | C13: 0.055764411
A14: Total general | B14: 56 | C14: 1
A28: TIPOS DE RIESGOS IDENTIFICADOS
A29: TIPOS DE RIESGOS IDENTIFICADOS | B29: No de Riesgos Identificados | C29: %
A30: Gestión | B30: 46 | C30: 0.78822055
A31: Corrupción | B31: 7 | C31: 0.14035088
A32: Seguridad de la Información | B32: 3 | C32: 0.071428571
A33: Total general | B33: 56 | C33: 1
A36: RIESGOS POR CLASIFICACIÓN
A37: Clasificación del Riesgo | B37: Cuenta de ID | C37: %
A38: Cumplimiento | B38: 22 | C38: 0.47055138
A39: SST | B39: 5 | C39: 0.11716792
A40: Operativo | B40: 8 | C40: 0.10213033
A41: Financiero | B41: 5 | C41: 0.09962406
A42: Estratégico | B42: 9 | C42: 0.093358396
A43: Información | B43: 5 | C43: 0.079573935
A44: Imagen | B44: 2 | C44: 0.037593985
A45: Total general | B45: 56 | C45: 1

Sheet Analisis Materialización
A2: NIVEL DE RIESGOS RESIDUALES
A3: NIVEL DE RIESGOS RESIDUALES | B3: No de Riesgos Identificados | C3: % | K3: VOLVER A INICIO
A4: Baja | B4: 25 | C4: 0.38408521
A5: Moderada | B5: 23 | C5: 0.47556391
A6: Alta | B6: 6 | C6: 0.098370927
A7: Extrema | B7: 2 | C7: 0.04197995
A8: Total general | B8: 56 | C8: 1
A12: SOLIDEZ DE CONTROLES
A13: SOLIDEZ DE CONTROLES | B13: No Riesgos Identificados | C13: %
A14: Fuerte | B14: 47 | C14: 0.90485695
A15: Moderado | B15: 5 | C15: 0.095143047
A16: Total general | B16: 52 | C16: 1
A21: MATERIALIZACIÓN DE RIESGOS
A22: MATERIALIZACIÓN DE RIESGOS | B22: No de Riesgos Identificados | C22: %
A23: NO | B23: 50 | C23: 0.87969925
A24: SI | B24: 6 | C24: 0.12030075
A25: Total general | B25: 56 | C25: 1
A29: Materialización del Riesgo? | B29: SI
A31: Proceso | B31: No Riesgos Materializados
A32: Todos los procesos | B32: 2
A33: Producción de matriculas | B33: 2
A34: Control y Mejora Continua | B34: 1
A35: Fomento Educativo | B35: 1
A36: Total general | B36: 6

Sheet DATOS
A1: PROCESOS | B1: TIPO DE RIESGO | C1: CLASES DE RIESGO | E1: Probabilidad | G1: Impacto | J1: IMPACTO | O1: ZONA RIESGO | P1: Opciones de manejo | Q1: Estrategia de Manejo | R1: Evaluación controles | S1: Solidez Individual Control | T1: Calificación Solidez | U1: Disminucion Probabilidad/Impacto | V1: Periodo de Seguimiento | W1: Solidez Conjunto | X1: Disminución Probabilidad | Y1: Disminución Impacto | Z1: # Columnas que disminuye Probabilidad | AA1: # Columnas que disminuye Impacto | AB1: Materialización del Riesgo | AC1: Clasificación seguridad digital | AD1: Ley 1712 de 2014 | AE1: Ley 1581 de 2012 | AF1: CRITICIDAD POR CONFIDENCIALIDAD | AG1: CRITICIDAD POR INTEGRIDAD | AH1: CRITICIDAD POR DISPONIBILIDAD | AI1: Amenazas | AJ1: Vulnerabilidades
A2: Direccionamiento Estratégico | B2: Gestión | C2: Estratégico | E2: Casi seguro | F2: 5 | G2: Catastrófico | H2: 5 | O2: Extrema | P2: Evitar, reducir, Compartir o transferir el riesgo | Q2: Asumir el riesgo | R2: No existen | S2: Débil | T2: 0 | U2: Directa | V2: Diario | W2: Fuerte | X2: Directa | Y2: directamente | Z2: 2 | AA2: 2 | AB2: SI | AC2: Información | AD2: Información Pública Clasificada | AE2: Contiene Datos Personales | AF2: Información Pública Clasificada | AG2: Alta | AH2: Alta | AI2: Fuego | AJ2: Mantenimiento insuficiente
A3: Administrativo | B3: Corrupción | C3: Operativo | E3: Probable | F3: 4 | G3: Mayor | H3: 4 | I3: PROBABILIDAD | J3: Insignificante (1) | K3: Menor (2) | L3: Moderado (3) | M3: Mayor (4) | N3: Catastrófico (5) | O3: Alta | P3: Reducir, evitar, Compartir o transferir el riesgo | Q3: Reducir el riesgo | R3: Están documentados pero No son efectivos | S3: Débil | T3: 0 | U3: Indirectamente | V3: Semanal | W3: Fuerte | X3: Directa | Y3: indirectamente | Z3: 2 | AA3: 1 | AB3: NO | AC3: Software | AD3: Información Pública | AE3: No Contiene Datos Personales | AF3: Información Pública | AG3: Media | AH3: Media | AI3: Agua | AJ3: Ausencia de esquemas de reemplazo periódico
A4: Control y Mejora Continua | B4: Seguridad de la Información | C4: Financiero | E4: Posible | F4: 3 | G4: Moderado | H4: 3 | I4: Raro (1) | J4: Baja | K4: Baja | L4: Moderada | M4: Alta | N4: Extrema | O4: Moderada | P4: Asumir o reducir el riesgo | Q4: Evitar el riesgo | R4: Son efectivos pero no están documentados | S4: Moderado | T4: 50 | U4: No disminuye | V4: Bimensual | W4: Fuerte | X4: Directa | Y4: no disminuye | Z4: 2 | AA4: 0 | AC4: Hardware | AD4: Información Pública Reservada | AF4: Información Pública Reservada | AG4: Baja | AH4: Baja | AI4: Fenómenos climáticos | AJ4: Sensibilidad a la radiación electromagnética
A5: Financiero | B5: Seguridad Vial | C5: Tecnologicos | E5: Improbable | F5: 2 | G5: Menor | H5: 2 | I5: Improbable (2) | J5: Baja | K5: Baja | L5: Moderada | M5: Alta | N5: Extrema | O5: Baja | P5: Asumir el riesgo | Q5: Compartir o transferir el riesgo | R5: Son efectivos y están documentados | S5: Fuerte | T5: 100 | V5: Mensual | W5: Fuerte | X5: no disminuye | Y5: directamente | Z5: 0 | AA5: 2 | AC5: Servicios | AD5: No Clasificada | AF5: No Clasificada | AG5: No Clasificada | AH5: No Clasificada | AI5: Fenómenos sísmicos | AJ5: Susceptibilidad a las variaciones de temperatura (o al polvo y suciedad)
A6: Fomento Educativo | C6: Cumplimiento | E6: Rara vez | F6: 1 | G6: Insignificante | H6: 1 | I6: Moderado (3) | J6: Baja | K6: Moderada | L6: Alta | M6: Extrema | N6: Extrema | S6: Vacía | T6: Vacía | V6: Bimestral | W6: moderado | X6: directamente | Y6: directamente | Z6: 1 | AA6: 1 | AC6: Intangibles | AI6: Fallas en el sistema de suministro de agua | AJ6: Almacenamiento sin protección
A7: Procesos Disciplinarios | C7: Imagen | I7: Probable (4) | J7: Moderada | K7: Alta | L7: Alta | M7: Extrema | N7: Extrema | V7: Trimestral | W7: moderado | X7: directamente | Y7: Indirectamente | Z7: 1 | AA7: 0 | AC7: Componentes de red | AI7: Fallas en el suministro de aire acondicionado | AJ7: Falta de cuidado en la disposición final
A8: Producción de matriculas | C8: Información | I8: Casi certeza (5) | J8: Alta | K8: Alta | L8: Extrema | M8: Extrema | N8: Extrema | V8: Cuatrimestral | W8: moderado | X8: directamente | Y8: no disminuye | Z8: 1 | AA8: 0 | AC8: Personas | AI8: Radiación electromagnética | AJ8: Copia no controlada
A9: Tecnologia | C9: Ambiental | V9: Semestral | W9: moderado | X9: no disminuye | Y9: directamente | Z9: 0 | AA9: 1 | AC9: Instalaciones | AI9: Radiación térmica | AJ9: Ausencia o insuficiencia de pruebas de software
A10: Todos los procesos | C10: SST | V10: Anual | W10: Débil | X10: Directa | Y10: directamente | Z10: 1 | AA10: 1 | AI10: Interceptación de servicios de señales de interferencia comprometida | AJ10: Ausencia de terminación de sesión
W11: Débil | X11: Directa | Y11: Indirectamente | Z11: 1 | AA11: 0 | AI11: Espionaje remoto | AJ11: Ausencia de registros de auditoría
W12: Débil | X12: Directa | Y12: no disminuye | Z12: 1 | AA12: 0 | AI12: Fallas del equipo | AJ12: Asignación errada de los derechos de acceso
W13: Débil | X13: no disminuye | Y13: directamente | Z13: 0 | AA13: 1 | AI13: Mal funcionamiento del equipo | AJ13: Interfaz de usuario compleja
AI14: Saturación del sistema de información | AJ14: Ausencia de documentación
AI15: Mal funcionamiento del software | AJ15: Fechas incorrectas
AI16: Incumplimiento en el mantenimiento del sistema de información | AJ16: Ausencia de mecanismos de identificación y autenticación de usuarios
AI17: Uso no autorizado del equipo | AJ17: Contraseñas sin protección
AI18: Copia fraudulenta del software | AJ18: Software nuevo o inmaduro
AI19: Error en el uso o abuso de derechos | AJ19: Ausencia de pruebas de envío o recepción de mensajes
AI20: Falsificación de derechos | AJ20: Líneas de comunicación sin protección
AI21: Pirata informático, intruso ilegal | AJ21: Conexión deficiente de cableado
AI22: Criminal de la computación | AJ22: Tráfico sensible sin protección
AI23: Terrorismo | AJ23: Punto único de falla
AI24: Espionaje industrial (inteligencia, empresas, gobiernos extranjeros, otros intereses) | AJ24: Ausencia del personal
AI25: Intrusos (empleados con entrenamiento deficiente, descontentos, malintencionados, negligentes, deshonestos o despedidos) | AJ25: Entrenamiento insuficiente
AJ26: Falta de conciencia en seguridad
AJ27: Ausencia de políticas de uso aceptable
AJ28: Trabajo no supervisado de personal externo o de limpieza
AJ29: Uso inadecuado de los controles de acceso al edificio
AJ30: Áreas susceptibles a inundación
AJ31: Red eléctrica inestable
AJ32: Ausencia de protección en puertas o ventanas
AJ33: Ausencia de procedimiento de registro/retiro de usuarios
AJ34: Ausencia de proceso para supervisión de derechos de acceso
AJ35: Ausencia de control de los activos que se encuentran fuera de las instalaciones
AJ36: Ausencia de acuerdos de nivel de servicio (ANS o SLA)
AJ37: Ausencia de mecanismos de monitoreo para brechas en la seguridad
AJ38: Ausencia de procedimientos y/o de políticas en general (esto aplica para muchas actividades que la entidad no tenga documentadas y formalizadas como uso aceptable de activos, control de cambios, valoración de riesgos, escritorio y pantalla limpia entre otros)
